Workbook
Name in_deal_name: 'Summary & Assumptions'!$C$6
Name in_deal_address: 'Summary & Assumptions'!$C$7
Name in_deal_city: 'Summary & Assumptions'!$C$8
Name in_deal_state: 'Summary & Assumptions'!$C$9
Name in_deal_zip: 'Summary & Assumptions'!$C$10
Name in_deal_units: 'Summary & Assumptions'!$C$11
Name in_deal_year_built: 'Summary & Assumptions'!$C$12
Name in_deal_year_renovated: 'Summary & Assumptions'!$C$13
Name in_deal_floors: 'Summary & Assumptions'!$C$14
Name in_deal_occupied_units: 'Summary & Assumptions'!$C$15
Name in_deal_rentable_sf: 'Summary & Assumptions'!$C$16
Name in_deal_purchase_price: 'Summary & Assumptions'!$H$6
Name out_deal_cap_in: 'Summary & Assumptions'!$H$7
Name in_acq_op_reserve_pct: 'Summary & Assumptions'!$H$8
Name out_acq_op_reserve_usd: 'Summary & Assumptions'!$I$8
Name in_acq_legal: 'Summary & Assumptions'!$H$9
Name in_acq_dd: 'Summary & Assumptions'!$H$10
Name in_acq_add1: 'Summary & Assumptions'!$H$11
Name in_acq_add2: 'Summary & Assumptions'!$T$9
Name in_acq_add3: 'Summary & Assumptions'!$T$10
Name out_acq_fee_usd: 'Summary & Assumptions'!$H$12
Name out_acq_total_costs: 'Summary & Assumptions'!$H$13
Name in_exit_basis: 'Summary & Assumptions'!$M$6
Name out_exit_noi_basis: 'Summary & Assumptions'!$M$7
Name in_exit_cap_rate: 'Summary & Assumptions'!$M$8
Name out_exit_price: 'Summary & Assumptions'!$N$8
Name in_exit_selling_pct: 'Summary & Assumptions'!$M$9
Name in_exit_transfer_pct: 'Summary & Assumptions'!$M$10
Name in_exit_broker_pct: 'Summary & Assumptions'!$M$11
Name in_deal_months_to_close: 'Summary & Assumptions'!$C$21
Name out_deal_start_date: 'Summary & Assumptions'!$C$22
Name in_deal_hold_years: 'Summary & Assumptions'!$C$23
Name out_deal_exit_date: 'Summary & Assumptions'!$C$24
Name in_ltl_capture_months: 'Summary & Assumptions'!$C$26
Name in_stabilization_months: 'Summary & Assumptions'!$C$27
Name out_unlev_emx: 'Summary & Assumptions'!$G$23
Name out_lev_emx: 'Summary & Assumptions'!$H$23
Name out_simple_return: 'Summary & Assumptions'!$H$24
Name out_avg_coc: 'Summary & Assumptions'!$H$25
Name in_debt_senior_include: 'Summary & Assumptions'!$C$31
Name in_debt_mezz_include: 'Summary & Assumptions'!$D$31
Name in_debt_refi_include: 'Summary & Assumptions'!$E$31
Name in_debt_c1_include: 'Summary & Assumptions'!$F$31
Name in_debt_c2_include: 'Summary & Assumptions'!$G$31
Name in_debt_c3_include: 'Summary & Assumptions'!$H$31
Name in_debt_senior_sizing: 'Summary & Assumptions'!$C$32
Name in_debt_mezz_sizing: 'Summary & Assumptions'!$D$32
Name in_debt_refi_sizing: 'Summary & Assumptions'!$E$32
Name in_debt_c1_sizing: 'Summary & Assumptions'!$F$32
Name in_debt_c2_sizing: 'Summary & Assumptions'!$G$32
Name in_debt_c3_sizing: 'Summary & Assumptions'!$H$32
Name in_debt_senior_amount: 'Summary & Assumptions'!$C$33
Name in_debt_mezz_amount: 'Summary & Assumptions'!$D$33
Name in_debt_refi_amount: 'Summary & Assumptions'!$E$33
Name in_debt_c1_amount: 'Summary & Assumptions'!$F$33
Name in_debt_c2_amount: 'Summary & Assumptions'!$G$33
Name in_debt_c3_amount: 'Summary & Assumptions'!$H$33
Name in_debt_senior_ltv: 'Summary & Assumptions'!$C$35
Name in_debt_mezz_ltv: 'Summary & Assumptions'!$D$35
Name in_debt_refi_ltv: 'Summary & Assumptions'!$E$35

Sheet Summary & Assumptions
D1: =IF('Summary & Assumptions'!$C$6="",IFERROR(LEFT('Summary & Assumptions'!$C$7,FIND(",",'Summary & Assumptions'!$C$7)-1),'Summary & Assumptions'!$C$7),'Summary & Assumptions'!$C$6)&", "&'Summary & Assumptions'!$C$8&", "&'Summary & Assumptions'!$C$9&" - "&'Summary & Assumptions'!$C$11&" Units - Built in "&'Summary & Assumptions'!$C$12
B2: Summary | D2: View Dashboard on Slung
B3: Blue cells are inputs. Expand +/− groups for advanced detail.
B5: Property Overview | F5: Acquisition | K5: Exit & Disposition
B6: Name | F6: Purchase Price | H6: =IFERROR('P&L'!$Z$69/0.055,0) | K6: Exit Valuation Basis | M6: Forward NOI
B7: Address | F7: Going-in Cap Rate (Selected NOI) | H7: =IFERROR(CashFlow!$D$57,0) | K7: Exit Year NOI (per basis) | M7: =IF('Summary & Assumptions'!$M$6="Forward NOI",'CashFlow'!$D$61,'CashFlow'!$D$62)
B8: City | F8: Operating Reserve (% of price) | H8: 0.01 | I8: ='Summary & Assumptions'!$H$8*'Summary & Assumptions'!$H$6 | K8: Exit Cap Rate | Exit Price | M8: 0.0525 | N8: =IFERROR('Summary & Assumptions'!$M$7/'Summary & Assumptions'!$M$8,0)
B9: State | F9: Legal Fees | H9: 10000 | K9: Selling Costs (% of price) | M9: 0.005 | N9: =-'Summary & Assumptions'!$M$9*'Summary & Assumptions'!$N$8 | S9: Additional #2 (advanced) | T9: 0
B10: Zip Code | F10: Due Diligence Costs | H10: 10000 | K10: Transfer Tax | M10: =IF('Summary & Assumptions'!$C$9="WA",'WA REET Calculation'!$E$26,0.01) | N10: =-'Summary & Assumptions'!$M$10*'Summary & Assumptions'!$N$8 | S10: Additional #3 (advanced) | T10: 0
B11: Units | Price per unit | D11: =IFERROR('Summary & Assumptions'!$H$6/'Summary & Assumptions'!$C$11,0) | F11: Additional #1 | H11: 0 | K11: Broker Commission (% of price) | M11: 0.015 | N11: =-'Summary & Assumptions'!$M$11*'Summary & Assumptions'!$N$8
B12: Year Built | F12: Acquisition Fee (see Fees) | H12: ='Investor Waterfall'!$H$6*'Summary & Assumptions'!$H$6 | K12: Net Sales Price | N12: =SUM(N8:N11)
B13: Year Renovated | F13: Acquisition Costs | H13: ='Summary & Assumptions'!$I$8+'Summary & Assumptions'!$H$9+'Summary & Assumptions'!$H$10+'Summary & Assumptions'!$H$11+'Summary & Assumptions'!$T$9+'Summary & Assumptions'!$T$10+'Summary & Assumptions'!$H$12
B14: Floors | F14: Loan Fee | H14: ='Summary & Assumptions'!$H$68 | K14: Loan Payoff | N14: =-(N12-N15)
B15: Occupied Units | F15: Renovation Cost | H15: ='Renovation'!$F$16 | K15: Net Sales Proceeds after Debt | N15: =SUM(CashFlow!$F$37:$T$37)
B16: Rentable SF | Price per SF | D16: =IFERROR('Summary & Assumptions'!$H$6/'Summary & Assumptions'!$C$16,0) | F16: Total Project Cost | H16: ='Summary & Assumptions'!$H$6+'Summary & Assumptions'!$H$13+'Summary & Assumptions'!$H$68+'Renovation'!$F$16
F17: Total Equity | H17: =H16-H18-'Renovation'!$D$34
F18: Total Debt | H18: ='Summary & Assumptions'!$C$68+'Summary & Assumptions'!$C$69+'Summary & Assumptions'!$C$70
B20: Returns & Timing | K20: Deal Quality
B21: Months Until Close | C21: 3 | G21: Unlevered | H21: Levered | K21: Yield-on-Cost (untrended) | M21: ='CashFlow'!$D$51
B22: Analysis Start Date | C22: =EOMONTH(TODAY(),'Summary & Assumptions'!$C$21)+1 | F22: Project IRR | G22: ='CashFlow'!$D$32 | H22: ='CashFlow'!$D$41 | K22: YoC Spread vs Exit Cap | M22: ='CashFlow'!$D$51-'Summary & Assumptions'!$M$8
B23: Hold Period (years) | C23: 7 | F23: Equity Multiple | G23: =IF(OR('Summary & Assumptions'!$H$6<=0,'P&L'!$Z$69<=0),0,IFERROR(SUMIF(CashFlow!$E$31:$T$31,">0")/-SUMIF(CashFlow!$E$31:$T$31,"<0"),0)) | H23: =IF(OR('Summary & Assumptions'!$H$6<=0,'P&L'!$Z$69<=0),0,IFERROR(SUMIF(CashFlow!$E$40:$T$40,">0")/-SUMIF(CashFlow!$E$40:$T$40,"<0"),0)) | K23: Yield-on-Cost (trended) | M23: ='CashFlow'!$D$52
B24: Exit Date | C24: =EDATE('Summary & Assumptions'!$C$22,'Summary & Assumptions'!$C$23*12)-1 | F24: Simple Avg Return | H24: =IF(OR('Summary & Assumptions'!$H$6<=0,'P&L'!$Z$69<=0),0,IFERROR(('Summary & Assumptions'!$H$23-1)/MAX(1,'Summary & Assumptions'!$C$23),0)) | K24: Reno Budget | M24: ='Renovation'!$D$31
B25: Underwriting Scenario Chosen (P&L) | C25: ='P&L'!$AB$4 | F25: Avg Cash-on-Cash | H25: =IF(OR('Summary & Assumptions'!$H$6<=0,'P&L'!$Z$69<=0),0,IFERROR(AVERAGE('CashFlow'!$F$44:$T$44),0)) | K25: Reno Simple ROI | M25: ='Renovation'!$O$16
B26: LTL Capture Period (months) | C26: 12 | F26: LP IRR | H26: ='Investor Waterfall'!$D$45 | K26: Expense Ratio (Yr 1) | M26: =IFERROR(-INDEX('CashFlow'!$F$21:$T$21,1,1)/INDEX('CashFlow'!$F$16:$T$16,1,1),0)
B27: Stabilization Period (months) | C27: 12 | F27: GP IRR | H27: ='Investor Waterfall'!$I$45
B29: Debt | K29: Debt & Risk
C30: Senior | D30: Mezz | E30: Refi | F30: Assumed Loan | G30: Custom 1 | H30: Custom 2 | K30: Loan at Close | M30: ='Summary & Assumptions'!$C$68+'Summary & Assumptions'!$C$69+'Summary & Assumptions'!$C$70
B31: Include? | C31: =IF('Summary & Assumptions'!$F$31="Yes","No","Yes") | D31: No | E31: No | F31: No | G31: No | H31: No | J31: =IF(SUMPRODUCT((C31:H31="Yes")*(C37:H37>0))>0,"← "&SUMPRODUCT((C31:H31="Yes")*(C37:H37>0))&" loan(s) have Start Yr > 0 — the annual model funds ALL included loans in Year 1","") | K31: LTV (loan / price) | M31: =IFERROR(('Summary & Assumptions'!$C$68+'Summary & Assumptions'!$C$69+'Summary & Assumptions'!$C$70)/'Summary & Assumptions'!$H$6,0)
B32: Sizing Method | C32: DSCR | D32: DSCR | E32: DSCR | F32: Loan Amount | G32: DSCR | H32: DSCR | K32: DSCR (Year 1) | M32: =INDEX('CashFlow'!$F$45:$T$45,1,1)
B33: Loan Amount (used only when Sizing Method = Loan Amount) | K33: Debt Yield (Year 1) | M33: =INDEX('CashFlow'!$F$46:$T$46,1,1)
B34: → Resolved Amount (computed from the Sizing Method above) | C34: =MAX(0,IF(C31<>"Yes",0,IF(C32="Loan Amount",N(C33),IF(C32="LTV",C35*'Summary & Assumptions'!$H$6,IFERROR(CashFlow!$F$24/(C36*IF(C47>=1,C40,-PMT(C40/12,C48*12,1)*12)),0))))) | D34: =MAX(0,IF(D31<>"Yes",0,IF(D32="Loan Amount",N(D33),IF(D32="LTV",D35*'Summary & Assumptions'!$H$6,IFERROR(CashFlow!$F$24/(D36*IF(D47>=1,D40,-PMT(D40/12,D48*12,1)*12)),0))))) | E34: =MAX(0,IF(E31<>"Yes",0,IF(E32="Loan Amount",N(E33),IF(E32="LTV",E35*'Summary & Assumptions'!$H$6,IFERROR(CashFlow!$F$24/(E36*IF(E47>=1,E40,-PMT(E40/12,E48*12,1)*12)),0))))) | F34: =MAX(0,IF(F31<>"Yes",0,IF(F32="Loan Amount",N(F33),IF(F32="LTV",F35*'Summary & Assumptions'!$H$6,IFERROR(CashFlow!$F$24/(F36*IF(F47>=1,F40,-PMT(F40/12,F48*12,1)*12)),0))))) | G34: =MAX(0,IF(G31<>"Yes",0,IF(G32="Loan Amount",N(G33),IF(G32="LTV",G35*'Summary & Assumptions'!$H$6,IFERROR(CashFlow!$F$24/(G36*IF(G47>=1,G40,-PMT(G40/12,G48*12,1)*12)),0))))) | H34: =MAX(0,IF(H31<>"Yes",0,IF(H32="Loan Amount",N(H33),IF(H32="LTV",H35*'Summary & Assumptions'!$H$6,IFERROR(CashFlow!$F$24/(H36*IF(H47>=1,H40,-PMT(H40/12,H48*12,1)*12)),0))))) | K34: Break-Even Occupancy | M34: ='CashFlow'!$D$56
B35: LTV (% of price) | C35: 0.6 | K35: Total Equity Required | M35: ='Summary & Assumptions'!$C$73
B36: Min DSCR Constraint (on NOI excl. renovation) | C36: 1.25 | D36: 1.2 | E36: 1.25 | G36: 1.2 | H36: 1.2
B37: Start Year (0 = close) | C37: 0 | E37: 5 | F37: 0
B38: Term (years) | C38: 10
B39: Rate Type | C39: Fixed
B40: Fixed Rate | C40: 0.055
B41: Index | C41: SOFR
B42: Spread
B43: Rate Floor
B44: Rate Cap
B45: Rate Cap Cost ($)
B46: Structure | C46: =IF(C47=0,"Amortizing","IO then Amortizing") | D46: =IF(D47=0,"Amortizing","IO then Amortizing") | E46: =IF(E47=0,"Amortizing","IO then Amortizing") | F46: =IF(F47=0,"Amortizing","IO then Amortizing") | G46: =IF(G47=0,"Amortizing","IO then Amortizing") | H46: =IF(H47=0,"Amortizing","IO then Amortizing")
B47: IO Period (years) | C47: 0
B48: Amortization (years) | C48: 30
B49: Origination Fee % | C49: 0.01
B51: Expand for: Property Taxes, SOFR Index
B52: Property Taxes
B53: Tax Method | C53: Hold T12 + Growth | F53: Effective Tax Rate | H53: =IFERROR(VLOOKUP('Summary & Assumptions'!$C$9,'State Tax Rates'!$B$7:$G$57,2,FALSE)*VLOOKUP('Summary & Assumptions'!$C$9,'State Tax Rates'!$B$7:$G$57,4,FALSE),0.011)
B54: Tax Schedule | C54: Year 0 | D54: Year 1 | E54: Year 2 | F54: Year 3 | G54: Year 4 | H54: Year 5 | I54: Year 6 | J54: Year 7 | K54: Year 8 | L54: Year 9 | M54: Year 10 | N54: Year 11 | O54: Year 12 | P54: Year 13 | Q54: Year 14 | R54: Year 15
B55: Annual Growth | E55: 0.03 | F55: 0.03 | G55: 0.03 | H55: 0.03 | I55: 0.03 | J55: 0.03 | K55: 0.03 | L55: 0.03 | M55: 0.03 | N55: 0.03 | O55: 0.03 | P55: 0.03 | Q55: 0.03 | R55: 0.03
B56: Property Tax ($) | C56: ='P&L'!$U$31 | D56: =IF('P&L'!$Z$31<=0,'P&L'!$Z$31,IF('Summary & Assumptions'!$C$53="Reassess at Purchase (State Rule)",'Summary & Assumptions'!$H$6*'Summary & Assumptions'!$H$53,'P&L'!$Z$31)) | E56: =D56*(1+E55) | F56: =E56*(1+F55) | G56: =F56*(1+G55) | H56: =G56*(1+H55) | I56: =H56*(1+I55) | J56: =I56*(1+J55) | K56: =J56*(1+K55) | L56: =K56*(1+L55) | ... R56: =Q56*(1+R55)
B61: Index Projection (annual avg, used by floating-rate loans)
C62: Yr 1 | D62: Yr 2 | E62: Yr 3 | F62: Yr 4 | G62: Yr 5 | H62: Yr 6 | I62: Yr 7 | J62: Yr 8 | K62: Yr 9 | L62: Yr 10 | M62: Yr 11 | N62: Yr 12 | O62: Yr 13 | P62: Yr 14 | Q62: Yr 15
B63: SOFR / Index Curve | C63: 0.0425 | D63: =C63 | E63: =D63 | F63: =E63 | G63: =F63 | H63: =G63 | I63: =H63 | J63: =I63 | K63: =J63 | ... Q63: =P63
B65: Sources | F65: Uses
B66: GP Equity | C66: =('Summary & Assumptions'!$H$71-'Summary & Assumptions'!$C$68-'Summary & Assumptions'!$C$69-'Summary & Assumptions'!$C$70)*'Investor Waterfall'!$C$6 | F66: Purchase Price | H66: ='Summary & Assumptions'!$H$6
B67: LP Equity | C67: =('Summary & Assumptions'!$H$71-'Summary & Assumptions'!$C$68-'Summary & Assumptions'!$C$69-'Summary & Assumptions'!$C$70)*'Investor Waterfall'!$C$7 | F67: Acquisition Costs | H67: ='Summary & Assumptions'!$H$13
B68: Senior Loan | C68: =IF('Summary & Assumptions'!$C$31="Yes",'Summary & Assumptions'!$C$34,0) | F68: Loan Origination Fees | H68: ='Summary & Assumptions'!$C$49*'Summary & Assumptions'!$C$34
B69: Mezz Loan | C69: =IF('Summary & Assumptions'!$D$31="Yes",'Summary & Assumptions'!$D$34,0) | F69: Reserves Funded at Close | H69: ='Investor Waterfall'!$H$14
B70: Refi + Assumed + Custom Loans (at close) | C70: =IF('Summary & Assumptions'!$E$31="Yes",'Summary & Assumptions'!$E$34,0)+IF('Summary & Assumptions'!$F$31="Yes",'Summary & Assumptions'!$F$34,0)+IF('Summary & Assumptions'!$G$31="Yes",'Summary & Assumptions'!$G$34,0)+IF('Summary & Assumptions'!$H$31="Yes",'Summary & Assumptions'!$H$34,0) | F70: Renovation Reserves (equity-funded) | H70: ='Renovation'!$D$35
B71: Total Sources | C71: =SUM(C66:C70) | F71: Total Uses | H71: =SUM(H66:H70)
B73: Total Equity Required (Uses − Debt) | C73: =MAX(0,'Summary & Assumptions'!$H$71-'Summary & Assumptions'!$C$68-'Summary & Assumptions'!$C$69-'Summary & Assumptions'!$C$70)
B74: Equity at Close (excludes renovation) | C74: ='Summary & Assumptions'!$H$6+'Summary & Assumptions'!$H$13+'Summary & Assumptions'!$H$68+'Summary & Assumptions'!$H$69-'Summary & Assumptions'!$C$68-'Summary & Assumptions'!$C$69-'Summary & Assumptions'!$C$70

Sheet CashFlow
D1: =IF('Summary & Assumptions'!$C$6="",IFERROR(LEFT('Summary & Assumptions'!$C$7,FIND(",",'Summary & Assumptions'!$C$7)-1),'Summary & Assumptions'!$C$7),'Summary & Assumptions'!$C$6)&", "&'Summary & Assumptions'!$C$8&", "&'Summary & Assumptions'!$C$9&" - "&'Summary & Assumptions'!$C$11&" Units - Built in "&'Summary & Assumptions'!$C$12
B2: Cash Flow | D2: View Dashboard on Slung
B3: Everything is on this screen. No engine below — each row reads the rows above it.
B4: Growth Rates (annual)
F5: Yr 1 | G5: Yr 2 | H5: Yr 3 | I5: Yr 4 | J5: Yr 5 | K5: Yr 6 | L5: Yr 7 | M5: Yr 8 | N5: Yr 9 | O5: Yr 10 | P5: After
B6: Residential Rent Growth | F6: 0.03 | G6: 0.03 | H6: 0.03 | I6: 0.03 | J6: 0.03 | K6: 0.03 | L6: 0.03 | M6: 0.03 | N6: 0.03 | O6: 0.03 | P6: 0.03 | Q6: =$P$6 | R6: =$P$6 | S6: =$P$6 | T6: =$P$6
B7: Other Income Growth | F7: 0.03 | G7: 0.03 | H7: 0.03 | I7: 0.03 | J7: 0.03 | K7: 0.03 | L7: 0.03 | M7: 0.03 | N7: 0.03 | O7: 0.03 | P7: 0.03 | Q7: =$P$7 | R7: =$P$7 | S7: =$P$7 | T7: =$P$7
B8: Expense Growth | F8: 0.025 | G8: 0.025 | H8: 0.025 | I8: 0.025 | J8: 0.025 | K8: 0.025 | L8: 0.025 | M8: 0.025 | N8: 0.025 | O8: 0.025 | P8: 0.025 | Q8: =$P$8 | R8: =$P$8 | S8: =$P$8 | T8: =$P$8
B9: Stabilized Vacancy (Market Estimate P&L) | F9: 0.05 | G9: 0.05 | H9: 0.05 | I9: 0.05 | J9: 0.05 | K9: 0.05 | L9: 0.05 | M9: 0.05 | N9: 0.05 | O9: 0.05 | P9: 0.05 | Q9: =$P$9 | R9: =$P$9 | S9: =$P$9 | T9: =$P$9
E10: Underwriting Scenario (P&L): | G10: ='P&L'!$AB$4
B11: Operating Cash Flow
E12: Year 0 | F12: =IF(1>'Summary & Assumptions'!$C$23+1,"",IF(1='Summary & Assumptions'!$C$23+1,"Year 1 (exit value)","Year 1")) | G12: =IF(2>'Summary & Assumptions'!$C$23+1,"",IF(2='Summary & Assumptions'!$C$23+1,"Year 2 (exit value)","Year 2")) | H12: =IF(3>'Summary & Assumptions'!$C$23+1,"",IF(3='Summary & Assumptions'!$C$23+1,"Year 3 (exit value)","Year 3")) | I12: =IF(4>'Summary & Assumptions'!$C$23+1,"",IF(4='Summary & Assumptions'!$C$23+1,"Year 4 (exit value)","Year 4")) | J12: =IF(5>'Summary & Assumptions'!$C$23+1,"",IF(5='Summary & Assumptions'!$C$23+1,"Year 5 (exit value)","Year 5")) | K12: =IF(6>'Summary & Assumptions'!$C$23+1,"",IF(6='Summary & Assumptions'!$C$23+1,"Year 6 (exit value)","Year 6")) | L12: =IF(7>'Summary & Assumptions'!$C$23+1,"",IF(7='Summary & Assumptions'!$C$23+1,"Year 7 (exit value)","Year 7")) | M12: =IF(8>'Summary & Assumptions'!$C$23+1,"",IF(8='Summary & Assumptions'!$C$23+1,"Year 8 (exit value)","Year 8")) | N12: =IF(9>'Summary & Assumptions'!$C$23+1,"",IF(9='Summary & Assumptions'!$C$23+1,"Year 9 (exit value)","Year 9")) | O12: =IF(10>'Summary & Assumptions'!$C$23+1,"",IF(10='Summary & Assumptions'!$C$23+1,"Year 10 (exit value)","Year 10")) | P12: =IF(11>'Summary & Assumptions'!$C$23+1,"",IF(11='Summary & Assumptions'!$C$23+1,"Year 11 (exit value)","Year 11")) | Q12: =IF(12>'Summary & Assumptions'!$C$23+1,"",IF(12='Summary & Assumptions'!$C$23+1,"Year 12 (exit value)","Year 12")) | R12: =IF(13>'Summary & Assumptions'!$C$23+1,"",IF(13='Summary & Assumptions'!$C$23+1,"Year 13 (exit value)","Year 13")) | S12: =IF(14>'Summary & Assumptions'!$C$23+1,"",IF(14='Summary & Assumptions'!$C$23+1,"Year 14 (exit value)","Year 14")) | T12: =IF(15>'Summary & Assumptions'!$C$23+1,"",IF(15='Summary & Assumptions'!$C$23+1,"Year 15 (exit value)","Year 15"))
B13: Gross Potential Rent (market) | F13: =IF(1>'Summary & Assumptions'!$C$23+1,"",'P&L'!$Z$8) | G13: =IF(2>'Summary & Assumptions'!$C$23+1,"",F13*(1+G$6)) | H13: =IF(3>'Summary & Assumptions'!$C$23+1,"",G13*(1+H$6)) | I13: =IF(4>'Summary & Assumptions'!$C$23+1,"",H13*(1+I$6)) | J13: =IF(5>'Summary & Assumptions'!$C$23+1,"",I13*(1+J$6)) | K13: =IF(6>'Summary & Assumptions'!$C$23+1,"",J13*(1+K$6)) | L13: =IF(7>'Summary & Assumptions'!$C$23+1,"",K13*(1+L$6)) | M13: =IF(8>'Summary & Assumptions'!$C$23+1,"",L13*(1+M$6)) | N13: =IF(9>'Summary & Assumptions'!$C$23+1,"",M13*(1+N$6)) | O13: =IF(10>'Summary & Assumptions'!$C$23+1,"",N13*(1+O$6)) | P13: =IF(11>'Summary & Assumptions'!$C$23+1,"",O13*(1+P$6)) | Q13: =IF(12>'Summary & Assumptions'!$C$23+1,"",P13*(1+Q$6)) | R13: =IF(13>'Summary & Assumptions'!$C$23+1,"",Q13*(1+R$6)) | S13: =IF(14>'Summary & Assumptions'!$C$23+1,"",R13*(1+S$6)) | T13: =IF(15>'Summary & Assumptions'!$C$23+1,"",S13*(1+T$6))
B14: Less: Economic Vacancy (scenario) | F14: =IF(1>'Summary & Assumptions'!$C$23+1,"",-('P&L'!$Z$8+'P&L'!$Z$14+'P&L'!$Z$20+'P&L'!$Z$21-'P&L'!$Z$28)) | G14: =IF(2>'Summary & Assumptions'!$C$23+1,"",IFERROR($F$14/$F$13,0)*G13) | H14: =IF(3>'Summary & Assumptions'!$C$23+1,"",IFERROR($F$14/$F$13,0)*H13) | I14: =IF(4>'Summary & Assumptions'!$C$23+1,"",IFERROR($F$14/$F$13,0)*I13) | J14: =IF(5>'Summary & Assumptions'!$C$23+1,"",IFERROR($F$14/$F$13,0)*J13) | K14: =IF(6>'Summary & Assumptions'!$C$23+1,"",IFERROR($F$14/$F$13,0)*K13) | L14: =IF(7>'Summary & Assumptions'!$C$23+1,"",IFERROR($F$14/$F$13,0)*L13) | M14: =IF(8>'Summary & Assumptions'!$C$23+1,"",IFERROR($F$14/$F$13,0)*M13) | N14: =IF(9>'Summary & Assumptions'!$C$23+1,"",IFERROR($F$14/$F$13,0)*N13) | O14: =IF(10>'Summary & Assumptions'!$C$23+1,"",IFERROR($F$14/$F$13,0)*O13) | P14: =IF(11>'Summary & Assumptions'!$C$23+1,"",IFERROR($F$14/$F$13,0)*P13) | Q14: =IF(12>'Summary & Assumptions'!$C$23+1,"",IFERROR($F$14/$F$13,0)*Q13) | R14: =IF(13>'Summary & Assumptions'!$C$23+1,"",IFERROR($F$14/$F$13,0)*R13) | S14: =IF(14>'Summary & Assumptions'!$C$23+1,"",IFERROR($F$14/$F$13,0)*S13) | T14: =IF(15>'Summary & Assumptions'!$C$23+1,"",IFERROR($F$14/$F$13,0)*T13)
B15: Other Income | F15: =IF(1>'Summary & Assumptions'!$C$23+1,"",'P&L'!$Z$14+'P&L'!$Z$20+'P&L'!$Z$21) | G15: =IF(2>'Summary & Assumptions'!$C$23+1,"",F15*(1+G$7)) | H15: =IF(3>'Summary & Assumptions'!$C$23+1,"",G15*(1+H$7)) | I15: =IF(4>'Summary & Assumptions'!$C$23+1,"",H15*(1+I$7)) | J15: =IF(5>'Summary & Assumptions'!$C$23+1,"",I15*(1+J$7)) | K15: =IF(6>'Summary & Assumptions'!$C$23+1,"",J15*(1+K$7)) | L15: =IF(7>'Summary & Assumptions'!$C$23+1,"",K15*(1+L$7)) | M15: =IF(8>'Summary & Assumptions'!$C$23+1,"",L15*(1+M$7)) | N15: =IF(9>'Summary & Assumptions'!$C$23+1,"",M15*(1+N$7)) | O15: =IF(10>'Summary & Assumptions'!$C$23+1,"",N15*(1+O$7)) | P15: =IF(11>'Summary & Assumptions'!$C$23+1,"",O15*(1+P$7)) | Q15: =IF(12>'Summary & Assumptions'!$C$23+1,"",P15*(1+Q$7)) | R15: =IF(13>'Summary & Assumptions'!$C$23+1,"",Q15*(1+R$7)) | S15: =IF(14>'Summary & Assumptions'!$C$23+1,"",R15*(1+S$7)) | T15: =IF(15>'Summary & Assumptions'!$C$23+1,"",S15*(1+T$7))
B16: Effective Gross Revenue | F16: =IF(1>'Summary & Assumptions'!$C$23+1,"",F13+F14+F15) | G16: =IF(2>'Summary & Assumptions'!$C$23+1,"",G13+G14+G15) | H16: =IF(3>'Summary & Assumptions'!$C$23+1,"",H13+H14+H15) | I16: =IF(4>'Summary & Assumptions'!$C$23+1,"",I13+I14+I15) | J16: =IF(5>'Summary & Assumptions'!$C$23+1,"",J13+J14+J15) | K16: =IF(6>'Summary & Assumptions'!$C$23+1,"",K13+K14+K15) | L16: =IF(7>'Summary & Assumptions'!$C$23+1,"",L13+L14+L15) | M16: =IF(8>'Summary & Assumptions'!$C$23+1,"",M13+M14+M15) | N16: =IF(9>'Summary & Assumptions'!$C$23+1,"",N13+N14+N15) | O16: =IF(10>'Summary & Assumptions'!$C$23+1,"",O13+O14+O15) | P16: =IF(11>'Summary & Assumptions'!$C$23+1,"",P13+P14+P15) | Q16: =IF(12>'Summary & Assumptions'!$C$23+1,"",Q13+Q14+Q15) | R16: =IF(13>'Summary & Assumptions'!$C$23+1,"",R13+R14+R15) | S16: =IF(14>'Summary & Assumptions'!$C$23+1,"",S13+S14+S15) | T16: =IF(15>'Summary & Assumptions'!$C$23+1,"",T13+T14+T15)
B17: Renovation Downtime | F17: =IF(1>'Summary & Assumptions'!$C$23+1,"",-'Renovation'!$D$49*(1>='Renovation'!$D$45)*(1<='Renovation'!$D$46)) | G17: =IF(2>'Summary & Assumptions'!$C$23+1,"",-'Renovation'!$D$49*(2>='Renovation'!$D$45)*(2<='Renovation'!$D$46)) | H17: =IF(3>'Summary & Assumptions'!$C$23+1,"",-'Renovation'!$D$49*(3>='Renovation'!$D$45)*(3<='Renovation'!$D$46)) | I17: =IF(4>'Summary & Assumptions'!$C$23+1,"",-'Renovation'!$D$49*(4>='Renovation'!$D$45)*(4<='Renovation'!$D$46)) | J17: =IF(5>'Summary & Assumptions'!$C$23+1,"",-'Renovation'!$D$49*(5>='Renovation'!$D$45)*(5<='Renovation'!$D$46)) | K17: =IF(6>'Summary & Assumptions'!$C$23+1,"",-'Renovation'!$D$49*(6>='Renovation'!$D$45)*(6<='Renovation'!$D$46)) | L17: =IF(7>'Summary & Assumptions'!$C$23+1,"",-'Renovation'!$D$49*(7>='Renovation'!$D$45)*(7<='Renovation'!$D$46)) | M17: =IF(8>'Summary & Assumptions'!$C$23+1,"",-'Renovation'!$D$49*(8>='Renovation'!$D$45)*(8<='Renovation'!$D$46)) | N17: =IF(9>'Summary & Assumptions'!$C$23+1,"",-'Renovation'!$D$49*(9>='Renovation'!$D$45)*(9<='Renovation'!$D$46)) | O17: =IF(10>'Summary & Assumptions'!$C$23+1,"",-'Renovation'!$D$49*(10>='Renovation'!$D$45)*(10<='Renovation'!$D$46)) | P17: =IF(11>'Summary & Assumptions'!$C$23+1,"",-'Renovation'!$D$49*(11>='Renovation'!$D$45)*(11<='Renovation'!$D$46)) | Q17: =IF(12>'Summary & Assumptions'!$C$23+1,"",-'Renovation'!$D$49*(12>='Renovation'!$D$45)*(12<='Renovation'!$D$46)) | R17: =IF(13>'Summary & Assumptions'!$C$23+1,"",-'Renovation'!$D$49*(13>='Renovation'!$D$45)*(13<='Renovation'!$D$46)) | S17: =IF(14>'Summary & Assumptions'!$C$23+1,"",-'Renovation'!$D$49*(14>='Renovation'!$D$45)*(14<='Renovation'!$D$46)) | T17: =IF(15>'Summary & Assumptions'!$C$23+1,"",-'Renovation'!$D$49*(15>='Renovation'!$D$45)*(15<='Renovation'!$D$46))
B18: Renovation Premium | F18: =IF(1>'Summary & Assumptions'!$C$23+1,"",'Renovation'!$D$50*MIN(1,MAX(0,(2*(1-'Renovation'!$D$45)+1)/(2*'Renovation'!$D$47)))) | G18: =IF(2>'Summary & Assumptions'!$C$23+1,"",'Renovation'!$D$50*MIN(1,MAX(0,(2*(2-'Renovation'!$D$45)+1)/(2*'Renovation'!$D$47)))*(1+G$6)^(2-'Renovation'!$D$46)) | H18: =IF(3>'Summary & Assumptions'!$C$23+1,"",'Renovation'!$D$50*MIN(1,MAX(0,(2*(3-'Renovation'!$D$45)+1)/(2*'Renovation'!$D$47)))*(1+H$6)^(3-'Renovation'!$D$46)) | I18: =IF(4>'Summary & Assumptions'!$C$23+1,"",'Renovation'!$D$50*MIN(1,MAX(0,(2*(4-'Renovation'!$D$45)+1)/(2*'Renovation'!$D$47)))*(1+I$6)^(4-'Renovation'!$D$46)) | J18: =IF(5>'Summary & Assumptions'!$C$23+1,"",'Renovation'!$D$50*MIN(1,MAX(0,(2*(5-'Renovation'!$D$45)+1)/(2*'Renovation'!$D$47)))*(1+J$6)^(5-'Renovation'!$D$46)) | K18: =IF(6>'Summary & Assumptions'!$C$23+1,"",'Renovation'!$D$50*MIN(1,MAX(0,(2*(6-'Renovation'!$D$45)+1)/(2*'Renovation'!$D$47)))*(1+K$6)^(6-'Renovation'!$D$46)) | L18: =IF(7>'Summary & Assumptions'!$C$23+1,"",'Renovation'!$D$50*MIN(1,MAX(0,(2*(7-'Renovation'!$D$45)+1)/(2*'Renovation'!$D$47)))*(1+L$6)^(7-'Renovation'!$D$46)) | M18: =IF(8>'Summary & Assumptions'!$C$23+1,"",'Renovation'!$D$50*MIN(1,MAX(0,(2*(8-'Renovation'!$D$45)+1)/(2*'Renovation'!$D$47)))*(1+M$6)^(8-'Renovation'!$D$46)) | N18: =IF(9>'Summary & Assumptions'!$C$23+1,"",'Renovation'!$D$50*MIN(1,MAX(0,(2*(9-'Renovation'!$D$45)+1)/(2*'Renovation'!$D$47)))*(1+N$6)^(9-'Renovation'!$D$46)) | O18: =IF(10>'Summary & Assumptions'!$C$23+1,"",'Renovation'!$D$50*MIN(1,MAX(0,(2*(10-'Renovation'!$D$45)+1)/(2*'Renovation'!$D$47)))*(1+O$6)^(10-'Renovation'!$D$46)) | P18: =IF(11>'Summary & Assumptions'!$C$23+1,"",'Renovation'!$D$50*MIN(1,MAX(0,(2*(11-'Renovation'!$D$45)+1)/(2*'Renovation'!$D$47)))*(1+P$6)^(11-'Renovation'!$D$46)) | Q18: =IF(12>'Summary & Assumptions'!$C$23+1,"",'Renovation'!$D$50*MIN(1,MAX(0,(2*(12-'Renovation'!$D$45)+1)/(2*'Renovation'!$D$47)))*(1+Q$6)^(12-'Renovation'!$D$46)) | R18: =IF(13>'Summary & Assumptions'!$C$23+1,"",'Renovation'!$D$50*MIN(1,MAX(0,(2*(13-'Renovation'!$D$45)+1)/(2*'Renovation'!$D$47)))*(1+R$6)^(13-'Renovation'!$D$46)) | S18: =IF(14>'Summary & Assumptions'!$C$23+1,"",'Renovation'!$D$50*MIN(1,MAX(0,(2*(14-'Renovation'!$D$45)+1)/(2*'Renovation'!$D$47)))*(1+S$6)^(14-'Renovation'!$D$46)) | T18: =IF(15>'Summary & Assumptions'!$C$23+1,"",'Renovation'!$D$50*MIN(1,MAX(0,(2*(15-'Renovation'!$D$45)+1)/(2*'Renovation'!$D$47)))*(1+T$6)^(15-'Renovation'!$D$46))
B19: Property Taxes | F19: =IF(1>'Summary & Assumptions'!$C$23+1,"",-INDEX('Summary & Assumptions'!$D$56:$R$56,1,1)) | G19: =IF(2>'Summary & Assumptions'!$C$23+1,"",-INDEX('Summary & Assumptions'!$D$56:$R$56,1,2)) | H19: =IF(3>'Summary & Assumptions'!$C$23+1,"",-INDEX('Summary & Assumptions'!$D$56:$R$56,1,3)) | I19: =IF(4>'Summary & Assumptions'!$C$23+1,"",-INDEX('Summary & Assumptions'!$D$56:$R$56,1,4)) | J19: =IF(5>'Summary & Assumptions'!$C$23+1,"",-INDEX('Summary & Assumptions'!$D$56:$R$56,1,5)) | K19: =IF(6>'Summary & Assumptions'!$C$23+1,"",-INDEX('Summary & Assumptions'!$D$56:$R$56,1,6)) | L19: =IF(7>'Summary & Assumptions'!$C$23+1,"",-INDEX('Summary & Assumptions'!$D$56:$R$56,1,7)) | M19: =IF(8>'Summary & Assumptions'!$C$23+1,"",-INDEX('Summary & Assumptions'!$D$56:$R$56,1,8)) | N19: =IF(9>'Summary & Assumptions'!$C$23+1,"",-INDEX('Summary & Assumptions'!$D$56:$R$56,1,9)) | O19: =IF(10>'Summary & Assumptions'!$C$23+1,"",-INDEX('Summary & Assumptions'!$D$56:$R$56,1,10)) | P19: =IF(11>'Summary & Assumptions'!$C$23+1,"",O19*(1+P$8)) | Q19: =IF(12>'Summary & Assumptions'!$C$23+1,"",P19*(1+Q$8)) | R19: =IF(13>'Summary & Assumptions'!$C$23+1,"",Q19*(1+R$8)) | S19: =IF(14>'Summary & Assumptions'!$C$23+1,"",R19*(1+S$8)) | T19: =IF(15>'Summary & Assumptions'!$C$23+1,"",S19*(1+T$8))
B20: Other Operating Expenses | F20: =IF(1>'Summary & Assumptions'!$C$23+1,"",-('P&L'!$Z$67-'P&L'!$Z$31)) | G20: =IF(2>'Summary & Assumptions'!$C$23+1,"",F20*(1+G$8)) | H20: =IF(3>'Summary & Assumptions'!$C$23+1,"",G20*(1+H$8)) | I20: =IF(4>'Summary & Assumptions'!$C$23+1,"",H20*(1+I$8)) | J20: =IF(5>'Summary & Assumptions'!$C$23+1,"",I20*(1+J$8)) | K20: =IF(6>'Summary & Assumptions'!$C$23+1,"",J20*(1+K$8)) | L20: =IF(7>'Summary & Assumptions'!$C$23+1,"",K20*(1+L$8)) | M20: =IF(8>'Summary & Assumptions'!$C$23+1,"",L20*(1+M$8)) | N20: =IF(9>'Summary & Assumptions'!$C$23+1,"",M20*(1+N$8)) | O20: =IF(10>'Summary & Assumptions'!$C$23+1,"",N20*(1+O$8)) | P20: =IF(11>'Summary & Assumptions'!$C$23+1,"",O20*(1+P$8)) | Q20: =IF(12>'Summary & Assumptions'!$C$23+1,"",P20*(1+Q$8)) | R20: =IF(13>'Summary & Assumptions'!$C$23+1,"",Q20*(1+R$8)) | S20: =IF(14>'Summary & Assumptions'!$C$23+1,"",R20*(1+S$8)) | T20: =IF(15>'Summary & Assumptions'!$C$23+1,"",S20*(1+T$8))
B21: Total Operating Expenses | F21: =IF(1>'Summary & Assumptions'!$C$23+1,"",F19+F20) | G21: =IF(2>'Summary & Assumptions'!$C$23+1,"",G19+G20) | H21: =IF(3>'Summary & Assumptions'!$C$23+1,"",H19+H20) | I21: =IF(4>'Summary & Assumptions'!$C$23+1,"",I19+I20) | J21: =IF(5>'Summary & Assumptions'!$C$23+1,"",J19+J20) | K21: =IF(6>'Summary & Assumptions'!$C$23+1,"",K19+K20) | L21: =IF(7>'Summary & Assumptions'!$C$23+1,"",L19+L20) | M21: =IF(8>'Summary & Assumptions'!$C$23+1,"",M19+M20) | N21: =IF(9>'Summary & Assumptions'!$C$23+1,"",N19+N20) | O21: =IF(10>'Summary & Assumptions'!$C$23+1,"",O19+O20) | P21: =IF(11>'Summary & Assumptions'!$C$23+1,"",P19+P20) | Q21: =IF(12>'Summary & Assumptions'!$C$23+1,"",Q19+Q20) | R21: =IF(13>'Summary & Assumptions'!$C$23+1,"",R19+R20) | S21: =IF(14>'Summary & Assumptions'!$C$23+1,"",S19+S20) | T21: =IF(15>'Summary & Assumptions'!$C$23+1,"",T19+T20)
B22: Expense Ratio (= -Opex / EGR) | F22: =IF(1>'Summary & Assumptions'!$C$23+1,"",IFERROR(-F21/F16,0)) | G22: =IF(2>'Summary & Assumptions'!$C$23+1,"",IFERROR(-G21/G16,0)) | H22: =IF(3>'Summary & Assumptions'!$C$23+1,"",IFERROR(-H21/H16,0)) | I22: =IF(4>'Summary & Assumptions'!$C$23+1,"",IFERROR(-I21/I16,0)) | J22: =IF(5>'Summary & Assumptions'!$C$23+1,"",IFERROR(-J21/J16,0)) | K22: =IF(6>'Summary & Assumptions'!$C$23+1,"",IFERROR(-K21/K16,0)) | L22: =IF(7>'Summary & Assumptions'!$C$23+1,"",IFERROR(-L21/L16,0)) | M22: =IF(8>'Summary & Assumptions'!$C$23+1,"",IFERROR(-M21/M16,0)) | N22: =IF(9>'Summary & Assumptions'!$C$23+1,"",IFERROR(-N21/N16,0)) | O22: =IF(10>'Summary & Assumptions'!$C$23+1,"",IFERROR(-O21/O16,0)) | P22: =IF(11>'Summary & Assumptions'!$C$23+1,"",IFERROR(-P21/P16,0)) | Q22: =IF(12>'Summary & Assumptions'!$C$23+1,"",IFERROR(-Q21/Q16,0)) | R22: =IF(13>'Summary & Assumptions'!$C$23+1,"",IFERROR(-R21/R16,0)) | S22: =IF(14>'Summary & Assumptions'!$C$23+1,"",IFERROR(-S21/S16,0)) | T22: =IF(15>'Summary & Assumptions'!$C$23+1,"",IFERROR(-T21/T16,0))
B23: Net Operating Income | F23: =IF(1>'Summary & Assumptions'!$C$23+1,"",F16+F17+F18+F21) | G23: =IF(2>'Summary & Assumptions'!$C$23+1,"",G16+G17+G18+G21) | H23: =IF(3>'Summary & Assumptions'!$C$23+1,"",H16+H17+H18+H21) | I23: =IF(4>'Summary & Assumptions'!$C$23+1,"",I16+I17+I18+I21) | J23: =IF(5>'Summary & Assumptions'!$C$23+1,"",J16+J17+J18+J21) | K23: =IF(6>'Summary & Assumptions'!$C$23+1,"",K16+K17+K18+K21) | L23: =IF(7>'Summary & Assumptions'!$C$23+1,"",L16+L17+L18+L21) | M23: =IF(8>'Summary & Assumptions'!$C$23+1,"",M16+M17+M18+M21) | N23: =IF(9>'Summary & Assumptions'!$C$23+1,"",N16+N17+N18+N21) | O23: =IF(10>'Summary & Assumptions'!$C$23+1,"",O16+O17+O18+O21) | P23: =IF(11>'Summary & Assumptions'!$C$23+1,"",P16+P17+P18+P21) | Q23: =IF(12>'Summary & Assumptions'!$C$23+1,"",Q16+Q17+Q18+Q21) | R23: =IF(13>'Summary & Assumptions'!$C$23+1,"",R16+R17+R18+R21) | S23: =IF(14>'Summary & Assumptions'!$C$23+1,"",S16+S17+S18+S21) | T23: =IF(15>'Summary & Assumptions'!$C$23+1,"",T16+T17+T18+T21)
B24: NOI for Debt Sizing (excl. renovation) | F24: =IF(1>'Summary & Assumptions'!$C$23+1,"",F16+F21) | G24: =IF(2>'Summary & Assumptions'!$C$23+1,"",G16+G21) | H24: =IF(3>'Summary & Assumptions'!$C$23+1,"",H16+H21) | I24: =IF(4>'Summary & Assumptions'!$C$23+1,"",I16+I21) | J24: =IF(5>'Summary & Assumptions'!$C$23+1,"",J16+J21) | K24: =IF(6>'Summary & Assumptions'!$C$23+1,"",K16+K21) | L24: =IF(7>'Summary & Assumptions'!$C$23+1,"",L16+L21) | M24: =IF(8>'Summary & Assumptions'!$C$23+1,"",M16+M21) | N24: =IF(9>'Summary & Assumptions'!$C$23+1,"",N16+N21) | O24: =IF(10>'Summary & Assumptions'!$C$23+1,"",O16+O21) | P24: =IF(11>'Summary & Assumptions'!$C$23+1,"",P16+P21) | Q24: =IF(12>'Summary & Assumptions'!$C$23+1,"",Q16+Q21) | R24: =IF(13>'Summary & Assumptions'!$C$23+1,"",R16+R21) | S24: =IF(14>'Summary & Assumptions'!$C$23+1,"",S16+S21) | T24: =IF(15>'Summary & Assumptions'!$C$23+1,"",T16+T21)
B25: Replacement Reserves | F25: =IF(1>'Summary & Assumptions'!$C$23+1,"",-'Investor Waterfall'!$H$13*'Summary & Assumptions'!$C$11) | G25: =IF(2>'Summary & Assumptions'!$C$23+1,"",F25*(1+G$8)) | H25: =IF(3>'Summary & Assumptions'!$C$23+1,"",G25*(1+H$8)) | I25: =IF(4>'Summary & Assumptions'!$C$23+1,"",H25*(1+I$8)) | J25: =IF(5>'Summary & Assumptions'!$C$23+1,"",I25*(1+J$8)) | K25: =IF(6>'Summary & Assumptions'!$C$23+1,"",J25*(1+K$8)) | L25: =IF(7>'Summary & Assumptions'!$C$23+1,"",K25*(1+L$8)) | M25: =IF(8>'Summary & Assumptions'!$C$23+1,"",L25*(1+M$8)) | N25: =IF(9>'Summary & Assumptions'!$C$23+1,"",M25*(1+N$8)) | O25: =IF(10>'Summary & Assumptions'!$C$23+1,"",N25*(1+O$8)) | P25: =IF(11>'Summary & Assumptions'!$C$23+1,"",O25*(1+P$8)) | Q25: =IF(12>'Summary & Assumptions'!$C$23+1,"",P25*(1+Q$8)) | R25: =IF(13>'Summary & Assumptions'!$C$23+1,"",Q25*(1+R$8)) | S25: =IF(14>'Summary & Assumptions'!$C$23+1,"",R25*(1+S$8)) | T25: =IF(15>'Summary & Assumptions'!$C$23+1,"",S25*(1+T$8))
B26: NOI After Reserves | F26: =IF(1>'Summary & Assumptions'!$C$23+1,"",F23+F25) | G26: =IF(2>'Summary & Assumptions'!$C$23+1,"",G23+G25) | H26: =IF(3>'Summary & Assumptions'!$C$23+1,"",H23+H25) | I26: =IF(4>'Summary & Assumptions'!$C$23+1,"",I23+I25) | J26: =IF(5>'Summary & Assumptions'!$C$23+1,"",J23+J25) | K26: =IF(6>'Summary & Assumptions'!$C$23+1,"",K23+K25) | L26: =IF(7>'Summary & Assumptions'!$C$23+1,"",L23+L25) | M26: =IF(8>'Summary & Assumptions'!$C$23+1,"",M23+M25) | N26: =IF(9>'Summary & Assumptions'!$C$23+1,"",N23+N25) | O26: =IF(10>'Summary & Assumptions'!$C$23+1,"",O23+O25) | P26: =IF(11>'Summary & Assumptions'!$C$23+1,"",P23+P25) | Q26: =IF(12>'Summary & Assumptions'!$C$23+1,"",Q23+Q25) | R26: =IF(13>'Summary & Assumptions'!$C$23+1,"",R23+R25) | S26: =IF(14>'Summary & Assumptions'!$C$23+1,"",S23+S25) | T26: =IF(15>'Summary & Assumptions'!$C$23+1,"",T23+T25)
B27: Capital Expenditures | F27: =IF(1>'Summary & Assumptions'!$C$23+1,"",-'Renovation'!$D$48*(1>='Renovation'!$D$45)*(1<='Renovation'!$D$46)) | G27: =IF(2>'Summary & Assumptions'!$C$23+1,"",-'Renovation'!$D$48*(2>='Renovation'!$D$45)*(2<='Renovation'!$D$46)) | H27: =IF(3>'Summary & Assumptions'!$C$23+1,"",-'Renovation'!$D$48*(3>='Renovation'!$D$45)*(3<='Renovation'!$D$46)) | I27: =IF(4>'Summary & Assumptions'!$C$23+1,"",-'Renovation'!$D$48*(4>='Renovation'!$D$45)*(4<='Renovation'!$D$46)) | J27: =IF(5>'Summary & Assumptions'!$C$23+1,"",-'Renovation'!$D$48*(5>='Renovation'!$D$45)*(5<='Renovation'!$D$46)) | K27: =IF(6>'Summary & Assumptions'!$C$23+1,"",-'Renovation'!$D$48*(6>='Renovation'!$D$45)*(6<='Renovation'!$D$46)) | L27: =IF(7>'Summary & Assumptions'!$C$23+1,"",-'Renovation'!$D$48*(7>='Renovation'!$D$45)*(7<='Renovation'!$D$46)) | M27: =IF(8>'Summary & Assumptions'!$C$23+1,"",-'Renovation'!$D$48*(8>='Renovation'!$D$45)*(8<='Renovation'!$D$46)) | N27: =IF(9>'Summary & Assumptions'!$C$23+1,"",-'Renovation'!$D$48*(9>='Renovation'!$D$45)*(9<='Renovation'!$D$46)) | O27: =IF(10>'Summary & Assumptions'!$C$23+1,"",-'Renovation'!$D$48*(10>='Renovation'!$D$45)*(10<='Renovation'!$D$46)) | P27: =IF(11>'Summary & Assumptions'!$C$23+1,"",-'Renovation'!$D$48*(11>='Renovation'!$D$45)*(11<='Renovation'!$D$46)) | Q27: =IF(12>'Summary & Assumptions'!$C$23+1,"",-'Renovation'!$D$48*(12>='Renovation'!$D$45)*(12<='Renovation'!$D$46)) | R27: =IF(13>'Summary & Assumptions'!$C$23+1,"",-'Renovation'!$D$48*(13>='Renovation'!$D$45)*(13<='Renovation'!$D$46)) | S27: =IF(14>'Summary & Assumptions'!$C$23+1,"",-'Renovation'!$D$48*(14>='Renovation'!$D$45)*(14<='Renovation'!$D$46)) | T27: =IF(15>'Summary & Assumptions'!$C$23+1,"",-'Renovation'!$D$48*(15>='Renovation'!$D$45)*(15<='Renovation'!$D$46))
B28: Gross Sale Price | F28: =IF(1>'Summary & Assumptions'!$C$23,"",IF(1<>MIN('Summary & Assumptions'!$C$23,15),0,IFERROR(IF('Summary & Assumptions'!$M$6="Forward NOI",INDEX($F$23:$T$23,1,MIN('Summary & Assumptions'!$C$23+1,15)),INDEX($F$23:$T$23,1,MAX(1,MIN('Summary & Assumptions'!$C$23,15))))/'Summary & Assumptions'!$M$8,0))) | G28: =IF(2>'Summary & Assumptions'!$C$23,"",IF(2<>MIN('Summary & Assumptions'!$C$23,15),0,IFERROR(IF('Summary & Assumptions'!$M$6="Forward NOI",INDEX($F$23:$T$23,1,MIN('Summary & Assumptions'!$C$23+1,15)),INDEX($F$23:$T$23,1,MAX(1,MIN('Summary & Assumptions'!$C$23,15))))/'Summary & Assumptions'!$M$8,0))) | H28: =IF(3>'Summary & Assumptions'!$C$23,"",IF(3<>MIN('Summary & Assumptions'!$C$23,15),0,IFERROR(IF('Summary & Assumptions'!$M$6="Forward NOI",INDEX($F$23:$T$23,1,MIN('Summary & Assumptions'!$C$23+1,15)),INDEX($F$23:$T$23,1,MAX(1,MIN('Summary & Assumptions'!$C$23,15))))/'Summary & Assumptions'!$M$8,0))) | I28: =IF(4>'Summary & Assumptions'!$C$23,"",IF(4<>MIN('Summary & Assumptions'!$C$23,15),0,IFERROR(IF('Summary & Assumptions'!$M$6="Forward NOI",INDEX($F$23:$T$23,1,MIN('Summary & Assumptions'!$C$23+1,15)),INDEX($F$23:$T$23,1,MAX(1,MIN('Summary & Assumptions'!$C$23,15))))/'Summary & Assumptions'!$M$8,0))) | J28: =IF(5>'Summary & Assumptions'!$C$23,"",IF(5<>MIN('Summary & Assumptions'!$C$23,15),0,IFERROR(IF('Summary & Assumptions'!$M$6="Forward NOI",INDEX($F$23:$T$23,1,MIN('Summary & Assumptions'!$C$23+1,15)),INDEX($F$23:$T$23,1,MAX(1,MIN('Summary & Assumptions'!$C$23,15))))/'Summary & Assumptions'!$M$8,0))) | K28: =IF(6>'Summary & Assumptions'!$C$23,"",IF(6<>MIN('Summary & Assumptions'!$C$23,15),0,IFERROR(IF('Summary & Assumptions'!$M$6="Forward NOI",INDEX($F$23:$T$23,1,MIN('Summary & Assumptions'!$C$23+1,15)),INDEX($F$23:$T$23,1,MAX(1,MIN('Summary & Assumptions'!$C$23,15))))/'Summary & Assumptions'!$M$8,0))) | L28: =IF(7>'Summary & Assumptions'!$C$23,"",IF(7<>MIN('Summary & Assumptions'!$C$23,15),0,IFERROR(IF('Summary & Assumptions'!$M$6="Forward NOI",INDEX($F$23:$T$23,1,MIN('Summary & Assumptions'!$C$23+1,15)),INDEX($F$23:$T$23,1,MAX(1,MIN('Summary & Assumptions'!$C$23,15))))/'Summary & Assumptions'!$M$8,0))) | M28: =IF(8>'Summary & Assumptions'!$C$23,"",IF(8<>MIN('Summary & Assumptions'!$C$23,15),0,IFERROR(IF('Summary & Assumptions'!$M$6="Forward NOI",INDEX($F$23:$T$23,1,MIN('Summary & Assumptions'!$C$23+1,15)),INDEX($F$23:$T$23,1,MAX(1,MIN('Summary & Assumptions'!$C$23,15))))/'Summary & Assumptions'!$M$8,0))) | N28: =IF(9>'Summary & Assumptions'!$C$23,"",IF(9<>MIN('Summary & Assumptions'!$C$23,15),0,IFERROR(IF('Summary & Assumptions'!$M$6="Forward NOI",INDEX($F$23:$T$23,1,MIN('Summary & Assumptions'!$C$23+1,15)),INDEX($F$23:$T$23,1,MAX(1,MIN('Summary & Assumptions'!$C$23,15))))/'Summary & Assumptions'!$M$8,0))) | O28: =IF(10>'Summary & Assumptions'!$C$23,"",IF(10<>MIN('Summary & Assumptions'!$C$23,15),0,IFERROR(IF('Summary & Assumptions'!$M$6="Forward NOI",INDEX($F$23:$T$23,1,MIN('Summary & Assumptions'!$C$23+1,15)),INDEX($F$23:$T$23,1,MAX(1,MIN('Summary & Assumptions'!$C$23,15))))/'Summary & Assumptions'!$M$8,0))) | P28: =IF(11>'Summary & Assumptions'!$C$23,"",IF(11<>MIN('Summary & Assumptions'!$C$23,15),0,IFERROR(IF('Summary & Assumptions'!$M$6="Forward NOI",INDEX($F$23:$T$23,1,MIN('Summary & Assumptions'!$C$23+1,15)),INDEX($F$23:$T$23,1,MAX(1,MIN('Summary & Assumptions'!$C$23,15))))/'Summary & Assumptions'!$M$8,0))) | Q28: =IF(12>'Summary & Assumptions'!$C$23,"",IF(12<>MIN('Summary & Assumptions'!$C$23,15),0,IFERROR(IF('Summary & Assumptions'!$M$6="Forward NOI",INDEX($F$23:$T$23,1,MIN('Summary & Assumptions'!$C$23+1,15)),INDEX($F$23:$T$23,1,MAX(1,MIN('Summary & Assumptions'!$C$23,15))))/'Summary & Assumptions'!$M$8,0))) | R28: =IF(13>'Summary & Assumptions'!$C$23,"",IF(13<>MIN('Summary & Assumptions'!$C$23,15),0,IFERROR(IF('Summary & Assumptions'!$M$6="Forward NOI",INDEX($F$23:$T$23,1,MIN('Summary & Assumptions'!$C$23+1,15)),INDEX($F$23:$T$23,1,MAX(1,MIN('Summary & Assumptions'!$C$23,15))))/'Summary & Assumptions'!$M$8,0))) | S28: =IF(14>'Summary & Assumptions'!$C$23,"",IF(14<>MIN('Summary & Assumptions'!$C$23,15),0,IFERROR(IF('Summary & Assumptions'!$M$6="Forward NOI",INDEX($F$23:$T$23,1,MIN('Summary & Assumptions'!$C$23+1,15)),INDEX($F$23:$T$23,1,MAX(1,MIN('Summary & Assumptions'!$C$23,15))))/'Summary & Assumptions'!$M$8,0))) | T28: =IF(15>'Summary & Assumptions'!$C$23,"",IF(15<>MIN('Summary & Assumptions'!$C$23,15),0,IFERROR(IF('Summary & Assumptions'!$M$6="Forward NOI",INDEX($F$23:$T$23,1,MIN('Summary & Assumptions'!$C$23+1,15)),INDEX($F$23:$T$23,1,MAX(1,MIN('Summary & Assumptions'!$C$23,15))))/'Summary & Assumptions'!$M$8,0)))
B29: Transaction Costs | F29: =IF(1>'Summary & Assumptions'!$C$23,"",-F28*('Summary & Assumptions'!$M$9+'Summary & Assumptions'!$M$10+'Summary & Assumptions'!$M$11)) | G29: =IF(2>'Summary & Assumptions'!$C$23,"",-G28*('Summary & Assumptions'!$M$9+'Summary & Assumptions'!$M$10+'Summary & Assumptions'!$M$11)) | H29: =IF(3>'Summary & Assumptions'!$C$23,"",-H28*('Summary & Assumptions'!$M$9+'Summary & Assumptions'!$M$10+'Summary & Assumptions'!$M$11)) | I29: =IF(4>'Summary & Assumptions'!$C$23,"",-I28*('Summary & Assumptions'!$M$9+'Summary & Assumptions'!$M$10+'Summary & Assumptions'!$M$11)) | J29: =IF(5>'Summary & Assumptions'!$C$23,"",-J28*('Summary & Assumptions'!$M$9+'Summary & Assumptions'!$M$10+'Summary & Assumptions'!$M$11)) | K29: =IF(6>'Summary & Assumptions'!$C$23,"",-K28*('Summary & Assumptions'!$M$9+'Summary & Assumptions'!$M$10+'Summary & Assumptions'!$M$11)) | L29: =IF(7>'Summary & Assumptions'!$C$23,"",-L28*('Summary & Assumptions'!$M$9+'Summary & Assumptions'!$M$10+'Summary & Assumptions'!$M$11)) | M29: =IF(8>'Summary & Assumptions'!$C$23,"",-M28*('Summary & Assumptions'!$M$9+'Summary & Assumptions'!$M$10+'Summary & Assumptions'!$M$11)) | N29: =IF(9>'Summary & Assumptions'!$C$23,"",-N28*('Summary & Assumptions'!$M$9+'Summary & Assumptions'!$M$10+'Summary & Assumptions'!$M$11)) | O29: =IF(10>'Summary & Assumptions'!$C$23,"",-O28*('Summary & Assumptions'!$M$9+'Summary & Assumptions'!$M$10+'Summary & Assumptions'!$M$11)) | P29: =IF(11>'Summary & Assumptions'!$C$23,"",-P28*('Summary & Assumptions'!$M$9+'Summary & Assumptions'!$M$10+'Summary & Assumptions'!$M$11)) | Q29: =IF(12>'Summary & Assumptions'!$C$23,"",-Q28*('Summary & Assumptions'!$M$9+'Summary & Assumptions'!$M$10+'Summary & Assumptions'!$M$11)) | R29: =IF(13>'Summary & Assumptions'!$C$23,"",-R28*('Summary & Assumptions'!$M$9+'Summary & Assumptions'!$M$10+'Summary & Assumptions'!$M$11)) | S29: =IF(14>'Summary & Assumptions'!$C$23,"",-S28*('Summary & Assumptions'!$M$9+'Summary & Assumptions'!$M$10+'Summary & Assumptions'!$M$11)) | T29: =IF(15>'Summary & Assumptions'!$C$23,"",-T28*('Summary & Assumptions'!$M$9+'Summary & Assumptions'!$M$10+'Summary & Assumptions'!$M$11))
B30: Net Sale Proceeds (exit) | F30: =IF(1>'Summary & Assumptions'!$C$23,"",F28+F29) | G30: =IF(2>'Summary & Assumptions'!$C$23,"",G28+G29) | H30: =IF(3>'Summary & Assumptions'!$C$23,"",H28+H29) | I30: =IF(4>'Summary & Assumptions'!$C$23,"",I28+I29) | J30: =IF(5>'Summary & Assumptions'!$C$23,"",J28+J29) | K30: =IF(6>'Summary & Assumptions'!$C$23,"",K28+K29) | L30: =IF(7>'Summary & Assumptions'!$C$23,"",L28+L29) | M30: =IF(8>'Summary & Assumptions'!$C$23,"",M28+M29) | N30: =IF(9>'Summary & Assumptions'!$C$23,"",N28+N29) | O30: =IF(10>'Summary & Assumptions'!$C$23,"",O28+O29) | P30: =IF(11>'Summary & Assumptions'!$C$23,"",P28+P29) | Q30: =IF(12>'Summary & Assumptions'!$C$23,"",Q28+Q29) | R30: =IF(13>'Summary & Assumptions'!$C$23,"",R28+R29) | S30: =IF(14>'Summary & Assumptions'!$C$23,"",S28+S29) | T30: =IF(15>'Summary & Assumptions'!$C$23,"",T28+T29)
B31: Unlevered Cash Flow | E31: =-('Summary & Assumptions'!$H$6+'Summary & Assumptions'!$H$13) | F31: =IF(1>'Summary & Assumptions'!$C$23,"",F26+F27+F30) | G31: =IF(2>'Summary & Assumptions'!$C$23,"",G26+G27+G30) | H31: =IF(3>'Summary & Assumptions'!$C$23,"",H26+H27+H30) | I31: =IF(4>'Summary & Assumptions'!$C$23,"",I26+I27+I30) | J31: =IF(5>'Summary & Assumptions'!$C$23,"",J26+J27+J30) | K31: =IF(6>'Summary & Assumptions'!$C$23,"",K26+K27+K30) | L31: =IF(7>'Summary & Assumptions'!$C$23,"",L26+L27+L30) | M31: =IF(8>'Summary & Assumptions'!$C$23,"",M26+M27+M30) | N31: =IF(9>'Summary & Assumptions'!$C$23,"",N26+N27+N30) | O31: =IF(10>'Summary & Assumptions'!$C$23,"",O26+O27+O30) | P31: =IF(11>'Summary & Assumptions'!$C$23,"",P26+P27+P30) | Q31: =IF(12>'Summary & Assumptions'!$C$23,"",Q26+Q27+Q30) | R31: =IF(13>'Summary & Assumptions'!$C$23,"",R26+R27+R30) | S31: =IF(14>'Summary & Assumptions'!$C$23,"",S26+S27+S30) | T31: =IF(15>'Summary & Assumptions'!$C$23,"",T26+T27+T30)
B32: Unlevered IRR | D32: =IF(OR('Summary & Assumptions'!$H$6<=0,'P&L'!$Z$69<=0),0,IFERROR(IRR(E31:T31),0))
B34: Levered Cash Flow
B35: Debt Service | F35: =IF(1>'Summary & Assumptions'!$C$23,"",-Debt!F39) | G35: =IF(2>'Summary & Assumptions'!$C$23,"",-Debt!G39) | H35: =IF(3>'Summary & Assumptions'!$C$23,"",-Debt!H39) | I35: =IF(4>'Summary & Assumptions'!$C$23,"",-Debt!I39) | J35: =IF(5>'Summary & Assumptions'!$C$23,"",-Debt!J39) | K35: =IF(6>'Summary & Assumptions'!$C$23,"",-Debt!K39) | L35: =IF(7>'Summary & Assumptions'!$C$23,"",-Debt!L39) | M35: =IF(8>'Summary & Assumptions'!$C$23,"",-Debt!M39) | N35: =IF(9>'Summary & Assumptions'!$C$23,"",-Debt!N39) | O35: =IF(10>'Summary & Assumptions'!$C$23,"",-Debt!O39) | P35: =IF(11>'Summary & Assumptions'!$C$23,"",-Debt!P39) | Q35: =IF(12>'Summary & Assumptions'!$C$23,"",-Debt!Q39) | R35: =IF(13>'Summary & Assumptions'!$C$23,"",-Debt!R39) | S35: =IF(14>'Summary & Assumptions'!$C$23,"",-Debt!S39) | T35: =IF(15>'Summary & Assumptions'!$C$23,"",-Debt!T39)
B36: Loan Payoff + Exit Fees | F36: =IF(1>'Summary & Assumptions'!$C$23,"",-Debt!F47) | G36: =IF(2>'Summary & Assumptions'!$C$23,"",-Debt!G47) | H36: =IF(3>'Summary & Assumptions'!$C$23,"",-Debt!H47) | I36: =IF(4>'Summary & Assumptions'!$C$23,"",-Debt!I47) | J36: =IF(5>'Summary & Assumptions'!$C$23,"",-Debt!J47) | K36: =IF(6>'Summary & Assumptions'!$C$23,"",-Debt!K47) | L36: =IF(7>'Summary & Assumptions'!$C$23,"",-Debt!L47) | M36: =IF(8>'Summary & Assumptions'!$C$23,"",-Debt!M47) | N36: =IF(9>'Summary & Assumptions'!$C$23,"",-Debt!N47) | O36: =IF(10>'Summary & Assumptions'!$C$23,"",-Debt!O47) | P36: =IF(11>'Summary & Assumptions'!$C$23,"",-Debt!P47) | Q36: =IF(12>'Summary & Assumptions'!$C$23,"",-Debt!Q47) | R36: =IF(13>'Summary & Assumptions'!$C$23,"",-Debt!R47) | S36: =IF(14>'Summary & Assumptions'!$C$23,"",-Debt!S47) | T36: =IF(15>'Summary & Assumptions'!$C$23,"",-Debt!T47)
B37: Net Sale Proceeds after Debt | F37: =IF(1>'Summary & Assumptions'!$C$23,"",F30+F36) | G37: =IF(2>'Summary & Assumptions'!$C$23,"",G30+G36) | H37: =IF(3>'Summary & Assumptions'!$C$23,"",H30+H36) | I37: =IF(4>'Summary & Assumptions'!$C$23,"",I30+I36) | J37: =IF(5>'Summary & Assumptions'!$C$23,"",J30+J36) | K37: =IF(6>'Summary & Assumptions'!$C$23,"",K30+K36) | L37: =IF(7>'Summary & Assumptions'!$C$23,"",L30+L36) | M37: =IF(8>'Summary & Assumptions'!$C$23,"",M30+M36) | N37: =IF(9>'Summary & Assumptions'!$C$23,"",N30+N36) | O37: =IF(10>'Summary & Assumptions'!$C$23,"",O30+O36) | P37: =IF(11>'Summary & Assumptions'!$C$23,"",P30+P36) | Q37: =IF(12>'Summary & Assumptions'!$C$23,"",Q30+Q36) | R37: =IF(13>'Summary & Assumptions'!$C$23,"",R30+R36) | S37: =IF(14>'Summary & Assumptions'!$C$23,"",S30+S36) | T37: =IF(15>'Summary & Assumptions'!$C$23,"",T30+T36)
B38: Debt Balance (EOY) | E38: ='Summary & Assumptions'!$C$68+'Summary & Assumptions'!$C$69+'Summary & Assumptions'!$C$70 | F38: =IF(1>'Summary & Assumptions'!$C$23,"",Debt!F55) | G38: =IF(2>'Summary & Assumptions'!$C$23,"",Debt!G55) | H38: =IF(3>'Summary & Assumptions'!$C$23,"",Debt!H55) | I38: =IF(4>'Summary & Assumptions'!$C$23,"",Debt!I55) | J38: =IF(5>'Summary & Assumptions'!$C$23,"",Debt!J55) | K38: =IF(6>'Summary & Assumptions'!$C$23,"",Debt!K55) | L38: =IF(7>'Summary & Assumptions'!$C$23,"",Debt!L55) | M38: =IF(8>'Summary & Assumptions'!$C$23,"",Debt!M55) | N38: =IF(9>'Summary & Assumptions'!$C$23,"",Debt!N55) | O38: =IF(10>'Summary & Assumptions'!$C$23,"",Debt!O55) | P38: =IF(11>'Summary & Assumptions'!$C$23,"",Debt!P55) | Q38: =IF(12>'Summary & Assumptions'!$C$23,"",Debt!Q55) | R38: =IF(13>'Summary & Assumptions'!$C$23,"",Debt!R55) | S38: =IF(14>'Summary & Assumptions'!$C$23,"",Debt!S55) | T38: =IF(15>'Summary & Assumptions'!$C$23,"",Debt!T55)
B39: Asset Management Fee | F39: =IF(1>'Summary & Assumptions'!$C$23,"",-('Investor Waterfall'!$H$8*'Summary & Assumptions'!$C$73+'Investor Waterfall'!$H$9)) | G39: =IF(2>'Summary & Assumptions'!$C$23,"",-('Investor Waterfall'!$H$8*'Summary & Assumptions'!$C$73+'Investor Waterfall'!$H$9)) | H39: =IF(3>'Summary & Assumptions'!$C$23,"",-('Investor Waterfall'!$H$8*'Summary & Assumptions'!$C$73+'Investor Waterfall'!$H$9)) | I39: =IF(4>'Summary & Assumptions'!$C$23,"",-('Investor Waterfall'!$H$8*'Summary & Assumptions'!$C$73+'Investor Waterfall'!$H$9)) | J39: =IF(5>'Summary & Assumptions'!$C$23,"",-('Investor Waterfall'!$H$8*'Summary & Assumptions'!$C$73+'Investor Waterfall'!$H$9)) | K39: =IF(6>'Summary & Assumptions'!$C$23,"",-('Investor Waterfall'!$H$8*'Summary & Assumptions'!$C$73+'Investor Waterfall'!$H$9)) | L39: =IF(7>'Summary & Assumptions'!$C$23,"",-('Investor Waterfall'!$H$8*'Summary & Assumptions'!$C$73+'Investor Waterfall'!$H$9)) | M39: =IF(8>'Summary & Assumptions'!$C$23,"",-('Investor Waterfall'!$H$8*'Summary & Assumptions'!$C$73+'Investor Waterfall'!$H$9)) | N39: =IF(9>'Summary & Assumptions'!$C$23,"",-('Investor Waterfall'!$H$8*'Summary & Assumptions'!$C$73+'Investor Waterfall'!$H$9)) | O39: =IF(10>'Summary & Assumptions'!$C$23,"",-('Investor Waterfall'!$H$8*'Summary & Assumptions'!$C$73+'Investor Waterfall'!$H$9)) | P39: =IF(11>'Summary & Assumptions'!$C$23,"",-('Investor Waterfall'!$H$8*'Summary & Assumptions'!$C$73+'Investor Waterfall'!$H$9)) | Q39: =IF(12>'Summary & Assumptions'!$C$23,"",-('Investor Waterfall'!$H$8*'Summary & Assumptions'!$C$73+'Investor Waterfall'!$H$9)) | R39: =IF(13>'Summary & Assumptions'!$C$23,"",-('Investor Waterfall'!$H$8*'Summary & Assumptions'!$C$73+'Investor Waterfall'!$H$9)) | S39: =IF(14>'Summary & Assumptions'!$C$23,"",-('Investor Waterfall'!$H$8*'Summary & Assumptions'!$C$73+'Investor Waterfall'!$H$9)) | T39: =IF(15>'Summary & Assumptions'!$C$23,"",-('Investor Waterfall'!$H$8*'Summary & Assumptions'!$C$73+'Investor Waterfall'!$H$9))
B40: Levered Cash Flow | E40: =-'Summary & Assumptions'!$C$74 | F40: =IF(1>'Summary & Assumptions'!$C$23,"",F31+F35+F36+F39) | G40: =IF(2>'Summary & Assumptions'!$C$23,"",G31+G35+G36+G39) | H40: =IF(3>'Summary & Assumptions'!$C$23,"",H31+H35+H36+H39) | I40: =IF(4>'Summary & Assumptions'!$C$23,"",I31+I35+I36+I39) | J40: =IF(5>'Summary & Assumptions'!$C$23,"",J31+J35+J36+J39) | K40: =IF(6>'Summary & Assumptions'!$C$23,"",K31+K35+K36+K39) | L40: =IF(7>'Summary & Assumptions'!$C$23,"",L31+L35+L36+L39) | M40: =IF(8>'Summary & Assumptions'!$C$23,"",M31+M35+M36+M39) | N40: =IF(9>'Summary & Assumptions'!$C$23,"",N31+N35+N36+N39) | O40: =IF(10>'Summary & Assumptions'!$C$23,"",O31+O35+O36+O39) | P40: =IF(11>'Summary & Assumptions'!$C$23,"",P31+P35+P36+P39) | Q40: =IF(12>'Summary & Assumptions'!$C$23,"",Q31+Q35+Q36+Q39) | R40: =IF(13>'Summary & Assumptions'!$C$23,"",R31+R35+R36+R39) | S40: =IF(14>'Summary & Assumptions'!$C$23,"",S31+S35+S36+S39) | T40: =IF(15>'Summary & Assumptions'!$C$23,"",T31+T35+T36+T39)
B41: Levered IRR | D41: =IF(OR('Summary & Assumptions'!$H$6<=0,'P&L'!$Z$69<=0),0,IFERROR(IRR(E40:T40),0))
B43: Operating Metrics
B44: Cash-on-Cash | F44: =IF(1>'Summary & Assumptions'!$C$23,"",IFERROR((F26+F35+F39)/'Summary & Assumptions'!$C$73,0)) | G44: =IF(2>'Summary & Assumptions'!$C$23,"",IFERROR((G26+G35+G39)/'Summary & Assumptions'!$C$73,0)) | H44: =IF(3>'Summary & Assumptions'!$C$23,"",IFERROR((H26+H35+H39)/'Summary & Assumptions'!$C$73,0)) | I44: =IF(4>'Summary & Assumptions'!$C$23,"",IFERROR((I26+I35+I39)/'Summary & Assumptions'!$C$73,0)) | J44: =IF(5>'Summary & Assumptions'!$C$23,"",IFERROR((J26+J35+J39)/'Summary & Assumptions'!$C$73,0)) | K44: =IF(6>'Summary & Assumptions'!$C$23,"",IFERROR((K26+K35+K39)/'Summary & Assumptions'!$C$73,0)) | L44: =IF(7>'Summary & Assumptions'!$C$23,"",IFERROR((L26+L35+L39)/'Summary & Assumptions'!$C$73,0)) | M44: =IF(8>'Summary & Assumptions'!$C$23,"",IFERROR((M26+M35+M39)/'Summary & Assumptions'!$C$73,0)) | N44: =IF(9>'Summary & Assumptions'!$C$23,"",IFERROR((N26+N35+N39)/'Summary & Assumptions'!$C$73,0)) | O44: =IF(10>'Summary & Assumptions'!$C$23,"",IFERROR((O26+O35+O39)/'Summary & Assumptions'!$C$73,0)) | P44: =IF(11>'Summary & Assumptions'!$C$23,"",IFERROR((P26+P35+P39)/'Summary & Assumptions'!$C$73,0)) | Q44: =IF(12>'Summary & Assumptions'!$C$23,"",IFERROR((Q26+Q35+Q39)/'Summary & Assumptions'!$C$73,0)) | R44: =IF(13>'Summary & Assumptions'!$C$23,"",IFERROR((R26+R35+R39)/'Summary & Assumptions'!$C$73,0)) | S44: =IF(14>'Summary & Assumptions'!$C$23,"",IFERROR((S26+S35+S39)/'Summary & Assumptions'!$C$73,0)) | T44: =IF(15>'Summary & Assumptions'!$C$23,"",IFERROR((T26+T35+T39)/'Summary & Assumptions'!$C$73,0))
B45: DSCR (NOI excl. reno / Debt Service) | F45: =IF(1>'Summary & Assumptions'!$C$23,"",IFERROR(F24/-F35,0)) | G45: =IF(2>'Summary & Assumptions'!$C$23,"",IFERROR(G24/-G35,0)) | H45: =IF(3>'Summary & Assumptions'!$C$23,"",IFERROR(H24/-H35,0)) | I45: =IF(4>'Summary & Assumptions'!$C$23,"",IFERROR(I24/-I35,0)) | J45: =IF(5>'Summary & Assumptions'!$C$23,"",IFERROR(J24/-J35,0)) | K45: =IF(6>'Summary & Assumptions'!$C$23,"",IFERROR(K24/-K35,0)) | L45: =IF(7>'Summary & Assumptions'!$C$23,"",IFERROR(L24/-L35,0)) | M45: =IF(8>'Summary & Assumptions'!$C$23,"",IFERROR(M24/-M35,0)) | N45: =IF(9>'Summary & Assumptions'!$C$23,"",IFERROR(N24/-N35,0)) | O45: =IF(10>'Summary & Assumptions'!$C$23,"",IFERROR(O24/-O35,0)) | P45: =IF(11>'Summary & Assumptions'!$C$23,"",IFERROR(P24/-P35,0)) | Q45: =IF(12>'Summary & Assumptions'!$C$23,"",IFERROR(Q24/-Q35,0)) | R45: =IF(13>'Summary & Assumptions'!$C$23,"",IFERROR(R24/-R35,0)) | S45: =IF(14>'Summary & Assumptions'!$C$23,"",IFERROR(S24/-S35,0)) | T45: =IF(15>'Summary & Assumptions'!$C$23,"",IFERROR(T24/-T35,0))
B46: Debt Yield | F46: =IF(1>'Summary & Assumptions'!$C$23,"",IFERROR(F23/F38,0)) | G46: =IF(2>'Summary & Assumptions'!$C$23,"",IFERROR(G23/G38,0)) | H46: =IF(3>'Summary & Assumptions'!$C$23,"",IFERROR(H23/H38,0)) | I46: =IF(4>'Summary & Assumptions'!$C$23,"",IFERROR(I23/I38,0)) | J46: =IF(5>'Summary & Assumptions'!$C$23,"",IFERROR(J23/J38,0)) | K46: =IF(6>'Summary & Assumptions'!$C$23,"",IFERROR(K23/K38,0)) | L46: =IF(7>'Summary & Assumptions'!$C$23,"",IFERROR(L23/L38,0)) | M46: =IF(8>'Summary & Assumptions'!$C$23,"",IFERROR(M23/M38,0)) | N46: =IF(9>'Summary & Assumptions'!$C$23,"",IFERROR(N23/N38,0)) | O46: =IF(10>'Summary & Assumptions'!$C$23,"",IFERROR(O23/O38,0)) | P46: =IF(11>'Summary & Assumptions'!$C$23,"",IFERROR(P23/P38,0)) | Q46: =IF(12>'Summary & Assumptions'!$C$23,"",IFERROR(Q23/Q38,0)) | R46: =IF(13>'Summary & Assumptions'!$C$23,"",IFERROR(R23/R38,0)) | S46: =IF(14>'Summary & Assumptions'!$C$23,"",IFERROR(S23/S38,0)) | T46: =IF(15>'Summary & Assumptions'!$C$23,"",IFERROR(T23/T38,0))
B47: Implied Value (fwd NOI / exit cap) | F47: =IF(1>'Summary & Assumptions'!$C$23,"",IFERROR(G23/'Summary & Assumptions'!$M$8,0)) | G47: =IF(2>'Summary & Assumptions'!$C$23,"",IFERROR(H23/'Summary & Assumptions'!$M$8,0)) | H47: =IF(3>'Summary & Assumptions'!$C$23,"",IFERROR(I23/'Summary & Assumptions'!$M$8,0)) | I47: =IF(4>'Summary & Assumptions'!$C$23,"",IFERROR(J23/'Summary & Assumptions'!$M$8,0)) | J47: =IF(5>'Summary & Assumptions'!$C$23,"",IFERROR(K23/'Summary & Assumptions'!$M$8,0)) | K47: =IF(6>'Summary & Assumptions'!$C$23,"",IFERROR(L23/'Summary & Assumptions'!$M$8,0)) | L47: =IF(7>'Summary & Assumptions'!$C$23,"",IFERROR(M23/'Summary & Assumptions'!$M$8,0)) | M47: =IF(8>'Summary & Assumptions'!$C$23,"",IFERROR(N23/'Summary & Assumptions'!$M$8,0)) | N47: =IF(9>'Summary & Assumptions'!$C$23,"",IFERROR(O23/'Summary & Assumptions'!$M$8,0)) | O47: =IF(10>'Summary & Assumptions'!$C$23,"",IFERROR(P23/'Summary & Assumptions'!$M$8,0)) | P47: =IF(11>'Summary & Assumptions'!$C$23,"",IFERROR(Q23/'Summary & Assumptions'!$M$8,0)) | Q47: =IF(12>'Summary & Assumptions'!$C$23,"",IFERROR(R23/'Summary & Assumptions'!$M$8,0)) | R47: =IF(13>'Summary & Assumptions'!$C$23,"",IFERROR(S23/'Summary & Assumptions'!$M$8,0)) | S47: =IF(14>'Summary & Assumptions'!$C$23,"",IFERROR(T23/'Summary & Assumptions'!$M$8,0)) | T47: =IF(15>'Summary & Assumptions'!$C$23,"",IFERROR(T23/'Summary & Assumptions'!$M$8,0))
B48: EGR Growth (YoY) | G48: =IF(2>'Summary & Assumptions'!$C$23,"",IFERROR(G16/F16-1,0)) | H48: =IF(3>'Summary & Assumptions'!$C$23,"",IFERROR(H16/G16-1,0)) | I48: =IF(4>'Summary & Assumptions'!$C$23,"",IFERROR(I16/H16-1,0)) | J48: =IF(5>'Summary & Assumptions'!$C$23,"",IFERROR(J16/I16-1,0)) | K48: =IF(6>'Summary & Assumptions'!$C$23,"",IFERROR(K16/J16-1,0)) | L48: =IF(7>'Summary & Assumptions'!$C$23,"",IFERROR(L16/K16-1,0)) | M48: =IF(8>'Summary & Assumptions'!$C$23,"",IFERROR(M16/L16-1,0)) | N48: =IF(9>'Summary & Assumptions'!$C$23,"",IFERROR(N16/M16-1,0)) | O48: =IF(10>'Summary & Assumptions'!$C$23,"",IFERROR(O16/N16-1,0)) | P48: =IF(11>'Summary & Assumptions'!$C$23,"",IFERROR(P16/O16-1,0)) | Q48: =IF(12>'Summary & Assumptions'!$C$23,"",IFERROR(Q16/P16-1,0)) | R48: =IF(13>'Summary & Assumptions'!$C$23,"",IFERROR(R16/Q16-1,0)) | S48: =IF(14>'Summary & Assumptions'!$C$23,"",IFERROR(S16/R16-1,0)) | T48: =IF(15>'Summary & Assumptions'!$C$23,"",IFERROR(T16/S16-1,0))
B50: Key Yields & Risk
B51: Yield-on-Cost (untrended) | D51: =IFERROR($F$23/'Summary & Assumptions'!$H$71,0)
B52: Yield-on-Cost (trended, exit yr) | D52: =IFERROR(INDEX($F$23:$T$23,1,MAX(1,MIN('Summary & Assumptions'!$C$23,15)))/'Summary & Assumptions'!$H$71,0)
B53: Spread vs Exit Cap (untrended) | D53: =$D$51-'Summary & Assumptions'!$M$8
B54: Debt Yield (Year 1) | D54: =$F$46
B55: DSCR (Year 1) | D55: =$F$45
B56: Break-Even Occupancy | D56: =IFERROR((-$F$21-$F$35)/($F$13+$F$18+$F$15),0)
B57: Going-In Cap Rate | D57: =IFERROR($F$23/'Summary & Assumptions'!$H$6,0)
B58: Exit Cap Rate | D58: ='Summary & Assumptions'!$M$8
B59: Contract outputs (hidden) — names the app reads; the visible rows above are the model
B60: Levered Operating CF (for CoC) | F60: =IF(1>'Summary & Assumptions'!$C$23,"",F26+F35+F39) | G60: =IF(2>'Summary & Assumptions'!$C$23,"",G26+G35+G39) | H60: =IF(3>'Summary & Assumptions'!$C$23,"",H26+H35+H39) | I60: =IF(4>'Summary & Assumptions'!$C$23,"",I26+I35+I39) | J60: =IF(5>'Summary & Assumptions'!$C$23,"",J26+J35+J39) | K60: =IF(6>'Summary & Assumptions'!$C$23,"",K26+K35+K39) | L60: =IF(7>'Summary & Assumptions'!$C$23,"",L26+L35+L39) | M60: =IF(8>'Summary & Assumptions'!$C$23,"",M26+M35+M39) | N60: =IF(9>'Summary & Assumptions'!$C$23,"",N26+N35+N39) | O60: =IF(10>'Summary & Assumptions'!$C$23,"",O26+O35+O39) | P60: =IF(11>'Summary & Assumptions'!$C$23,"",P26+P35+P39) | Q60: =IF(12>'Summary & Assumptions'!$C$23,"",Q26+Q35+Q39) | R60: =IF(13>'Summary & Assumptions'!$C$23,"",R26+R35+R39) | S60: =IF(14>'Summary & Assumptions'!$C$23,"",S26+S35+S39) | T60: =IF(15>'Summary & Assumptions'!$C$23,"",T26+T35+T39)
B61: NOI, 12 months after exit (forward) | D61: =IFERROR(INDEX($F$23:$T$23,1,MIN('Summary & Assumptions'!$C$23+1,15)),0)
B62: NOI, 12 months before exit (trailing) | D62: =IFERROR(INDEX($F$23:$T$23,1,MAX(1,MIN('Summary & Assumptions'!$C$23,15))),0)
B63: Net sale proceeds (exit) | D63: =SUM(F30:T30)
B64: Tie check (annual-only model: 0 by construction) | D64: =0
B65: Total levered profit over hold | D65: =SUM(E40:T40)

Sheet P&L
D1: =IF('Summary & Assumptions'!$C$6="",IFERROR(LEFT('Summary & Assumptions'!$C$7,FIND(",",'Summary & Assumptions'!$C$7)-1),'Summary & Assumptions'!$C$7),'Summary & Assumptions'!$C$6)&", "&'Summary & Assumptions'!$C$8&", "&'Summary & Assumptions'!$C$9&" - "&'Summary & Assumptions'!$C$11&" Units - Built in "&'Summary & Assumptions'!$C$12
B2: P&L — History to Pro Forma | D2: View Dashboard on Slung
B3: Press [+] above column T to expand the monthly history. Blank Year-1 input = adjusted T12 carries forward. Deductions entered positive.
B4: T12 Period Ending | D4: =EOMONTH(TODAY(),-1) | G4: ='OG T12'!$D$4 | AA4: =IF($AB$4=$AB$6,1,IF($AB$4=$AD$6,2,IF($AB$4=$AF$6,3,IF($AB$4=$AH$6,4,IF($AB$4=$AJ$6,5,IF(AND('P&L'!$U$28>0,OR('P&L'!$AM$4<>"Yes",N('Preferences'!$C$39)<=0)),1,2)))))) | AB4: =IF(AND('P&L'!$U$28>0,OR('P&L'!$AM$4<>"Yes",N('Preferences'!$C$39)<=0)),'P&L'!$U$6,"Market Estimate") | AD4: ← Choose the scenario that drives the model | AM4: No
AA5: In-Use: | AB5: =IF($AA$4=1,"In-Use","") | AD5: =IF($AA$4=2,"In-Use","") | AF5: =IF($AA$4=3,"In-Use","") | AH5: =IF($AA$4=4,"In-Use","") | AJ5: =IF($AA$4=5,"In-Use","") | AM5: =AB6
D6: =EDATE('P&L'!$D$4,-11) | E6: =EDATE('P&L'!$D$4,-10) | F6: =EDATE('P&L'!$D$4,-9) | G6: =EDATE('P&L'!$D$4,-8) | H6: =EDATE('P&L'!$D$4,-7) | I6: =EDATE('P&L'!$D$4,-6) | J6: =EDATE('P&L'!$D$4,-5) | K6: =EDATE('P&L'!$D$4,-4) | L6: =EDATE('P&L'!$D$4,-3) | M6: =EDATE('P&L'!$D$4,-2) | N6: =EDATE('P&L'!$D$4,-1) | O6: =EDATE('P&L'!$D$4,0) | P6: T12 Ann. | Q6: T9 Ann. | R6: T6 Ann. | S6: T3 Ann. | T6: Adjustment | U6: T12 | V6: / unit | W6: Year 1 Input | X6: Calc Type | Y6: Year 1 $ | Z6: YEAR 1 FINAL | AB6: ='P&L'!$U$6 | AC6: /unit | AD6: ="Market Estimate" | AE6: /unit | AF6: ="Scenario 2" | AG6: /unit | AH6: ="Scenario 3" | AI6: /unit | AJ6: ="Scenario 4" | AK6: /unit | AM6: =AD6 | AN6: Growth Override (%) | AO6: Ramp-Up (yrs) | AP6: Notes
B7: Income | AM7: =AF6
B8: Residential Income (GPR) | D8: =IFERROR(SUMPRODUCT((LEFT('OG T12'!$B$7:$B$226,LEN($B8))=$B8)*'OG T12'!$D$7:$P$226*(MONTH('OG T12'!$D$5:$P$5)=MONTH(D$6))*(YEAR('OG T12'!$D$5:$P$5)=YEAR(D$6))),0) | E8: =IFERROR(SUMPRODUCT((LEFT('OG T12'!$B$7:$B$226,LEN($B8))=$B8)*'OG T12'!$D$7:$P$226*(MONTH('OG T12'!$D$5:$P$5)=MONTH(E$6))*(YEAR('OG T12'!$D$5:$P$5)=YEAR(E$6))),0) | F8: =IFERROR(SUMPRODUCT((LEFT('OG T12'!$B$7:$B$226,LEN($B8))=$B8)*'OG T12'!$D$7:$P$226*(MONTH('OG T12'!$D$5:$P$5)=MONTH(F$6))*(YEAR('OG T12'!$D$5:$P$5)=YEAR(F$6))),0) | G8: =IFERROR(SUMPRODUCT((LEFT('OG T12'!$B$7:$B$226,LEN($B8))=$B8)*'OG T12'!$D$7:$P$226*(MONTH('OG T12'!$D$5:$P$5)=MONTH(G$6))*(YEAR('OG T12'!$D$5:$P$5)=YEAR(G$6))),0) | H8: =IFERROR(SUMPRODUCT((LEFT('OG T12'!$B$7:$B$226,LEN($B8))=$B8)*'OG T12'!$D$7:$P$226*(MONTH('OG T12'!$D$5:$P$5)=MONTH(H$6))*(YEAR('OG T12'!$D$5:$P$5)=YEAR(H$6))),0) | I8: =IFERROR(SUMPRODUCT((LEFT('OG T12'!$B$7:$B$226,LEN($B8))=$B8)*'OG T12'!$D$7:$P$226*(MONTH('OG T12'!$D$5:$P$5)=MONTH(I$6))*(YEAR('OG T12'!$D$5:$P$5)=YEAR(I$6))),0) | J8: =IFERROR(SUMPRODUCT((LEFT('OG T12'!$B$7:$B$226,LEN($B8))=$B8)*'OG T12'!$D$7:$P$226*(MONTH('OG T12'!$D$5:$P$5)=MONTH(J$6))*(YEAR('OG T12'!$D$5:$P$5)=YEAR(J$6))),0) | K8: =IFERROR(SUMPRODUCT((LEFT('OG T12'!$B$7:$B$226,LEN($B8))=$B8)*'OG T12'!$D$7:$P$226*(MONTH('OG T12'!$D$5:$P$5)=MONTH(K$6))*(YEAR('OG T12'!$D$5:$P$5)=YEAR(K$6))),0) | ... O8: =IFERROR(SUMPRODUCT((LEFT('OG T12'!$B$7:$B$226,LEN($B8))=$B8)*'OG T12'!$D$7:$P$226*(MONTH('OG T12'!$D$5:$P$5)=MONTH(O$6))*(YEAR('OG T12'!$D$5:$P$5)=YEAR(O$6))),0) | P8: =IF(SUMPRODUCT((LEFT('OG T12'!$B$7:$B$226,LEN($B8))=$B8)*ISNUMBER('OG T12'!$R$7:$R$226)*('OG T12'!$R$7:$R$226<>0))>0,SUMPRODUCT(--(LEFT('OG T12'!$B$7:$B$226,LEN($B8))=$B8),'OG T12'!$R$7:$R$226),IF(COUNT(D8:O8)>0,SUM(D8:O8),0)) | Q8: =IF(COUNT(G8:O8)>0,SUM(G8:O8)/9*12,0) | R8: =IF(COUNT(J8:O8)>0,SUM(J8:O8)/6*12,0) | S8: =IF(COUNT(M8:O8)>0,SUM(M8:O8)/3*12,0) | U8: =IF($U$6="T9",IF(COUNT(D8:O8)>0,Q8,P8),IF($U$6="T6",IF(COUNT(D8:O8)>0,R8,P8),IF($U$6="T3",IF(COUNT(D8:O8)>0,S8,P8),P8)))+T8 | V8: =IFERROR($U8/'Summary & Assumptions'!$C$11,0) | Y8: =IF($W8="",$U8,IF($X8="Total $",$W8,IF($X8="/ unit",$W8*'Summary & Assumptions'!$C$11,IF($X8="% of EGR",$W8*'P&L'!$U$28,IF($X8="/ SF",$W8*'Summary & Assumptions'!$C$16,IF($X8="% of historicals",$W8*$U8,IF($X8="$ / occ. unit",$W8*'Summary & Assumptions'!$C$15,$W8))))))) | Z8: =CHOOSE($AA$4,N(AB8),N(AD8),N(AF8),N(AH8),N(AJ8)) | AB8: =Y8 | AC8: =IFERROR(AB8/'Summary & Assumptions'!$C$11,0) | AD8: ='Preferences'!$C$39*'Summary & Assumptions'!$C$11*12 | AE8: =IFERROR(AD8/'Summary & Assumptions'!$C$11,0) | AG8: =IFERROR(AF8/'Summary & Assumptions'!$C$11,0) | AI8: =IFERROR(AH8/'Summary & Assumptions'!$C$11,0) | AK8: =IFERROR(AJ8/'Summary & Assumptions'!$C$11,0) | AM8: =AH6
B9: Loss to Lease | D9: =IFERROR(-SUMPRODUCT((LEFT('OG T12'!$B$7:$B$226,LEN($B9))=$B9)*'OG T12'!$D$7:$P$226*(MONTH('OG T12'!$D$5:$P$5)=MONTH(D$6))*(YEAR('OG T12'!$D$5:$P$5)=YEAR(D$6))),0) | E9: =IFERROR(-SUMPRODUCT((LEFT('OG T12'!$B$7:$B$226,LEN($B9))=$B9)*'OG T12'!$D$7:$P$226*(MONTH('OG T12'!$D$5:$P$5)=MONTH(E$6))*(YEAR('OG T12'!$D$5:$P$5)=YEAR(E$6))),0) | F9: =IFERROR(-SUMPRODUCT((LEFT('OG T12'!$B$7:$B$226,LEN($B9))=$B9)*'OG T12'!$D$7:$P$226*(MONTH('OG T12'!$D$5:$P$5)=MONTH(F$6))*(YEAR('OG T12'!$D$5:$P$5)=YEAR(F$6))),0) | G9: =IFERROR(-SUMPRODUCT((LEFT('OG T12'!$B$7:$B$226,LEN($B9))=$B9)*'OG T12'!$D$7:$P$226*(MONTH('OG T12'!$D$5:$P$5)=MONTH(G$6))*(YEAR('OG T12'!$D$5:$P$5)=YEAR(G$6))),0) | H9: =IFERROR(-SUMPRODUCT((LEFT('OG T12'!$B$7:$B$226,LEN($B9))=$B9)*'OG T12'!$D$7:$P$226*(MONTH('OG T12'!$D$5:$P$5)=MONTH(H$6))*(YEAR('OG T12'!$D$5:$P$5)=YEAR(H$6))),0) | I9: =IFERROR(-SUMPRODUCT((LEFT('OG T12'!$B$7:$B$226,LEN($B9))=$B9)*'OG T12'!$D$7:$P$226*(MONTH('OG T12'!$D$5:$P$5)=MONTH(I$6))*(YEAR('OG T12'!$D$5:$P$5)=YEAR(I$6))),0) | J9: =IFERROR(-SUMPRODUCT((LEFT('OG T12'!$B$7:$B$226,LEN($B9))=$B9)*'OG T12'!$D$7:$P$226*(MONTH('OG T12'!$D$5:$P$5)=MONTH(J$6))*(YEAR('OG T12'!$D$5:$P$5)=YEAR(J$6))),0) | K9: =IFERROR(-SUMPRODUCT((LEFT('OG T12'!$B$7:$B$226,LEN($B9))=$B9)*'OG T12'!$D$7:$P$226*(MONTH('OG T12'!$D$5:$P$5)=MONTH(K$6))*(YEAR('OG T12'!$D$5:$P$5)=YEAR(K$6))),0) | ... O9: =IFERROR(-SUMPRODUCT((LEFT('OG T12'!$B$7:$B$226,LEN($B9))=$B9)*'OG T12'!$D$7:$P$226*(MONTH('OG T12'!$D$5:$P$5)=MONTH(O$6))*(YEAR('OG T12'!$D$5:$P$5)=YEAR(O$6))),0) | P9: =IF(SUMPRODUCT((LEFT('OG T12'!$B$7:$B$226,LEN($B9))=$B9)*ISNUMBER('OG T12'!$R$7:$R$226)*('OG T12'!$R$7:$R$226<>0))>0,-SUMPRODUCT(--(LEFT('OG T12'!$B$7:$B$226,LEN($B9))=$B9),'OG T12'!$R$7:$R$226),IF(COUNT(D9:O9)>0,SUM(D9:O9),0)) | Q9: =IF(COUNT(G9:O9)>0,SUM(G9:O9)/9*12,0) | R9: =IF(COUNT(J9:O9)>0,SUM(J9:O9)/6*12,0) | S9: =IF(COUNT(M9:O9)>0,SUM(M9:O9)/3*12,0) | U9: =IF($U$6="T9",IF(COUNT(D9:O9)>0,Q9,P9),IF($U$6="T6",IF(COUNT(D9:O9)>0,R9,P9),IF($U$6="T3",IF(COUNT(D9:O9)>0,S9,P9),P9)))+T9 | V9: =IFERROR($U9/'Summary & Assumptions'!$C$11,0) | Y9: =IF($W9="",$U9,IF($X9="Total $",$W9,IF($X9="/ unit",$W9*'Summary & Assumptions'!$C$11,IF($X9="% of EGR",$W9*'P&L'!$U$28,IF($X9="/ SF",$W9*'Summary & Assumptions'!$C$16,IF($X9="% of historicals",$W9*$U9,IF($X9="$ / occ. unit",$W9*'Summary & Assumptions'!$C$15,$W9))))))) | Z9: =CHOOSE($AA$4,N(AB9),N(AD9),N(AF9),N(AH9),N(AJ9)) | AB9: =Y9 | AC9: =IFERROR(AB9/'Summary & Assumptions'!$C$11,0) | AD9: 0 | AE9: =IFERROR(AD9/'Summary & Assumptions'!$C$11,0) | AG9: =IFERROR(AF9/'Summary & Assumptions'!$C$11,0) | AI9: =IFERROR(AH9/'Summary & Assumptions'!$C$11,0) | AK9: =IFERROR(AJ9/'Summary & Assumptions'!$C$11,0) | AM9: =AJ6
B10: Vacancy | D10: =IFERROR(-SUMPRODUCT((LEFT('OG T12'!$B$7:$B$226,LEN($B10))=$B10)*'OG T12'!$D$7:$P$226*(MONTH('OG T12'!$D$5:$P$5)=MONTH(D$6))*(YEAR('OG T12'!$D$5:$P$5)=YEAR(D$6))),0) | E10: =IFERROR(-SUMPRODUCT((LEFT('OG T12'!$B$7:$B$226,LEN($B10))=$B10)*'OG T12'!$D$7:$P$226*(MONTH('OG T12'!$D$5:$P$5)=MONTH(E$6))*(YEAR('OG T12'!$D$5:$P$5)=YEAR(E$6))),0) | F10: =IFERROR(-SUMPRODUCT((LEFT('OG T12'!$B$7:$B$226,LEN($B10))=$B10)*'OG T12'!$D$7:$P$226*(MONTH('OG T12'!$D$5:$P$5)=MONTH(F$6))*(YEAR('OG T12'!$D$5:$P$5)=YEAR(F$6))),0) | G10: =IFERROR(-SUMPRODUCT((LEFT('OG T12'!$B$7:$B$226,LEN($B10))=$B10)*'OG T12'!$D$7:$P$226*(MONTH('OG T12'!$D$5:$P$5)=MONTH(G$6))*(YEAR('OG T12'!$D$5:$P$5)=YEAR(G$6))),0) | H10: =IFERROR(-SUMPRODUCT((LEFT('OG T12'!$B$7:$B$226,LEN($B10))=$B10)*'OG T12'!$D$7:$P$226*(MONTH('OG T12'!$D$5:$P$5)=MONTH(H$6))*(YEAR('OG T12'!$D$5:$P$5)=YEAR(H$6))),0) | I10: =IFERROR(-SUMPRODUCT((LEFT('OG T12'!$B$7:$B$226,LEN($B10))=$B10)*'OG T12'!$D$7:$P$226*(MONTH('OG T12'!$D$5:$P$5)=MONTH(I$6))*(YEAR('OG T12'!$D$5:$P$5)=YEAR(I$6))),0) | J10: =IFERROR(-SUMPRODUCT((LEFT('OG T12'!$B$7:$B$226,LEN($B10))=$B10)*'OG T12'!$D$7:$P$226*(MONTH('OG T12'!$D$5:$P$5)=MONTH(J$6))*(YEAR('OG T12'!$D$5:$P$5)=YEAR(J$6))),0) | K10: =IFERROR(-SUMPRODUCT((LEFT('OG T12'!$B$7:$B$226,LEN($B10))=$B10)*'OG T12'!$D$7:$P$226*(MONTH('OG T12'!$D$5:$P$5)=MONTH(K$6))*(YEAR('OG T12'!$D$5:$P$5)=YEAR(K$6))),0) | ... O10: =IFERROR(-SUMPRODUCT((LEFT('OG T12'!$B$7:$B$226,LEN($B10))=$B10)*'OG T12'!$D$7:$P$226*(MONTH('OG T12'!$D$5:$P$5)=MONTH(O$6))*(YEAR('OG T12'!$D$5:$P$5)=YEAR(O$6))),0) | P10: =IF(SUMPRODUCT((LEFT('OG T12'!$B$7:$B$226,LEN($B10))=$B10)*ISNUMBER('OG T12'!$R$7:$R$226)*('OG T12'!$R$7:$R$226<>0))>0,-SUMPRODUCT(--(LEFT('OG T12'!$B$7:$B$226,LEN($B10))=$B10),'OG T12'!$R$7:$R$226),IF(COUNT(D10:O10)>0,SUM(D10:O10),0)) | Q10: =IF(COUNT(G10:O10)>0,SUM(G10:O10)/9*12,0) | R10: =IF(COUNT(J10:O10)>0,SUM(J10:O10)/6*12,0) | S10: =IF(COUNT(M10:O10)>0,SUM(M10:O10)/3*12,0) | U10: =IF($U$6="T9",IF(COUNT(D10:O10)>0,Q10,P10),IF($U$6="T6",IF(COUNT(D10:O10)>0,R10,P10),IF($U$6="T3",IF(COUNT(D10:O10)>0,S10,P10),P10)))+T10 | V10: =IFERROR($U10/'Summary & Assumptions'!$C$11,0) | Y10: =IF($W10="",$U10,IF($X10="Total $",$W10,IF($X10="/ unit",$W10*'Summary & Assumptions'!$C$11,IF($X10="% of EGR",$W10*'P&L'!$U$28,IF($X10="/ SF",$W10*'Summary & Assumptions'!$C$16,IF($X10="% of historicals",$W10*$U10,IF($X10="$ / occ. unit",$W10*'Summary & Assumptions'!$C$15,$W10))))))) | Z10: =CHOOSE($AA$4,N(AB10),N(AD10),N(AF10),N(AH10),N(AJ10)) | AB10: =Y10 | AC10: =IFERROR(AB10/'Summary & Assumptions'!$C$11,0) | AD10: =AD8*INDEX('CashFlow'!$F$9:$P$9,1,1) | AE10: =IFERROR(AD10/'Summary & Assumptions'!$C$11,0) | AG10: =IFERROR(AF10/'Summary & Assumptions'!$C$11,0) | AI10: =IFERROR(AH10/'Summary & Assumptions'!$C$11,0) | AK10: =IFERROR(AJ10/'Summary & Assumptions'!$C$11,0)
B11: Non-Revenue Units | D11: =IFERROR(-SUMPRODUCT((LEFT('OG T12'!$B$7:$B$226,LEN($B11))=$B11)*'OG T12'!$D$7:$P$226*(MONTH('OG T12'!$D$5:$P$5)=MONTH(D$6))*(YEAR('OG T12'!$D$5:$P$5)=YEAR(D$6))),0) | E11: =IFERROR(-SUMPRODUCT((LEFT('OG T12'!$B$7:$B$226,LEN($B11))=$B11)*'OG T12'!$D$7:$P$226*(MONTH('OG T12'!$D$5:$P$5)=MONTH(E$6))*(YEAR('OG T12'!$D$5:$P$5)=YEAR(E$6))),0) | F11: =IFERROR(-SUMPRODUCT((LEFT('OG T12'!$B$7:$B$226,LEN($B11))=$B11)*'OG T12'!$D$7:$P$226*(MONTH('OG T12'!$D$5:$P$5)=MONTH(F$6))*(YEAR('OG T12'!$D$5:$P$5)=YEAR(F$6))),0) | G11: =IFERROR(-SUMPRODUCT((LEFT('OG T12'!$B$7:$B$226,LEN($B11))=$B11)*'OG T12'!$D$7:$P$226*(MONTH('OG T12'!$D$5:$P$5)=MONTH(G$6))*(YEAR('OG T12'!$D$5:$P$5)=YEAR(G$6))),0) | H11: =IFERROR(-SUMPRODUCT((LEFT('OG T12'!$B$7:$B$226,LEN($B11))=$B11)*'OG T12'!$D$7:$P$226*(MONTH('OG T12'!$D$5:$P$5)=MONTH(H$6))*(YEAR('OG T12'!$D$5:$P$5)=YEAR(H$6))),0) | I11: =IFERROR(-SUMPRODUCT((LEFT('OG T12'!$B$7:$B$226,LEN($B11))=$B11)*'OG T12'!$D$7:$P$226*(MONTH('OG T12'!$D$5:$P$5)=MONTH(I$6))*(YEAR('OG T12'!$D$5:$P$5)=YEAR(I$6))),0) | J11: =IFERROR(-SUMPRODUCT((LEFT('OG T12'!$B$7:$B$226,LEN($B11))=$B11)*'OG T12'!$D$7:$P$226*(MONTH('OG T12'!$D$5:$P$5)=MONTH(J$6))*(YEAR('OG T12'!$D$5:$P$5)=YEAR(J$6))),0) | K11: =IFERROR(-SUMPRODUCT((LEFT('OG T12'!$B$7:$B$226,LEN($B11))=$B11)*'OG T12'!$D$7:$P$226*(MONTH('OG T12'!$D$5:$P$5)=MONTH(K$6))*(YEAR('OG T12'!$D$5:$P$5)=YEAR(K$6))),0) | ... O11: =IFERROR(-SUMPRODUCT((LEFT('OG T12'!$B$7:$B$226,LEN($B11))=$B11)*'OG T12'!$D$7:$P$226*(MONTH('OG T12'!$D$5:$P$5)=MONTH(O$6))*(YEAR('OG T12'!$D$5:$P$5)=YEAR(O$6))),0) | P11: =IF(SUMPRODUCT((LEFT('OG T12'!$B$7:$B$226,LEN($B11))=$B11)*ISNUMBER('OG T12'!$R$7:$R$226)*('OG T12'!$R$7:$R$226<>0))>0,-SUMPRODUCT(--(LEFT('OG T12'!$B$7:$B$226,LEN($B11))=$B11),'OG T12'!$R$7:$R$226),IF(COUNT(D11:O11)>0,SUM(D11:O11),0)) | Q11: =IF(COUNT(G11:O11)>0,SUM(G11:O11)/9*12,0) | R11: =IF(COUNT(J11:O11)>0,SUM(J11:O11)/6*12,0) | S11: =IF(COUNT(M11:O11)>0,SUM(M11:O11)/3*12,0) | U11: =IF($U$6="T9",IF(COUNT(D11:O11)>0,Q11,P11),IF($U$6="T6",IF(COUNT(D11:O11)>0,R11,P11),IF($U$6="T3",IF(COUNT(D11:O11)>0,S11,P11),P11)))+T11 | V11: =IFERROR($U11/'Summary & Assumptions'!$C$11,0) | Y11: =IF($W11="",$U11,IF($X11="Total $",$W11,IF($X11="/ unit",$W11*'Summary & Assumptions'!$C$11,IF($X11="% of EGR",$W11*'P&L'!$U$28,IF($X11="/ SF",$W11*'Summary & Assumptions'!$C$16,IF($X11="% of historicals",$W11*$U11,IF($X11="$ / occ. unit",$W11*'Summary & Assumptions'!$C$15,$W11))))))) | Z11: =CHOOSE($AA$4,N(AB11),N(AD11),N(AF11),N(AH11),N(AJ11)) | AB11: =Y11 | AC11: =IFERROR(AB11/'Summary & Assumptions'!$C$11,0) | AD11: 0 | AE11: =IFERROR(AD11/'Summary & Assumptions'!$C$11,0) | AG11: =IFERROR(AF11/'Summary & Assumptions'!$C$11,0) | AI11: =IFERROR(AH11/'Summary & Assumptions'!$C$11,0) | AK11: =IFERROR(AJ11/'Summary & Assumptions'!$C$11,0)
B12: Concessions | D12: =IFERROR(-SUMPRODUCT((LEFT('OG T12'!$B$7:$B$226,LEN($B12))=$B12)*'OG T12'!$D$7:$P$226*(MONTH('OG T12'!$D$5:$P$5)=MONTH(D$6))*(YEAR('OG T12'!$D$5:$P$5)=YEAR(D$6))),0) | E12: =IFERROR(-SUMPRODUCT((LEFT('OG T12'!$B$7:$B$226,LEN($B12))=$B12)*'OG T12'!$D$7:$P$226*(MONTH('OG T12'!$D$5:$P$5)=MONTH(E$6))*(YEAR('OG T12'!$D$5:$P$5)=YEAR(E$6))),0) | F12: =IFERROR(-SUMPRODUCT((LEFT('OG T12'!$B$7:$B$226,LEN($B12))=$B12)*'OG T12'!$D$7:$P$226*(MONTH('OG T12'!$D$5:$P$5)=MONTH(F$6))*(YEAR('OG T12'!$D$5:$P$5)=YEAR(F$6))),0) | G12: =IFERROR(-SUMPRODUCT((LEFT('OG T12'!$B$7:$B$226,LEN($B12))=$B12)*'OG T12'!$D$7:$P$226*(MONTH('OG T12'!$D$5:$P$5)=MONTH(G$6))*(YEAR('OG T12'!$D$5:$P$5)=YEAR(G$6))),0) | H12: =IFERROR(-SUMPRODUCT((LEFT('OG T12'!$B$7:$B$226,LEN($B12))=$B12)*'OG T12'!$D$7:$P$226*(MONTH('OG T12'!$D$5:$P$5)=MONTH(H$6))*(YEAR('OG T12'!$D$5:$P$5)=YEAR(H$6))),0) | I12: =IFERROR(-SUMPRODUCT((LEFT('OG T12'!$B$7:$B$226,LEN($B12))=$B12)*'OG T12'!$D$7:$P$226*(MONTH('OG T12'!$D$5:$P$5)=MONTH(I$6))*(YEAR('OG T12'!$D$5:$P$5)=YEAR(I$6))),0) | J12: =IFERROR(-SUMPRODUCT((LEFT('OG T12'!$B$7:$B$226,LEN($B12))=$B12)*'OG T12'!$D$7:$P$226*(MONTH('OG T12'!$D$5:$P$5)=MONTH(J$6))*(YEAR('OG T12'!$D$5:$P$5)=YEAR(J$6))),0) | K12: =IFERROR(-SUMPRODUCT((LEFT('OG T12'!$B$7:$B$226,LEN($B12))=$B12)*'OG T12'!$D$7:$P$226*(MONTH('OG T12'!$D$5:$P$5)=MONTH(K$6))*(YEAR('OG T12'!$D$5:$P$5)=YEAR(K$6))),0) | ... O12: =IFERROR(-SUMPRODUCT((LEFT('OG T12'!$B$7:$B$226,LEN($B12))=$B12)*'OG T12'!$D$7:$P$226*(MONTH('OG T12'!$D$5:$P$5)=MONTH(O$6))*(YEAR('OG T12'!$D$5:$P$5)=YEAR(O$6))),0) | P12: =IF(SUMPRODUCT((LEFT('OG T12'!$B$7:$B$226,LEN($B12))=$B12)*ISNUMBER('OG T12'!$R$7:$R$226)*('OG T12'!$R$7:$R$226<>0))>0,-SUMPRODUCT(--(LEFT('OG T12'!$B$7:$B$226,LEN($B12))=$B12),'OG T12'!$R$7:$R$226),IF(COUNT(D12:O12)>0,SUM(D12:O12),0)) | Q12: =IF(COUNT(G12:O12)>0,SUM(G12:O12)/9*12,0) | R12: =IF(COUNT(J12:O12)>0,SUM(J12:O12)/6*12,0) | S12: =IF(COUNT(M12:O12)>0,SUM(M12:O12)/3*12,0) | U12: =IF($U$6="T9",IF(COUNT(D12:O12)>0,Q12,P12),IF($U$6="T6",IF(COUNT(D12:O12)>0,R12,P12),IF($U$6="T3",IF(COUNT(D12:O12)>0,S12,P12),P12)))+T12 | V12: =IFERROR($U12/'Summary & Assumptions'!$C$11,0) | Y12: =IF($W12="",$U12,IF($X12="Total $",$W12,IF($X12="/ unit",$W12*'Summary & Assumptions'!$C$11,IF($X12="% of EGR",$W12*'P&L'!$U$28,IF($X12="/ SF",$W12*'Summary & Assumptions'!$C$16,IF($X12="% of historicals",$W12*$U12,IF($X12="$ / occ. unit",$W12*'Summary & Assumptions'!$C$15,$W12))))))) | Z12: =CHOOSE($AA$4,N(AB12),N(AD12),N(AF12),N(AH12),N(AJ12)) | AB12: =Y12 | AC12: =IFERROR(AB12/'Summary & Assumptions'!$C$11,0) | AD12: 0 | AE12: =IFERROR(AD12/'Summary & Assumptions'!$C$11,0) | AG12: =IFERROR(AF12/'Summary & Assumptions'!$C$11,0) | AI12: =IFERROR(AH12/'Summary & Assumptions'!$C$11,0) | AK12: =IFERROR(AJ12/'Summary & Assumptions'!$C$11,0)
B13: Bad Debt/Collection Loss | D13: =IFERROR(-SUMPRODUCT((LEFT('OG T12'!$B$7:$B$226,LEN($B13))=$B13)*'OG T12'!$D$7:$P$226*(MONTH('OG T12'!$D$5:$P$5)=MONTH(D$6))*(YEAR('OG T12'!$D$5:$P$5)=YEAR(D$6))),0) | E13: =IFERROR(-SUMPRODUCT((LEFT('OG T12'!$B$7:$B$226,LEN($B13))=$B13)*'OG T12'!$D$7:$P$226*(MONTH('OG T12'!$D$5:$P$5)=MONTH(E$6))*(YEAR('OG T12'!$D$5:$P$5)=YEAR(E$6))),0) | F13: =IFERROR(-SUMPRODUCT((LEFT('OG T12'!$B$7:$B$226,LEN($B13))=$B13)*'OG T12'!$D$7:$P$226*(MONTH('OG T12'!$D$5:$P$5)=MONTH(F$6))*(YEAR('OG T12'!$D$5:$P$5)=YEAR(F$6))),0) | G13: =IFERROR(-SUMPRODUCT((LEFT('OG T12'!$B$7:$B$226,LEN($B13))=$B13)*'OG T12'!$D$7:$P$226*(MONTH('OG T12'!$D$5:$P$5)=MONTH(G$6))*(YEAR('OG T12'!$D$5:$P$5)=YEAR(G$6))),0) | H13: =IFERROR(-SUMPRODUCT((LEFT('OG T12'!$B$7:$B$226,LEN($B13))=$B13)*'OG T12'!$D$7:$P$226*(MONTH('OG T12'!$D$5:$P$5)=MONTH(H$6))*(YEAR('OG T12'!$D$5:$P$5)=YEAR(H$6))),0) | I13: =IFERROR(-SUMPRODUCT((LEFT('OG T12'!$B$7:$B$226,LEN($B13))=$B13)*'OG T12'!$D$7:$P$226*(MONTH('OG T12'!$D$5:$P$5)=MONTH(I$6))*(YEAR('OG T12'!$D$5:$P$5)=YEAR(I$6))),0) | J13: =IFERROR(-SUMPRODUCT((LEFT('OG T12'!$B$7:$B$226,LEN($B13))=$B13)*'OG T12'!$D$7:$P$226*(MONTH('OG T12'!$D$5:$P$5)=MONTH(J$6))*(YEAR('OG T12'!$D$5:$P$5)=YEAR(J$6))),0) | K13: =IFERROR(-SUMPRODUCT((LEFT('OG T12'!$B$7:$B$226,LEN($B13))=$B13)*'OG T12'!$D$7:$P$226*(MONTH('OG T12'!$D$5:$P$5)=MONTH(K$6))*(YEAR('OG T12'!$D$5:$P$5)=YEAR(K$6))),0) | ... O13: =IFERROR(-SUMPRODUCT((LEFT('OG T12'!$B$7:$B$226,LEN($B13))=$B13)*'OG T12'!$D$7:$P$226*(MONTH('OG T12'!$D$5:$P$5)=MONTH(O$6))*(YEAR('OG T12'!$D$5:$P$5)=YEAR(O$6))),0) | P13: =IF(SUMPRODUCT((LEFT('OG T12'!$B$7:$B$226,LEN($B13))=$B13)*ISNUMBER('OG T12'!$R$7:$R$226)*('OG T12'!$R$7:$R$226<>0))>0,-SUMPRODUCT(--(LEFT('OG T12'!$B$7:$B$226,LEN($B13))=$B13),'OG T12'!$R$7:$R$226),IF(COUNT(D13:O13)>0,SUM(D13:O13),0)) | Q13: =IF(COUNT(G13:O13)>0,SUM(G13:O13)/9*12,0) | R13: =IF(COUNT(J13:O13)>0,SUM(J13:O13)/6*12,0) | S13: =IF(COUNT(M13:O13)>0,SUM(M13:O13)/3*12,0) | U13: =IF($U$6="T9",IF(COUNT(D13:O13)>0,Q13,P13),IF($U$6="T6",IF(COUNT(D13:O13)>0,R13,P13),IF($U$6="T3",IF(COUNT(D13:O13)>0,S13,P13),P13)))+T13 | V13: =IFERROR($U13/'Summary & Assumptions'!$C$11,0) | Y13: =IF($W13="",$U13,IF($X13="Total $",$W13,IF($X13="/ unit",$W13*'Summary & Assumptions'!$C$11,IF($X13="% of EGR",$W13*'P&L'!$U$28,IF($X13="/ SF",$W13*'Summary & Assumptions'!$C$16,IF($X13="% of historicals",$W13*$U13,IF($X13="$ / occ. unit",$W13*'Summary & Assumptions'!$C$15,$W13))))))) | Z13: =CHOOSE($AA$4,N(AB13),N(AD13),N(AF13),N(AH13),N(AJ13)) | AB13: =Y13 | AC13: =IFERROR(AB13/'Summary & Assumptions'!$C$11,0) | AD13: 0 | AE13: =IFERROR(AD13/'Summary & Assumptions'!$C$11,0) | AG13: =IFERROR(AF13/'Summary & Assumptions'!$C$11,0) | AI13: =IFERROR(AH13/'Summary & Assumptions'!$C$11,0) | AK13: =IFERROR(AJ13/'Summary & Assumptions'!$C$11,0)
B14: Reimbursements (RUBS) | D14: =IFERROR(SUMPRODUCT((LEFT('OG T12'!$B$7:$B$226,LEN($B14))=$B14)*'OG T12'!$D$7:$P$226*(MONTH('OG T12'!$D$5:$P$5)=MONTH(D$6))*(YEAR('OG T12'!$D$5:$P$5)=YEAR(D$6))),0) | E14: =IFERROR(SUMPRODUCT((LEFT('OG T12'!$B$7:$B$226,LEN($B14))=$B14)*'OG T12'!$D$7:$P$226*(MONTH('OG T12'!$D$5:$P$5)=MONTH(E$6))*(YEAR('OG T12'!$D$5:$P$5)=YEAR(E$6))),0) | F14: =IFERROR(SUMPRODUCT((LEFT('OG T12'!$B$7:$B$226,LEN($B14))=$B14)*'OG T12'!$D$7:$P$226*(MONTH('OG T12'!$D$5:$P$5)=MONTH(F$6))*(YEAR('OG T12'!$D$5:$P$5)=YEAR(F$6))),0) | G14: =IFERROR(SUMPRODUCT((LEFT('OG T12'!$B$7:$B$226,LEN($B14))=$B14)*'OG T12'!$D$7:$P$226*(MONTH('OG T12'!$D$5:$P$5)=MONTH(G$6))*(YEAR('OG T12'!$D$5:$P$5)=YEAR(G$6))),0) | H14: =IFERROR(SUMPRODUCT((LEFT('OG T12'!$B$7:$B$226,LEN($B14))=$B14)*'OG T12'!$D$7:$P$226*(MONTH('OG T12'!$D$5:$P$5)=MONTH(H$6))*(YEAR('OG T12'!$D$5:$P$5)=YEAR(H$6))),0) | I14: =IFERROR(SUMPRODUCT((LEFT('OG T12'!$B$7:$B$226,LEN($B14))=$B14)*'OG T12'!$D$7:$P$226*(MONTH('OG T12'!$D$5:$P$5)=MONTH(I$6))*(YEAR('OG T12'!$D$5:$P$5)=YEAR(I$6))),0) | J14: =IFERROR(SUMPRODUCT((LEFT('OG T12'!$B$7:$B$226,LEN($B14))=$B14)*'OG T12'!$D$7:$P$226*(MONTH('OG T12'!$D$5:$P$5)=MONTH(J$6))*(YEAR('OG T12'!$D$5:$P$5)=YEAR(J$6))),0) | K14: =IFERROR(SUMPRODUCT((LEFT('OG T12'!$B$7:$B$226,LEN($B14))=$B14)*'OG T12'!$D$7:$P$226*(MONTH('OG T12'!$D$5:$P$5)=MONTH(K$6))*(YEAR('OG T12'!$D$5:$P$5)=YEAR(K$6))),0) | ... O14: =IFERROR(SUMPRODUCT((LEFT('OG T12'!$B$7:$B$226,LEN($B14))=$B14)*'OG T12'!$D$7:$P$226*(MONTH('OG T12'!$D$5:$P$5)=MONTH(O$6))*(YEAR('OG T12'!$D$5:$P$5)=YEAR(O$6))),0) | P14: =IF(SUMPRODUCT((LEFT('OG T12'!$B$7:$B$226,LEN($B14))=$B14)*ISNUMBER('OG T12'!$R$7:$R$226)*('OG T12'!$R$7:$R$226<>0))>0,SUMPRODUCT(--(LEFT('OG T12'!$B$7:$B$226,LEN($B14))=$B14),'OG T12'!$R$7:$R$226),IF(COUNT(D14:O14)>0,SUM(D14:O14),0)) | Q14: =IF(COUNT(G14:O14)>0,SUM(G14:O14)/9*12,0) | R14: =IF(COUNT(J14:O14)>0,SUM(J14:O14)/6*12,0) | S14: =IF(COUNT(M14:O14)>0,SUM(M14:O14)/3*12,0) | U14: =IF($U$6="T9",IF(COUNT(D14:O14)>0,Q14,P14),IF($U$6="T6",IF(COUNT(D14:O14)>0,R14,P14),IF($U$6="T3",IF(COUNT(D14:O14)>0,S14,P14),P14)))+T14 | V14: =IFERROR($U14/'Summary & Assumptions'!$C$11,0) | Y14: =IF($W14="",$U14,IF($X14="Total $",$W14,IF($X14="/ unit",$W14*'Summary & Assumptions'!$C$11,IF($X14="% of EGR",$W14*'P&L'!$U$28,IF($X14="/ SF",$W14*'Summary & Assumptions'!$C$16,IF($X14="% of historicals",$W14*$U14,IF($X14="$ / occ. unit",$W14*'Summary & Assumptions'!$C$15,$W14))))))) | Z14: =CHOOSE($AA$4,N(AB14),N(AD14),N(AF14),N(AH14),N(AJ14)) | AB14: =Y14+SUM(Y15:Y19)-SUM(U15:U19) | AC14: =IFERROR(AB14/'Summary & Assumptions'!$C$11,0) | AD14: 0 | AE14: =IFERROR(AD14/'Summary & Assumptions'!$C$11,0) | AG14: =IFERROR(AF14/'Summary & Assumptions'!$C$11,0) | AI14: =IFERROR(AH14/'Summary & Assumptions'!$C$11,0) | AK14: =IFERROR(AJ14/'Summary & Assumptions'!$C$11,0)
B15: Reimbursements (RUBS) - General | D15: =IFERROR(SUMPRODUCT((LEFT('OG T12'!$B$7:$B$226,LEN($B15))=$B15)*'OG T12'!$D$7:$P$226*(MONTH('OG T12'!$D$5:$P$5)=MONTH(D$6))*(YEAR('OG T12'!$D$5:$P$5)=YEAR(D$6))),0) | E15: =IFERROR(SUMPRODUCT((LEFT('OG T12'!$B$7:$B$226,LEN($B15))=$B15)*'OG T12'!$D$7:$P$226*(MONTH('OG T12'!$D$5:$P$5)=MONTH(E$6))*(YEAR('OG T12'!$D$5:$P$5)=YEAR(E$6))),0) | F15: =IFERROR(SUMPRODUCT((LEFT('OG T12'!$B$7:$B$226,LEN($B15))=$B15)*'OG T12'!$D$7:$P$226*(MONTH('OG T12'!$D$5:$P$5)=MONTH(F$6))*(YEAR('OG T12'!$D$5:$P$5)=YEAR(F$6))),0) | G15: =IFERROR(SUMPRODUCT((LEFT('OG T12'!$B$7:$B$226,LEN($B15))=$B15)*'OG T12'!$D$7:$P$226*(MONTH('OG T12'!$D$5:$P$5)=MONTH(G$6))*(YEAR('OG T12'!$D$5:$P$5)=YEAR(G$6))),0) | H15: =IFERROR(SUMPRODUCT((LEFT('OG T12'!$B$7:$B$226,LEN($B15))=$B15)*'OG T12'!$D$7:$P$226*(MONTH('OG T12'!$D$5:$P$5)=MONTH(H$6))*(YEAR('OG T12'!$D$5:$P$5)=YEAR(H$6))),0) | I15: =IFERROR(SUMPRODUCT((LEFT('OG T12'!$B$7:$B$226,LEN($B15))=$B15)*'OG T12'!$D$7:$P$226*(MONTH('OG T12'!$D$5:$P$5)=MONTH(I$6))*(YEAR('OG T12'!$D$5:$P$5)=YEAR(I$6))),0) | J15: =IFERROR(SUMPRODUCT((LEFT('OG T12'!$B$7:$B$226,LEN($B15))=$B15)*'OG T12'!$D$7:$P$226*(MONTH('OG T12'!$D$5:$P$5)=MONTH(J$6))*(YEAR('OG T12'!$D$5:$P$5)=YEAR(J$6))),0) | K15: =IFERROR(SUMPRODUCT((LEFT('OG T12'!$B$7:$B$226,LEN($B15))=$B15)*'OG T12'!$D$7:$P$226*(MONTH('OG T12'!$D$5:$P$5)=MONTH(K$6))*(YEAR('OG T12'!$D$5:$P$5)=YEAR(K$6))),0) | ... O15: =IFERROR(SUMPRODUCT((LEFT('OG T12'!$B$7:$B$226,LEN($B15))=$B15)*'OG T12'!$D$7:$P$226*(MONTH('OG T12'!$D$5:$P$5)=MONTH(O$6))*(YEAR('OG T12'!$D$5:$P$5)=YEAR(O$6))),0) | P15: =IF(SUMPRODUCT((LEFT('OG T12'!$B$7:$B$226,LEN($B15))=$B15)*ISNUMBER('OG T12'!$R$7:$R$226)*('OG T12'!$R$7:$R$226<>0))>0,SUMPRODUCT(--(LEFT('OG T12'!$B$7:$B$226,LEN($B15))=$B15),'OG T12'!$R$7:$R$226),IF(COUNT(D15:O15)>0,SUM(D15:O15),0)) | Q15: =IF(COUNT(G15:O15)>0,SUM(G15:O15)/9*12,0) | R15: =IF(COUNT(J15:O15)>0,SUM(J15:O15)/6*12,0) | S15: =IF(COUNT(M15:O15)>0,SUM(M15:O15)/3*12,0) | U15: =IF($U$6="T9",IF(COUNT(D15:O15)>0,Q15,P15),IF($U$6="T6",IF(COUNT(D15:O15)>0,R15,P15),IF($U$6="T3",IF(COUNT(D15:O15)>0,S15,P15),P15)))+T15 | V15: =IFERROR($U15/'Summary & Assumptions'!$C$11,0) | Y15: =IF($W15="",$U15,$W15) | Z15: =CHOOSE($AA$4,N(AB15),N(AD15),N(AF15),N(AH15),N(AJ15)) | AB15: =Y15 | AC15: =IFERROR(AB15/'Summary & Assumptions'!$C$11,0) | AD15: 0 | AE15: =IFERROR(AD15/'Summary & Assumptions'!$C$11,0) | AG15: =IFERROR(AF15/'Summary & Assumptions'!$C$11,0) | AI15: =IFERROR(AH15/'Summary & Assumptions'!$C$11,0) | AK15: =IFERROR(AJ15/'Summary & Assumptions'!$C$11,0)
B16: Reimbursements (RUBS) - Electric | D16: =IFERROR(SUMPRODUCT((LEFT('OG T12'!$B$7:$B$226,LEN($B16))=$B16)*'OG T12'!$D$7:$P$226*(MONTH('OG T12'!$D$5:$P$5)=MONTH(D$6))*(YEAR('OG T12'!$D$5:$P$5)=YEAR(D$6))),0) | E16: =IFERROR(SUMPRODUCT((LEFT('OG T12'!$B$7:$B$226,LEN($B16))=$B16)*'OG T12'!$D$7:$P$226*(MONTH('OG T12'!$D$5:$P$5)=MONTH(E$6))*(YEAR('OG T12'!$D$5:$P$5)=YEAR(E$6))),0) | F16: =IFERROR(SUMPRODUCT((LEFT('OG T12'!$B$7:$B$226,LEN($B16))=$B16)*'OG T12'!$D$7:$P$226*(MONTH('OG T12'!$D$5:$P$5)=MONTH(F$6))*(YEAR('OG T12'!$D$5:$P$5)=YEAR(F$6))),0) | G16: =IFERROR(SUMPRODUCT((LEFT('OG T12'!$B$7:$B$226,LEN($B16))=$B16)*'OG T12'!$D$7:$P$226*(MONTH('OG T12'!$D$5:$P$5)=MONTH(G$6))*(YEAR('OG T12'!$D$5:$P$5)=YEAR(G$6))),0) | H16: =IFERROR(SUMPRODUCT((LEFT('OG T12'!$B$7:$B$226,LEN($B16))=$B16)*'OG T12'!$D$7:$P$226*(MONTH('OG T12'!$D$5:$P$5)=MONTH(H$6))*(YEAR('OG T12'!$D$5:$P$5)=YEAR(H$6))),0) | I16: =IFERROR(SUMPRODUCT((LEFT('OG T12'!$B$7:$B$226,LEN($B16))=$B16)*'OG T12'!$D$7:$P$226*(MONTH('OG T12'!$D$5:$P$5)=MONTH(I$6))*(YEAR('OG T12'!$D$5:$P$5)=YEAR(I$6))),0) | J16: =IFERROR(SUMPRODUCT((LEFT('OG T12'!$B$7:$B$226,LEN($B16))=$B16)*'OG T12'!$D$7:$P$226*(MONTH('OG T12'!$D$5:$P$5)=MONTH(J$6))*(YEAR('OG T12'!$D$5:$P$5)=YEAR(J$6))),0) | K16: =IFERROR(SUMPRODUCT((LEFT('OG T12'!$B$7:$B$226,LEN($B16))=$B16)*'OG T12'!$D$7:$P$226*(MONTH('OG T12'!$D$5:$P$5)=MONTH(K$6))*(YEAR('OG T12'!$D$5:$P$5)=YEAR(K$6))),0) | ... O16: =IFERROR(SUMPRODUCT((LEFT('OG T12'!$B$7:$B$226,LEN($B16))=$B16)*'OG T12'!$D$7:$P$226*(MONTH('OG T12'!$D$5:$P$5)=MONTH(O$6))*(YEAR('OG T12'!$D$5:$P$5)=YEAR(O$6))),0) | P16: =IF(SUMPRODUCT((LEFT('OG T12'!$B$7:$B$226,LEN($B16))=$B16)*ISNUMBER('OG T12'!$R$7:$R$226)*('OG T12'!$R$7:$R$226<>0))>0,SUMPRODUCT(--(LEFT('OG T12'!$B$7:$B$226,LEN($B16))=$B16),'OG T12'!$R$7:$R$226),IF(COUNT(D16:O16)>0,SUM(D16:O16),0)) | Q16: =IF(COUNT(G16:O16)>0,SUM(G16:O16)/9*12,0) | R16: =IF(COUNT(J16:O16)>0,SUM(J16:O16)/6*12,0) | S16: =IF(COUNT(M16:O16)>0,SUM(M16:O16)/3*12,0) | U16: =IF($U$6="T9",IF(COUNT(D16:O16)>0,Q16,P16),IF($U$6="T6",IF(COUNT(D16:O16)>0,R16,P16),IF($U$6="T3",IF(COUNT(D16:O16)>0,S16,P16),P16)))+T16 | V16: =IFERROR($U16/'Summary & Assumptions'!$C$11,0) | Y16: =IF($W16="",$U16,$W16) | Z16: =CHOOSE($AA$4,N(AB16),N(AD16),N(AF16),N(AH16),N(AJ16)) | AB16: =Y16 | AC16: =IFERROR(AB16/'Summary & Assumptions'!$C$11,0) | AD16: 0 | AE16: =IFERROR(AD16/'Summary & Assumptions'!$C$11,0) | AG16: =IFERROR(AF16/'Summary & Assumptions'!$C$11,0) | AI16: =IFERROR(AH16/'Summary & Assumptions'!$C$11,0) | AK16: =IFERROR(AJ16/'Summary & Assumptions'!$C$11,0)
B17: Reimbursements (RUBS) - Water/Sewer | D17: =IFERROR(SUMPRODUCT((LEFT('OG T12'!$B$7:$B$226,LEN($B17))=$B17)*'OG T12'!$D$7:$P$226*(MONTH('OG T12'!$D$5:$P$5)=MONTH(D$6))*(YEAR('OG T12'!$D$5:$P$5)=YEAR(D$6))),0) | E17: =IFERROR(SUMPRODUCT((LEFT('OG T12'!$B$7:$B$226,LEN($B17))=$B17)*'OG T12'!$D$7:$P$226*(MONTH('OG T12'!$D$5:$P$5)=MONTH(E$6))*(YEAR('OG T12'!$D$5:$P$5)=YEAR(E$6))),0) | F17: =IFERROR(SUMPRODUCT((LEFT('OG T12'!$B$7:$B$226,LEN($B17))=$B17)*'OG T12'!$D$7:$P$226*(MONTH('OG T12'!$D$5:$P$5)=MONTH(F$6))*(YEAR('OG T12'!$D$5:$P$5)=YEAR(F$6))),0) | G17: =IFERROR(SUMPRODUCT((LEFT('OG T12'!$B$7:$B$226,LEN($B17))=$B17)*'OG T12'!$D$7:$P$226*(MONTH('OG T12'!$D$5:$P$5)=MONTH(G$6))*(YEAR('OG T12'!$D$5:$P$5)=YEAR(G$6))),0) | H17: =IFERROR(SUMPRODUCT((LEFT('OG T12'!$B$7:$B$226,LEN($B17))=$B17)*'OG T12'!$D$7:$P$226*(MONTH('OG T12'!$D$5:$P$5)=MONTH(H$6))*(YEAR('OG T12'!$D$5:$P$5)=YEAR(H$6))),0) | I17: =IFERROR(SUMPRODUCT((LEFT('OG T12'!$B$7:$B$226,LEN($B17))=$B17)*'OG T12'!$D$7:$P$226*(MONTH('OG T12'!$D$5:$P$5)=MONTH(I$6))*(YEAR('OG T12'!$D$5:$P$5)=YEAR(I$6))),0) | J17: =IFERROR(SUMPRODUCT((LEFT('OG T12'!$B$7:$B$226,LEN($B17))=$B17)*'OG T12'!$D$7:$P$226*(MONTH('OG T12'!$D$5:$P$5)=MONTH(J$6))*(YEAR('OG T12'!$D$5:$P$5)=YEAR(J$6))),0) | K17: =IFERROR(SUMPRODUCT((LEFT('OG T12'!$B$7:$B$226,LEN($B17))=$B17)*'OG T12'!$D$7:$P$226*(MONTH('OG T12'!$D$5:$P$5)=MONTH(K$6))*(YEAR('OG T12'!$D$5:$P$5)=YEAR(K$6))),0) | ... O17: =IFERROR(SUMPRODUCT((LEFT('OG T12'!$B$7:$B$226,LEN($B17))=$B17)*'OG T12'!$D$7:$P$226*(MONTH('OG T12'!$D$5:$P$5)=MONTH(O$6))*(YEAR('OG T12'!$D$5:$P$5)=YEAR(O$6))),0) | P17: =IF(SUMPRODUCT((LEFT('OG T12'!$B$7:$B$226,LEN($B17))=$B17)*ISNUMBER('OG T12'!$R$7:$R$226)*('OG T12'!$R$7:$R$226<>0))>0,SUMPRODUCT(--(LEFT('OG T12'!$B$7:$B$226,LEN($B17))=$B17),'OG T12'!$R$7:$R$226),IF(COUNT(D17:O17)>0,SUM(D17:O17),0)) | Q17: =IF(COUNT(G17:O17)>0,SUM(G17:O17)/9*12,0) | R17: =IF(COUNT(J17:O17)>0,SUM(J17:O17)/6*12,0) | S17: =IF(COUNT(M17:O17)>0,SUM(M17:O17)/3*12,0) | U17: =IF($U$6="T9",IF(COUNT(D17:O17)>0,Q17,P17),IF($U$6="T6",IF(COUNT(D17:O17)>0,R17,P17),IF($U$6="T3",IF(COUNT(D17:O17)>0,S17,P17),P17)))+T17 | V17: =IFERROR($U17/'Summary & Assumptions'!$C$11,0) | Y17: =IF($W17="",$U17,$W17) | Z17: =CHOOSE($AA$4,N(AB17),N(AD17),N(AF17),N(AH17),N(AJ17)) | AB17: =Y17 | AC17: =IFERROR(AB17/'Summary & Assumptions'!$C$11,0) | AD17: 0 | AE17: =IFERROR(AD17/'Summary & Assumptions'!$C$11,0) | AG17: =IFERROR(AF17/'Summary & Assumptions'!$C$11,0) | AI17: =IFERROR(AH17/'Summary & Assumptions'!$C$11,0) | AK17: =IFERROR(AJ17/'Summary & Assumptions'!$C$11,0)
B18: Reimbursements (RUBS) - Gas | D18: =IFERROR(SUMPRODUCT((LEFT('OG T12'!$B$7:$B$226,LEN($B18))=$B18)*'OG T12'!$D$7:$P$226*(MONTH('OG T12'!$D$5:$P$5)=MONTH(D$6))*(YEAR('OG T12'!$D$5:$P$5)=YEAR(D$6))),0) | E18: =IFERROR(SUMPRODUCT((LEFT('OG T12'!$B$7:$B$226,LEN($B18))=$B18)*'OG T12'!$D$7:$P$226*(MONTH('OG T12'!$D$5:$P$5)=MONTH(E$6))*(YEAR('OG T12'!$D$5:$P$5)=YEAR(E$6))),0) | F18: =IFERROR(SUMPRODUCT((LEFT('OG T12'!$B$7:$B$226,LEN($B18))=$B18)*'OG T12'!$D$7:$P$226*(MONTH('OG T12'!$D$5:$P$5)=MONTH(F$6))*(YEAR('OG T12'!$D$5:$P$5)=YEAR(F$6))),0) | G18: =IFERROR(SUMPRODUCT((LEFT('OG T12'!$B$7:$B$226,LEN($B18))=$B18)*'OG T12'!$D$7:$P$226*(MONTH('OG T12'!$D$5:$P$5)=MONTH(G$6))*(YEAR('OG T12'!$D$5:$P$5)=YEAR(G$6))),0) | H18: =IFERROR(SUMPRODUCT((LEFT('OG T12'!$B$7:$B$226,LEN($B18))=$B18)*'OG T12'!$D$7:$P$226*(MONTH('OG T12'!$D$5:$P$5)=MONTH(H$6))*(YEAR('OG T12'!$D$5:$P$5)=YEAR(H$6))),0) | I18: =IFERROR(SUMPRODUCT((LEFT('OG T12'!$B$7:$B$226,LEN($B18))=$B18)*'OG T12'!$D$7:$P$226*(MONTH('OG T12'!$D$5:$P$5)=MONTH(I$6))*(YEAR('OG T12'!$D$5:$P$5)=YEAR(I$6))),0) | J18: =IFERROR(SUMPRODUCT((LEFT('OG T12'!$B$7:$B$226,LEN($B18))=$B18)*'OG T12'!$D$7:$P$226*(MONTH('OG T12'!$D$5:$P$5)=MONTH(J$6))*(YEAR('OG T12'!$D$5:$P$5)=YEAR(J$6))),0) | K18: =IFERROR(SUMPRODUCT((LEFT('OG T12'!$B$7:$B$226,LEN($B18))=$B18)*'OG T12'!$D$7:$P$226*(MONTH('OG T12'!$D$5:$P$5)=MONTH(K$6))*(YEAR('OG T12'!$D$5:$P$5)=YEAR(K$6))),0) | ... O18: =IFERROR(SUMPRODUCT((LEFT('OG T12'!$B$7:$B$226,LEN($B18))=$B18)*'OG T12'!$D$7:$P$226*(MONTH('OG T12'!$D$5:$P$5)=MONTH(O$6))*(YEAR('OG T12'!$D$5:$P$5)=YEAR(O$6))),0) | P18: =IF(SUMPRODUCT((LEFT('OG T12'!$B$7:$B$226,LEN($B18))=$B18)*ISNUMBER('OG T12'!$R$7:$R$226)*('OG T12'!$R$7:$R$226<>0))>0,SUMPRODUCT(--(LEFT('OG T12'!$B$7:$B$226,LEN($B18))=$B18),'OG T12'!$R$7:$R$226),IF(COUNT(D18:O18)>0,SUM(D18:O18),0)) | Q18: =IF(COUNT(G18:O18)>0,SUM(G18:O18)/9*12,0) | R18: =IF(COUNT(J18:O18)>0,SUM(J18:O18)/6*12,0) | S18: =IF(COUNT(M18:O18)>0,SUM(M18:O18)/3*12,0) | U18: =IF($U$6="T9",IF(COUNT(D18:O18)>0,Q18,P18),IF($U$6="T6",IF(COUNT(D18:O18)>0,R18,P18),IF($U$6="T3",IF(COUNT(D18:O18)>0,S18,P18),P18)))+T18 | V18: =IFERROR($U18/'Summary & Assumptions'!$C$11,0) | Y18: =IF($W18="",$U18,$W18) | Z18: =CHOOSE($AA$4,N(AB18),N(AD18),N(AF18),N(AH18),N(AJ18)) | AB18: =Y18 | AC18: =IFERROR(AB18/'Summary & Assumptions'!$C$11,0) | AD18: 0 | AE18: =IFERROR(AD18/'Summary & Assumptions'!$C$11,0) | AG18: =IFERROR(AF18/'Summary & Assumptions'!$C$11,0) | AI18: =IFERROR(AH18/'Summary & Assumptions'!$C$11,0) | AK18: =IFERROR(AJ18/'Summary & Assumptions'!$C$11,0)
B19: Reimbursements (RUBS) - Trash | D19: =IFERROR(SUMPRODUCT((LEFT('OG T12'!$B$7:$B$226,LEN($B19))=$B19)*'OG T12'!$D$7:$P$226*(MONTH('OG T12'!$D$5:$P$5)=MONTH(D$6))*(YEAR('OG T12'!$D$5:$P$5)=YEAR(D$6))),0) | E19: =IFERROR(SUMPRODUCT((LEFT('OG T12'!$B$7:$B$226,LEN($B19))=$B19)*'OG T12'!$D$7:$P$226*(MONTH('OG T12'!$D$5:$P$5)=MONTH(E$6))*(YEAR('OG T12'!$D$5:$P$5)=YEAR(E$6))),0) | F19: =IFERROR(SUMPRODUCT((LEFT('OG T12'!$B$7:$B$226,LEN($B19))=$B19)*'OG T12'!$D$7:$P$226*(MONTH('OG T12'!$D$5:$P$5)=MONTH(F$6))*(YEAR('OG T12'!$D$5:$P$5)=YEAR(F$6))),0) | G19: =IFERROR(SUMPRODUCT((LEFT('OG T12'!$B$7:$B$226,LEN($B19))=$B19)*'OG T12'!$D$7:$P$226*(MONTH('OG T12'!$D$5:$P$5)=MONTH(G$6))*(YEAR('OG T12'!$D$5:$P$5)=YEAR(G$6))),0) | H19: =IFERROR(SUMPRODUCT((LEFT('OG T12'!$B$7:$B$226,LEN($B19))=$B19)*'OG T12'!$D$7:$P$226*(MONTH('OG T12'!$D$5:$P$5)=MONTH(H$6))*(YEAR('OG T12'!$D$5:$P$5)=YEAR(H$6))),0) | I19: =IFERROR(SUMPRODUCT((LEFT('OG T12'!$B$7:$B$226,LEN($B19))=$B19)*'OG T12'!$D$7:$P$226*(MONTH('OG T12'!$D$5:$P$5)=MONTH(I$6))*(YEAR('OG T12'!$D$5:$P$5)=YEAR(I$6))),0) | J19: =IFERROR(SUMPRODUCT((LEFT('OG T12'!$B$7:$B$226,LEN($B19))=$B19)*'OG T12'!$D$7:$P$226*(MONTH('OG T12'!$D$5:$P$5)=MONTH(J$6))*(YEAR('OG T12'!$D$5:$P$5)=YEAR(J$6))),0) | K19: =IFERROR(SUMPRODUCT((LEFT('OG T12'!$B$7:$B$226,LEN($B19))=$B19)*'OG T12'!$D$7:$P$226*(MONTH('OG T12'!$D$5:$P$5)=MONTH(K$6))*(YEAR('OG T12'!$D$5:$P$5)=YEAR(K$6))),0) | ... O19: =IFERROR(SUMPRODUCT((LEFT('OG T12'!$B$7:$B$226,LEN($B19))=$B19)*'OG T12'!$D$7:$P$226*(MONTH('OG T12'!$D$5:$P$5)=MONTH(O$6))*(YEAR('OG T12'!$D$5:$P$5)=YEAR(O$6))),0) | P19: =IF(SUMPRODUCT((LEFT('OG T12'!$B$7:$B$226,LEN($B19))=$B19)*ISNUMBER('OG T12'!$R$7:$R$226)*('OG T12'!$R$7:$R$226<>0))>0,SUMPRODUCT(--(LEFT('OG T12'!$B$7:$B$226,LEN($B19))=$B19),'OG T12'!$R$7:$R$226),IF(COUNT(D19:O19)>0,SUM(D19:O19),0)) | Q19: =IF(COUNT(G19:O19)>0,SUM(G19:O19)/9*12,0) | R19: =IF(COUNT(J19:O19)>0,SUM(J19:O19)/6*12,0) | S19: =IF(COUNT(M19:O19)>0,SUM(M19:O19)/3*12,0) | U19: =IF($U$6="T9",IF(COUNT(D19:O19)>0,Q19,P19),IF($U$6="T6",IF(COUNT(D19:O19)>0,R19,P19),IF($U$6="T3",IF(COUNT(D19:O19)>0,S19,P19),P19)))+T19 | V19: =IFERROR($U19/'Summary & Assumptions'!$C$11,0) | Y19: =IF($W19="",$U19,$W19) | Z19: =CHOOSE($AA$4,N(AB19),N(AD19),N(AF19),N(AH19),N(AJ19)) | AB19: =Y19 | AC19: =IFERROR(AB19/'Summary & Assumptions'!$C$11,0) | AD19: 0 | AE19: =IFERROR(AD19/'Summary & Assumptions'!$C$11,0) | AG19: =IFERROR(AF19/'Summary & Assumptions'!$C$11,0) | AI19: =IFERROR(AH19/'Summary & Assumptions'!$C$11,0) | AK19: =IFERROR(AJ19/'Summary & Assumptions'!$C$11,0)
B20: Commercial Rent | D20: =IFERROR(SUMPRODUCT((LEFT('OG T12'!$B$7:$B$226,LEN($B20))=$B20)*'OG T12'!$D$7:$P$226*(MONTH('OG T12'!$D$5:$P$5)=MONTH(D$6))*(YEAR('OG T12'!$D$5:$P$5)=YEAR(D$6))),0) | E20: =IFERROR(SUMPRODUCT((LEFT('OG T12'!$B$7:$B$226,LEN($B20))=$B20)*'OG T12'!$D$7:$P$226*(MONTH('OG T12'!$D$5:$P$5)=MONTH(E$6))*(YEAR('OG T12'!$D$5:$P$5)=YEAR(E$6))),0) | F20: =IFERROR(SUMPRODUCT((LEFT('OG T12'!$B$7:$B$226,LEN($B20))=$B20)*'OG T12'!$D$7:$P$226*(MONTH('OG T12'!$D$5:$P$5)=MONTH(F$6))*(YEAR('OG T12'!$D$5:$P$5)=YEAR(F$6))),0) | G20: =IFERROR(SUMPRODUCT((LEFT('OG T12'!$B$7:$B$226,LEN($B20))=$B20)*'OG T12'!$D$7:$P$226*(MONTH('OG T12'!$D$5:$P$5)=MONTH(G$6))*(YEAR('OG T12'!$D$5:$P$5)=YEAR(G$6))),0) | H20: =IFERROR(SUMPRODUCT((LEFT('OG T12'!$B$7:$B$226,LEN($B20))=$B20)*'OG T12'!$D$7:$P$226*(MONTH('OG T12'!$D$5:$P$5)=MONTH(H$6))*(YEAR('OG T12'!$D$5:$P$5)=YEAR(H$6))),0) | I20: =IFERROR(SUMPRODUCT((LEFT('OG T12'!$B$7:$B$226,LEN($B20))=$B20)*'OG T12'!$D$7:$P$226*(MONTH('OG T12'!$D$5:$P$5)=MONTH(I$6))*(YEAR('OG T12'!$D$5:$P$5)=YEAR(I$6))),0) | J20: =IFERROR(SUMPRODUCT((LEFT('OG T12'!$B$7:$B$226,LEN($B20))=$B20)*'OG T12'!$D$7:$P$226*(MONTH('OG T12'!$D$5:$P$5)=MONTH(J$6))*(YEAR('OG T12'!$D$5:$P$5)=YEAR(J$6))),0) | K20: =IFERROR(SUMPRODUCT((LEFT('OG T12'!$B$7:$B$226,LEN($B20))=$B20)*'OG T12'!$D$7:$P$226*(MONTH('OG T12'!$D$5:$P$5)=MONTH(K$6))*(YEAR('OG T12'!$D$5:$P$5)=YEAR(K$6))),0) | ... O20: =IFERROR(SUMPRODUCT((LEFT('OG T12'!$B$7:$B$226,LEN($B20))=$B20)*'OG T12'!$D$7:$P$226*(MONTH('OG T12'!$D$5:$P$5)=MONTH(O$6))*(YEAR('OG T12'!$D$5:$P$5)=YEAR(O$6))),0) | P20: =IF(SUMPRODUCT((LEFT('OG T12'!$B$7:$B$226,LEN($B20))=$B20)*ISNUMBER('OG T12'!$R$7:$R$226)*('OG T12'!$R$7:$R$226<>0))>0,SUMPRODUCT(--(LEFT('OG T12'!$B$7:$B$226,LEN($B20))=$B20),'OG T12'!$R$7:$R$226),IF(COUNT(D20:O20)>0,SUM(D20:O20),0)) | Q20: =IF(COUNT(G20:O20)>0,SUM(G20:O20)/9*12,0) | R20: =IF(COUNT(J20:O20)>0,SUM(J20:O20)/6*12,0) | S20: =IF(COUNT(M20:O20)>0,SUM(M20:O20)/3*12,0) | U20: =IF($U$6="T9",IF(COUNT(D20:O20)>0,Q20,P20),IF($U$6="T6",IF(COUNT(D20:O20)>0,R20,P20),IF($U$6="T3",IF(COUNT(D20:O20)>0,S20,P20),P20)))+T20 | V20: =IFERROR($U20/'Summary & Assumptions'!$C$11,0) | Y20: =IF($W20="",$U20,IF($X20="Total $",$W20,IF($X20="/ unit",$W20*'Summary & Assumptions'!$C$11,IF($X20="% of EGR",$W20*'P&L'!$U$28,IF($X20="/ SF",$W20*'Summary & Assumptions'!$C$16,IF($X20="% of historicals",$W20*$U20,IF($X20="$ / occ. unit",$W20*'Summary & Assumptions'!$C$15,$W20))))))) | Z20: =CHOOSE($AA$4,N(AB20),N(AD20),N(AF20),N(AH20),N(AJ20)) | AB20: =Y20 | AC20: =IFERROR(AB20/'Summary & Assumptions'!$C$11,0) | AD20: 0 | AE20: =IFERROR(AD20/'Summary & Assumptions'!$C$11,0) | AG20: =IFERROR(AF20/'Summary & Assumptions'!$C$11,0) | AI20: =IFERROR(AH20/'Summary & Assumptions'!$C$11,0) | AK20: =IFERROR(AJ20/'Summary & Assumptions'!$C$11,0)
B21: Other Income | D21: =IFERROR(SUMPRODUCT((LEFT('OG T12'!$B$7:$B$226,LEN($B21))=$B21)*'OG T12'!$D$7:$P$226*(MONTH('OG T12'!$D$5:$P$5)=MONTH(D$6))*(YEAR('OG T12'!$D$5:$P$5)=YEAR(D$6))),0) | E21: =IFERROR(SUMPRODUCT((LEFT('OG T12'!$B$7:$B$226,LEN($B21))=$B21)*'OG T12'!$D$7:$P$226*(MONTH('OG T12'!$D$5:$P$5)=MONTH(E$6))*(YEAR('OG T12'!$D$5:$P$5)=YEAR(E$6))),0) | F21: =IFERROR(SUMPRODUCT((LEFT('OG T12'!$B$7:$B$226,LEN($B21))=$B21)*'OG T12'!$D$7:$P$226*(MONTH('OG T12'!$D$5:$P$5)=MONTH(F$6))*(YEAR('OG T12'!$D$5:$P$5)=YEAR(F$6))),0) | G21: =IFERROR(SUMPRODUCT((LEFT('OG T12'!$B$7:$B$226,LEN($B21))=$B21)*'OG T12'!$D$7:$P$226*(MONTH('OG T12'!$D$5:$P$5)=MONTH(G$6))*(YEAR('OG T12'!$D$5:$P$5)=YEAR(G$6))),0) | H21: =IFERROR(SUMPRODUCT((LEFT('OG T12'!$B$7:$B$226,LEN($B21))=$B21)*'OG T12'!$D$7:$P$226*(MONTH('OG T12'!$D$5:$P$5)=MONTH(H$6))*(YEAR('OG T12'!$D$5:$P$5)=YEAR(H$6))),0) | I21: =IFERROR(SUMPRODUCT((LEFT('OG T12'!$B$7:$B$226,LEN($B21))=$B21)*'OG T12'!$D$7:$P$226*(MONTH('OG T12'!$D$5:$P$5)=MONTH(I$6))*(YEAR('OG T12'!$D$5:$P$5)=YEAR(I$6))),0) | J21: =IFERROR(SUMPRODUCT((LEFT('OG T12'!$B$7:$B$226,LEN($B21))=$B21)*'OG T12'!$D$7:$P$226*(MONTH('OG T12'!$D$5:$P$5)=MONTH(J$6))*(YEAR('OG T12'!$D$5:$P$5)=YEAR(J$6))),0) | K21: =IFERROR(SUMPRODUCT((LEFT('OG T12'!$B$7:$B$226,LEN($B21))=$B21)*'OG T12'!$D$7:$P$226*(MONTH('OG T12'!$D$5:$P$5)=MONTH(K$6))*(YEAR('OG T12'!$D$5:$P$5)=YEAR(K$6))),0) | ... O21: =IFERROR(SUMPRODUCT((LEFT('OG T12'!$B$7:$B$226,LEN($B21))=$B21)*'OG T12'!$D$7:$P$226*(MONTH('OG T12'!$D$5:$P$5)=MONTH(O$6))*(YEAR('OG T12'!$D$5:$P$5)=YEAR(O$6))),0) | P21: =IF(SUMPRODUCT((LEFT('OG T12'!$B$7:$B$226,LEN($B21))=$B21)*ISNUMBER('OG T12'!$R$7:$R$226)*('OG T12'!$R$7:$R$226<>0))>0,SUMPRODUCT(--(LEFT('OG T12'!$B$7:$B$226,LEN($B21))=$B21),'OG T12'!$R$7:$R$226),IF(COUNT(D21:O21)>0,SUM(D21:O21),0)) | Q21: =IF(COUNT(G21:O21)>0,SUM(G21:O21)/9*12,0) | R21: =IF(COUNT(J21:O21)>0,SUM(J21:O21)/6*12,0) | S21: =IF(COUNT(M21:O21)>0,SUM(M21:O21)/3*12,0) | U21: =IF($U$6="T9",IF(COUNT(D21:O21)>0,Q21,P21),IF($U$6="T6",IF(COUNT(D21:O21)>0,R21,P21),IF($U$6="T3",IF(COUNT(D21:O21)>0,S21,P21),P21)))+T21 | V21: =IFERROR($U21/'Summary & Assumptions'!$C$11,0) | Y21: =IF($W21="",$U21,IF($X21="Total $",$W21,IF($X21="/ unit",$W21*'Summary & Assumptions'!$C$11,IF($X21="% of EGR",$W21*'P&L'!$U$28,IF($X21="/ SF",$W21*'Summary & Assumptions'!$C$16,IF($X21="% of historicals",$W21*$U21,IF($X21="$ / occ. unit",$W21*'Summary & Assumptions'!$C$15,$W21))))))) | Z21: =CHOOSE($AA$4,N(AB21),N(AD21),N(AF21),N(AH21),N(AJ21)) | AB21: =Y21+SUM(Y22:Y27)-SUM(U22:U27) | AC21: =IFERROR(AB21/'Summary & Assumptions'!$C$11,0) | AD21: 0 | AE21: =IFERROR(AD21/'Summary & Assumptions'!$C$11,0) | AG21: =IFERROR(AF21/'Summary & Assumptions'!$C$11,0) | AI21: =IFERROR(AH21/'Summary & Assumptions'!$C$11,0) | AK21: =IFERROR(AJ21/'Summary & Assumptions'!$C$11,0)
B22: Other Income - General | D22: =IFERROR(SUMPRODUCT((LEFT('OG T12'!$B$7:$B$226,LEN($B22))=$B22)*'OG T12'!$D$7:$P$226*(MONTH('OG T12'!$D$5:$P$5)=MONTH(D$6))*(YEAR('OG T12'!$D$5:$P$5)=YEAR(D$6))),0) | E22: =IFERROR(SUMPRODUCT((LEFT('OG T12'!$B$7:$B$226,LEN($B22))=$B22)*'OG T12'!$D$7:$P$226*(MONTH('OG T12'!$D$5:$P$5)=MONTH(E$6))*(YEAR('OG T12'!$D$5:$P$5)=YEAR(E$6))),0) | F22: =IFERROR(SUMPRODUCT((LEFT('OG T12'!$B$7:$B$226,LEN($B22))=$B22)*'OG T12'!$D$7:$P$226*(MONTH('OG T12'!$D$5:$P$5)=MONTH(F$6))*(YEAR('OG T12'!$D$5:$P$5)=YEAR(F$6))),0) | G22: =IFERROR(SUMPRODUCT((LEFT('OG T12'!$B$7:$B$226,LEN($B22))=$B22)*'OG T12'!$D$7:$P$226*(MONTH('OG T12'!$D$5:$P$5)=MONTH(G$6))*(YEAR('OG T12'!$D$5:$P$5)=YEAR(G$6))),0) | H22: =IFERROR(SUMPRODUCT((LEFT('OG T12'!$B$7:$B$226,LEN($B22))=$B22)*'OG T12'!$D$7:$P$226*(MONTH('OG T12'!$D$5:$P$5)=MONTH(H$6))*(YEAR('OG T12'!$D$5:$P$5)=YEAR(H$6))),0) | I22: =IFERROR(SUMPRODUCT((LEFT('OG T12'!$B$7:$B$226,LEN($B22))=$B22)*'OG T12'!$D$7:$P$226*(MONTH('OG T12'!$D$5:$P$5)=MONTH(I$6))*(YEAR('OG T12'!$D$5:$P$5)=YEAR(I$6))),0) | J22: =IFERROR(SUMPRODUCT((LEFT('OG T12'!$B$7:$B$226,LEN($B22))=$B22)*'OG T12'!$D$7:$P$226*(MONTH('OG T12'!$D$5:$P$5)=MONTH(J$6))*(YEAR('OG T12'!$D$5:$P$5)=YEAR(J$6))),0) | K22: =IFERROR(SUMPRODUCT((LEFT('OG T12'!$B$7:$B$226,LEN($B22))=$B22)*'OG T12'!$D$7:$P$226*(MONTH('OG T12'!$D$5:$P$5)=MONTH(K$6))*(YEAR('OG T12'!$D$5:$P$5)=YEAR(K$6))),0) | ... O22: =IFERROR(SUMPRODUCT((LEFT('OG T12'!$B$7:$B$226,LEN($B22))=$B22)*'OG T12'!$D$7:$P$226*(MONTH('OG T12'!$D$5:$P$5)=MONTH(O$6))*(YEAR('OG T12'!$D$5:$P$5)=YEAR(O$6))),0) | P22: =IF(SUMPRODUCT((LEFT('OG T12'!$B$7:$B$226,LEN($B22))=$B22)*ISNUMBER('OG T12'!$R$7:$R$226)*('OG T12'!$R$7:$R$226<>0))>0,SUMPRODUCT(--(LEFT('OG T12'!$B$7:$B$226,LEN($B22))=$B22),'OG T12'!$R$7:$R$226),IF(COUNT(D22:O22)>0,SUM(D22:O22),0)) | Q22: =IF(COUNT(G22:O22)>0,SUM(G22:O22)/9*12,0) | R22: =IF(COUNT(J22:O22)>0,SUM(J22:O22)/6*12,0) | S22: =IF(COUNT(M22:O22)>0,SUM(M22:O22)/3*12,0) | U22: =IF($U$6="T9",IF(COUNT(D22:O22)>0,Q22,P22),IF($U$6="T6",IF(COUNT(D22:O22)>0,R22,P22),IF($U$6="T3",IF(COUNT(D22:O22)>0,S22,P22),P22)))+T22 | V22: =IFERROR($U22/'Summary & Assumptions'!$C$11,0) | Y22: =IF($W22="",$U22,$W22) | Z22: =CHOOSE($AA$4,N(AB22),N(AD22),N(AF22),N(AH22),N(AJ22)) | AB22: =Y22 | AC22: =IFERROR(AB22/'Summary & Assumptions'!$C$11,0) | AD22: 0 | AE22: =IFERROR(AD22/'Summary & Assumptions'!$C$11,0) | AG22: =IFERROR(AF22/'Summary & Assumptions'!$C$11,0) | AI22: =IFERROR(AH22/'Summary & Assumptions'!$C$11,0) | AK22: =IFERROR(AJ22/'Summary & Assumptions'!$C$11,0)
B23: Other Income - Parking Income | D23: =IFERROR(SUMPRODUCT((LEFT('OG T12'!$B$7:$B$226,LEN($B23))=$B23)*'OG T12'!$D$7:$P$226*(MONTH('OG T12'!$D$5:$P$5)=MONTH(D$6))*(YEAR('OG T12'!$D$5:$P$5)=YEAR(D$6))),0) | E23: =IFERROR(SUMPRODUCT((LEFT('OG T12'!$B$7:$B$226,LEN($B23))=$B23)*'OG T12'!$D$7:$P$226*(MONTH('OG T12'!$D$5:$P$5)=MONTH(E$6))*(YEAR('OG T12'!$D$5:$P$5)=YEAR(E$6))),0) | F23: =IFERROR(SUMPRODUCT((LEFT('OG T12'!$B$7:$B$226,LEN($B23))=$B23)*'OG T12'!$D$7:$P$226*(MONTH('OG T12'!$D$5:$P$5)=MONTH(F$6))*(YEAR('OG T12'!$D$5:$P$5)=YEAR(F$6))),0) | G23: =IFERROR(SUMPRODUCT((LEFT('OG T12'!$B$7:$B$226,LEN($B23))=$B23)*'OG T12'!$D$7:$P$226*(MONTH('OG T12'!$D$5:$P$5)=MONTH(G$6))*(YEAR('OG T12'!$D$5:$P$5)=YEAR(G$6))),0) | H23: =IFERROR(SUMPRODUCT((LEFT('OG T12'!$B$7:$B$226,LEN($B23))=$B23)*'OG T12'!$D$7:$P$226*(MONTH('OG T12'!$D$5:$P$5)=MONTH(H$6))*(YEAR('OG T12'!$D$5:$P$5)=YEAR(H$6))),0) | I23: =IFERROR(SUMPRODUCT((LEFT('OG T12'!$B$7:$B$226,LEN($B23))=$B23)*'OG T12'!$D$7:$P$226*(MONTH('OG T12'!$D$5:$P$5)=MONTH(I$6))*(YEAR('OG T12'!$D$5:$P$5)=YEAR(I$6))),0) | J23: =IFERROR(SUMPRODUCT((LEFT('OG T12'!$B$7:$B$226,LEN($B23))=$B23)*'OG T12'!$D$7:$P$226*(MONTH('OG T12'!$D$5:$P$5)=MONTH(J$6))*(YEAR('OG T12'!$D$5:$P$5)=YEAR(J$6))),0) | K23: =IFERROR(SUMPRODUCT((LEFT('OG T12'!$B$7:$B$226,LEN($B23))=$B23)*'OG T12'!$D$7:$P$226*(MONTH('OG T12'!$D$5:$P$5)=MONTH(K$6))*(YEAR('OG T12'!$D$5:$P$5)=YEAR(K$6))),0) | ... O23: =IFERROR(SUMPRODUCT((LEFT('OG T12'!$B$7:$B$226,LEN($B23))=$B23)*'OG T12'!$D$7:$P$226*(MONTH('OG T12'!$D$5:$P$5)=MONTH(O$6))*(YEAR('OG T12'!$D$5:$P$5)=YEAR(O$6))),0) | P23: =IF(SUMPRODUCT((LEFT('OG T12'!$B$7:$B$226,LEN($B23))=$B23)*ISNUMBER('OG T12'!$R$7:$R$226)*('OG T12'!$R$7:$R$226<>0))>0,SUMPRODUCT(--(LEFT('OG T12'!$B$7:$B$226,LEN($B23))=$B23),'OG T12'!$R$7:$R$226),IF(COUNT(D23:O23)>0,SUM(D23:O23),0)) | Q23: =IF(COUNT(G23:O23)>0,SUM(G23:O23)/9*12,0) | R23: =IF(COUNT(J23:O23)>0,SUM(J23:O23)/6*12,0) | S23: =IF(COUNT(M23:O23)>0,SUM(M23:O23)/3*12,0) | U23: =IF($U$6="T9",IF(COUNT(D23:O23)>0,Q23,P23),IF($U$6="T6",IF(COUNT(D23:O23)>0,R23,P23),IF($U$6="T3",IF(COUNT(D23:O23)>0,S23,P23),P23)))+T23 | V23: =IFERROR($U23/'Summary & Assumptions'!$C$11,0) | Y23: =IF($W23="",$U23,$W23) | Z23: =CHOOSE($AA$4,N(AB23),N(AD23),N(AF23),N(AH23),N(AJ23)) | AB23: =Y23 | AC23: =IFERROR(AB23/'Summary & Assumptions'!$C$11,0) | AD23: 0 | AE23: =IFERROR(AD23/'Summary & Assumptions'!$C$11,0) | AG23: =IFERROR(AF23/'Summary & Assumptions'!$C$11,0) | AI23: =IFERROR(AH23/'Summary & Assumptions'!$C$11,0) | AK23: =IFERROR(AJ23/'Summary & Assumptions'!$C$11,0)
B24: Other Income - Pet Rent/Fees | D24: =IFERROR(SUMPRODUCT((LEFT('OG T12'!$B$7:$B$226,LEN($B24))=$B24)*'OG T12'!$D$7:$P$226*(MONTH('OG T12'!$D$5:$P$5)=MONTH(D$6))*(YEAR('OG T12'!$D$5:$P$5)=YEAR(D$6))),0) | E24: =IFERROR(SUMPRODUCT((LEFT('OG T12'!$B$7:$B$226,LEN($B24))=$B24)*'OG T12'!$D$7:$P$226*(MONTH('OG T12'!$D$5:$P$5)=MONTH(E$6))*(YEAR('OG T12'!$D$5:$P$5)=YEAR(E$6))),0) | F24: =IFERROR(SUMPRODUCT((LEFT('OG T12'!$B$7:$B$226,LEN($B24))=$B24)*'OG T12'!$D$7:$P$226*(MONTH('OG T12'!$D$5:$P$5)=MONTH(F$6))*(YEAR('OG T12'!$D$5:$P$5)=YEAR(F$6))),0) | G24: =IFERROR(SUMPRODUCT((LEFT('OG T12'!$B$7:$B$226,LEN($B24))=$B24)*'OG T12'!$D$7:$P$226*(MONTH('OG T12'!$D$5:$P$5)=MONTH(G$6))*(YEAR('OG T12'!$D$5:$P$5)=YEAR(G$6))),0) | H24: =IFERROR(SUMPRODUCT((LEFT('OG T12'!$B$7:$B$226,LEN($B24))=$B24)*'OG T12'!$D$7:$P$226*(MONTH('OG T12'!$D$5:$P$5)=MONTH(H$6))*(YEAR('OG T12'!$D$5:$P$5)=YEAR(H$6))),0) | I24: =IFERROR(SUMPRODUCT((LEFT('OG T12'!$B$7:$B$226,LEN($B24))=$B24)*'OG T12'!$D$7:$P$226*(MONTH('OG T12'!$D$5:$P$5)=MONTH(I$6))*(YEAR('OG T12'!$D$5:$P$5)=YEAR(I$6))),0) | J24: =IFERROR(SUMPRODUCT((LEFT('OG T12'!$B$7:$B$226,LEN($B24))=$B24)*'OG T12'!$D$7:$P$226*(MONTH('OG T12'!$D$5:$P$5)=MONTH(J$6))*(YEAR('OG T12'!$D$5:$P$5)=YEAR(J$6))),0) | K24: =IFERROR(SUMPRODUCT((LEFT('OG T12'!$B$7:$B$226,LEN($B24))=$B24)*'OG T12'!$D$7:$P$226*(MONTH('OG T12'!$D$5:$P$5)=MONTH(K$6))*(YEAR('OG T12'!$D$5:$P$5)=YEAR(K$6))),0) | ... O24: =IFERROR(SUMPRODUCT((LEFT('OG T12'!$B$7:$B$226,LEN($B24))=$B24)*'OG T12'!$D$7:$P$226*(MONTH('OG T12'!$D$5:$P$5)=MONTH(O$6))*(YEAR('OG T12'!$D$5:$P$5)=YEAR(O$6))),0) | P24: =IF(SUMPRODUCT((LEFT('OG T12'!$B$7:$B$226,LEN($B24))=$B24)*ISNUMBER('OG T12'!$R$7:$R$226)*('OG T12'!$R$7:$R$226<>0))>0,SUMPRODUCT(--(LEFT('OG T12'!$B$7:$B$226,LEN($B24))=$B24),'OG T12'!$R$7:$R$226),IF(COUNT(D24:O24)>0,SUM(D24:O24),0)) | Q24: =IF(COUNT(G24:O24)>0,SUM(G24:O24)/9*12,0) | R24: =IF(COUNT(J24:O24)>0,SUM(J24:O24)/6*12,0) | S24: =IF(COUNT(M24:O24)>0,SUM(M24:O24)/3*12,0) | U24: =IF($U$6="T9",IF(COUNT(D24:O24)>0,Q24,P24),IF($U$6="T6",IF(COUNT(D24:O24)>0,R24,P24),IF($U$6="T3",IF(COUNT(D24:O24)>0,S24,P24),P24)))+T24 | V24: =IFERROR($U24/'Summary & Assumptions'!$C$11,0) | Y24: =IF($W24="",$U24,$W24) | Z24: =CHOOSE($AA$4,N(AB24),N(AD24),N(AF24),N(AH24),N(AJ24)) | AB24: =Y24 | AC24: =IFERROR(AB24/'Summary & Assumptions'!$C$11,0) | AD24: 0 | AE24: =IFERROR(AD24/'Summary & Assumptions'!$C$11,0) | AG24: =IFERROR(AF24/'Summary & Assumptions'!$C$11,0) | AI24: =IFERROR(AH24/'Summary & Assumptions'!$C$11,0) | AK24: =IFERROR(AJ24/'Summary & Assumptions'!$C$11,0)
B25: Other Income - App/Admin/Late Fees | D25: =IFERROR(SUMPRODUCT((LEFT('OG T12'!$B$7:$B$226,LEN($B25))=$B25)*'OG T12'!$D$7:$P$226*(MONTH('OG T12'!$D$5:$P$5)=MONTH(D$6))*(YEAR('OG T12'!$D$5:$P$5)=YEAR(D$6))),0) | E25: =IFERROR(SUMPRODUCT((LEFT('OG T12'!$B$7:$B$226,LEN($B25))=$B25)*'OG T12'!$D$7:$P$226*(MONTH('OG T12'!$D$5:$P$5)=MONTH(E$6))*(YEAR('OG T12'!$D$5:$P$5)=YEAR(E$6))),0) | F25: =IFERROR(SUMPRODUCT((LEFT('OG T12'!$B$7:$B$226,LEN($B25))=$B25)*'OG T12'!$D$7:$P$226*(MONTH('OG T12'!$D$5:$P$5)=MONTH(F$6))*(YEAR('OG T12'!$D$5:$P$5)=YEAR(F$6))),0) | G25: =IFERROR(SUMPRODUCT((LEFT('OG T12'!$B$7:$B$226,LEN($B25))=$B25)*'OG T12'!$D$7:$P$226*(MONTH('OG T12'!$D$5:$P$5)=MONTH(G$6))*(YEAR('OG T12'!$D$5:$P$5)=YEAR(G$6))),0) | H25: =IFERROR(SUMPRODUCT((LEFT('OG T12'!$B$7:$B$226,LEN($B25))=$B25)*'OG T12'!$D$7:$P$226*(MONTH('OG T12'!$D$5:$P$5)=MONTH(H$6))*(YEAR('OG T12'!$D$5:$P$5)=YEAR(H$6))),0) | I25: =IFERROR(SUMPRODUCT((LEFT('OG T12'!$B$7:$B$226,LEN($B25))=$B25)*'OG T12'!$D$7:$P$226*(MONTH('OG T12'!$D$5:$P$5)=MONTH(I$6))*(YEAR('OG T12'!$D$5:$P$5)=YEAR(I$6))),0) | J25: =IFERROR(SUMPRODUCT((LEFT('OG T12'!$B$7:$B$226,LEN($B25))=$B25)*'OG T12'!$D$7:$P$226*(MONTH('OG T12'!$D$5:$P$5)=MONTH(J$6))*(YEAR('OG T12'!$D$5:$P$5)=YEAR(J$6))),0) | K25: =IFERROR(SUMPRODUCT((LEFT('OG T12'!$B$7:$B$226,LEN($B25))=$B25)*'OG T12'!$D$7:$P$226*(MONTH('OG T12'!$D$5:$P$5)=MONTH(K$6))*(YEAR('OG T12'!$D$5:$P$5)=YEAR(K$6))),0) | ... O25: =IFERROR(SUMPRODUCT((LEFT('OG T12'!$B$7:$B$226,LEN($B25))=$B25)*'OG T12'!$D$7:$P$226*(MONTH('OG T12'!$D$5:$P$5)=MONTH(O$6))*(YEAR('OG T12'!$D$5:$P$5)=YEAR(O$6))),0) | P25: =IF(SUMPRODUCT((LEFT('OG T12'!$B$7:$B$226,LEN($B25))=$B25)*ISNUMBER('OG T12'!$R$7:$R$226)*('OG T12'!$R$7:$R$226<>0))>0,SUMPRODUCT(--(LEFT('OG T12'!$B$7:$B$226,LEN($B25))=$B25),'OG T12'!$R$7:$R$226),IF(COUNT(D25:O25)>0,SUM(D25:O25),0)) | Q25: =IF(COUNT(G25:O25)>0,SUM(G25:O25)/9*12,0) | R25: =IF(COUNT(J25:O25)>0,SUM(J25:O25)/6*12,0) | S25: =IF(COUNT(M25:O25)>0,SUM(M25:O25)/3*12,0) | U25: =IF($U$6="T9",IF(COUNT(D25:O25)>0,Q25,P25),IF($U$6="T6",IF(COUNT(D25:O25)>0,R25,P25),IF($U$6="T3",IF(COUNT(D25:O25)>0,S25,P25),P25)))+T25 | V25: =IFERROR($U25/'Summary & Assumptions'!$C$11,0) | Y25: =IF($W25="",$U25,$W25) | Z25: =CHOOSE($AA$4,N(AB25),N(AD25),N(AF25),N(AH25),N(AJ25)) | AB25: =Y25 | AC25: =IFERROR(AB25/'Summary & Assumptions'!$C$11,0) | AD25: 0 | AE25: =IFERROR(AD25/'Summary & Assumptions'!$C$11,0) | AG25: =IFERROR(AF25/'Summary & Assumptions'!$C$11,0) | AI25: =IFERROR(AH25/'Summary & Assumptions'!$C$11,0) | AK25: =IFERROR(AJ25/'Summary & Assumptions'!$C$11,0)
B26: Other Income - Storage | D26: =IFERROR(SUMPRODUCT((LEFT('OG T12'!$B$7:$B$226,LEN($B26))=$B26)*'OG T12'!$D$7:$P$226*(MONTH('OG T12'!$D$5:$P$5)=MONTH(D$6))*(YEAR('OG T12'!$D$5:$P$5)=YEAR(D$6))),0) | E26: =IFERROR(SUMPRODUCT((LEFT('OG T12'!$B$7:$B$226,LEN($B26))=$B26)*'OG T12'!$D$7:$P$226*(MONTH('OG T12'!$D$5:$P$5)=MONTH(E$6))*(YEAR('OG T12'!$D$5:$P$5)=YEAR(E$6))),0) | F26: =IFERROR(SUMPRODUCT((LEFT('OG T12'!$B$7:$B$226,LEN($B26))=$B26)*'OG T12'!$D$7:$P$226*(MONTH('OG T12'!$D$5:$P$5)=MONTH(F$6))*(YEAR('OG T12'!$D$5:$P$5)=YEAR(F$6))),0) | G26: =IFERROR(SUMPRODUCT((LEFT('OG T12'!$B$7:$B$226,LEN($B26))=$B26)*'OG T12'!$D$7:$P$226*(MONTH('OG T12'!$D$5:$P$5)=MONTH(G$6))*(YEAR('OG T12'!$D$5:$P$5)=YEAR(G$6))),0) | H26: =IFERROR(SUMPRODUCT((LEFT('OG T12'!$B$7:$B$226,LEN($B26))=$B26)*'OG T12'!$D$7:$P$226*(MONTH('OG T12'!$D$5:$P$5)=MONTH(H$6))*(YEAR('OG T12'!$D$5:$P$5)=YEAR(H$6))),0) | I26: =IFERROR(SUMPRODUCT((LEFT('OG T12'!$B$7:$B$226,LEN($B26))=$B26)*'OG T12'!$D$7:$P$226*(MONTH('OG T12'!$D$5:$P$5)=MONTH(I$6))*(YEAR('OG T12'!$D$5:$P$5)=YEAR(I$6))),0) | J26: =IFERROR(SUMPRODUCT((LEFT('OG T12'!$B$7:$B$226,LEN($B26))=$B26)*'OG T12'!$D$7:$P$226*(MONTH('OG T12'!$D$5:$P$5)=MONTH(J$6))*(YEAR('OG T12'!$D$5:$P$5)=YEAR(J$6))),0) | K26: =IFERROR(SUMPRODUCT((LEFT('OG T12'!$B$7:$B$226,LEN($B26))=$B26)*'OG T12'!$D$7:$P$226*(MONTH('OG T12'!$D$5:$P$5)=MONTH(K$6))*(YEAR('OG T12'!$D$5:$P$5)=YEAR(K$6))),0) | ... O26: =IFERROR(SUMPRODUCT((LEFT('OG T12'!$B$7:$B$226,LEN($B26))=$B26)*'OG T12'!$D$7:$P$226*(MONTH('OG T12'!$D$5:$P$5)=MONTH(O$6))*(YEAR('OG T12'!$D$5:$P$5)=YEAR(O$6))),0) | P26: =IF(SUMPRODUCT((LEFT('OG T12'!$B$7:$B$226,LEN($B26))=$B26)*ISNUMBER('OG T12'!$R$7:$R$226)*('OG T12'!$R$7:$R$226<>0))>0,SUMPRODUCT(--(LEFT('OG T12'!$B$7:$B$226,LEN($B26))=$B26),'OG T12'!$R$7:$R$226),IF(COUNT(D26:O26)>0,SUM(D26:O26),0)) | Q26: =IF(COUNT(G26:O26)>0,SUM(G26:O26)/9*12,0) | R26: =IF(COUNT(J26:O26)>0,SUM(J26:O26)/6*12,0) | S26: =IF(COUNT(M26:O26)>0,SUM(M26:O26)/3*12,0) | U26: =IF($U$6="T9",IF(COUNT(D26:O26)>0,Q26,P26),IF($U$6="T6",IF(COUNT(D26:O26)>0,R26,P26),IF($U$6="T3",IF(COUNT(D26:O26)>0,S26,P26),P26)))+T26 | V26: =IFERROR($U26/'Summary & Assumptions'!$C$11,0) | Y26: =IF($W26="",$U26,$W26) | Z26: =CHOOSE($AA$4,N(AB26),N(AD26),N(AF26),N(AH26),N(AJ26)) | AB26: =Y26 | AC26: =IFERROR(AB26/'Summary & Assumptions'!$C$11,0) | AD26: 0 | AE26: =IFERROR(AD26/'Summary & Assumptions'!$C$11,0) | AG26: =IFERROR(AF26/'Summary & Assumptions'!$C$11,0) | AI26: =IFERROR(AH26/'Summary & Assumptions'!$C$11,0) | AK26: =IFERROR(AJ26/'Summary & Assumptions'!$C$11,0)
B27: Other Income - Laundry/Vending | D27: =IFERROR(SUMPRODUCT((LEFT('OG T12'!$B$7:$B$226,LEN($B27))=$B27)*'OG T12'!$D$7:$P$226*(MONTH('OG T12'!$D$5:$P$5)=MONTH(D$6))*(YEAR('OG T12'!$D$5:$P$5)=YEAR(D$6))),0) | E27: =IFERROR(SUMPRODUCT((LEFT('OG T12'!$B$7:$B$226,LEN($B27))=$B27)*'OG T12'!$D$7:$P$226*(MONTH('OG T12'!$D$5:$P$5)=MONTH(E$6))*(YEAR('OG T12'!$D$5:$P$5)=YEAR(E$6))),0) | F27: =IFERROR(SUMPRODUCT((LEFT('OG T12'!$B$7:$B$226,LEN($B27))=$B27)*'OG T12'!$D$7:$P$226*(MONTH('OG T12'!$D$5:$P$5)=MONTH(F$6))*(YEAR('OG T12'!$D$5:$P$5)=YEAR(F$6))),0) | G27: =IFERROR(SUMPRODUCT((LEFT('OG T12'!$B$7:$B$226,LEN($B27))=$B27)*'OG T12'!$D$7:$P$226*(MONTH('OG T12'!$D$5:$P$5)=MONTH(G$6))*(YEAR('OG T12'!$D$5:$P$5)=YEAR(G$6))),0) | H27: =IFERROR(SUMPRODUCT((LEFT('OG T12'!$B$7:$B$226,LEN($B27))=$B27)*'OG T12'!$D$7:$P$226*(MONTH('OG T12'!$D$5:$P$5)=MONTH(H$6))*(YEAR('OG T12'!$D$5:$P$5)=YEAR(H$6))),0) | I27: =IFERROR(SUMPRODUCT((LEFT('OG T12'!$B$7:$B$226,LEN($B27))=$B27)*'OG T12'!$D$7:$P$226*(MONTH('OG T12'!$D$5:$P$5)=MONTH(I$6))*(YEAR('OG T12'!$D$5:$P$5)=YEAR(I$6))),0) | J27: =IFERROR(SUMPRODUCT((LEFT('OG T12'!$B$7:$B$226,LEN($B27))=$B27)*'OG T12'!$D$7:$P$226*(MONTH('OG T12'!$D$5:$P$5)=MONTH(J$6))*(YEAR('OG T12'!$D$5:$P$5)=YEAR(J$6))),0) | K27: =IFERROR(SUMPRODUCT((LEFT('OG T12'!$B$7:$B$226,LEN($B27))=$B27)*'OG T12'!$D$7:$P$226*(MONTH('OG T12'!$D$5:$P$5)=MONTH(K$6))*(YEAR('OG T12'!$D$5:$P$5)=YEAR(K$6))),0) | ... O27: =IFERROR(SUMPRODUCT((LEFT('OG T12'!$B$7:$B$226,LEN($B27))=$B27)*'OG T12'!$D$7:$P$226*(MONTH('OG T12'!$D$5:$P$5)=MONTH(O$6))*(YEAR('OG T12'!$D$5:$P$5)=YEAR(O$6))),0) | P27: =IF(SUMPRODUCT((LEFT('OG T12'!$B$7:$B$226,LEN($B27))=$B27)*ISNUMBER('OG T12'!$R$7:$R$226)*('OG T12'!$R$7:$R$226<>0))>0,SUMPRODUCT(--(LEFT('OG T12'!$B$7:$B$226,LEN($B27))=$B27),'OG T12'!$R$7:$R$226),IF(COUNT(D27:O27)>0,SUM(D27:O27),0)) | Q27: =IF(COUNT(G27:O27)>0,SUM(G27:O27)/9*12,0) | R27: =IF(COUNT(J27:O27)>0,SUM(J27:O27)/6*12,0) | S27: =IF(COUNT(M27:O27)>0,SUM(M27:O27)/3*12,0) | U27: =IF($U$6="T9",IF(COUNT(D27:O27)>0,Q27,P27),IF($U$6="T6",IF(COUNT(D27:O27)>0,R27,P27),IF($U$6="T3",IF(COUNT(D27:O27)>0,S27,P27),P27)))+T27 | V27: =IFERROR($U27/'Summary & Assumptions'!$C$11,0) | Y27: =IF($W27="",$U27,$W27) | Z27: =CHOOSE($AA$4,N(AB27),N(AD27),N(AF27),N(AH27),N(AJ27)) | AB27: =Y27 | AC27: =IFERROR(AB27/'Summary & Assumptions'!$C$11,0) | AD27: 0 | AE27: =IFERROR(AD27/'Summary & Assumptions'!$C$11,0) | AG27: =IFERROR(AF27/'Summary & Assumptions'!$C$11,0) | AI27: =IFERROR(AH27/'Summary & Assumptions'!$C$11,0) | AK27: =IFERROR(AJ27/'Summary & Assumptions'!$C$11,0)
B28: Total Income (EGR) | U28: =U8+U14+U20+U21-U9-U10-U11-U12-U13 | V28: =IFERROR($U28/'Summary & Assumptions'!$C$11,0) | Z28: =CHOOSE($AA$4,N(AB28),N(AD28),N(AF28),N(AH28),N(AJ28)) | AB28: =AB8+AB14+AB20+AB21-AB9-AB10-AB11-AB12-AB13 | AC28: =IFERROR(AB28/'Summary & Assumptions'!$C$11,0) | AD28: =AD8+AD14+AD20+AD21-AD9-AD10-AD11-AD12-AD13 | AE28: =IFERROR(AD28/'Summary & Assumptions'!$C$11,0) | AF28: =AF8+AF14+AF20+AF21-AF9-AF10-AF11-AF12-AF13 | AG28: =IFERROR(AF28/'Summary & Assumptions'!$C$11,0) | AH28: =AH8+AH14+AH20+AH21-AH9-AH10-AH11-AH12-AH13 | AI28: =IFERROR(AH28/'Summary & Assumptions'!$C$11,0) | AJ28: =AJ8+AJ14+AJ20+AJ21-AJ9-AJ10-AJ11-AJ12-AJ13 | AK28: =IFERROR(AJ28/'Summary & Assumptions'!$C$11,0)
B30: Expenses
B31: Real Estate Taxes | D31: =IFERROR(SUMPRODUCT((LEFT('OG T12'!$B$7:$B$226,LEN($B31))=$B31)*'OG T12'!$D$7:$P$226*(MONTH('OG T12'!$D$5:$P$5)=MONTH(D$6))*(YEAR('OG T12'!$D$5:$P$5)=YEAR(D$6))),0) | E31: =IFERROR(SUMPRODUCT((LEFT('OG T12'!$B$7:$B$226,LEN($B31))=$B31)*'OG T12'!$D$7:$P$226*(MONTH('OG T12'!$D$5:$P$5)=MONTH(E$6))*(YEAR('OG T12'!$D$5:$P$5)=YEAR(E$6))),0) | F31: =IFERROR(SUMPRODUCT((LEFT('OG T12'!$B$7:$B$226,LEN($B31))=$B31)*'OG T12'!$D$7:$P$226*(MONTH('OG T12'!$D$5:$P$5)=MONTH(F$6))*(YEAR('OG T12'!$D$5:$P$5)=YEAR(F$6))),0) | G31: =IFERROR(SUMPRODUCT((LEFT('OG T12'!$B$7:$B$226,LEN($B31))=$B31)*'OG T12'!$D$7:$P$226*(MONTH('OG T12'!$D$5:$P$5)=MONTH(G$6))*(YEAR('OG T12'!$D$5:$P$5)=YEAR(G$6))),0) | H31: =IFERROR(SUMPRODUCT((LEFT('OG T12'!$B$7:$B$226,LEN($B31))=$B31)*'OG T12'!$D$7:$P$226*(MONTH('OG T12'!$D$5:$P$5)=MONTH(H$6))*(YEAR('OG T12'!$D$5:$P$5)=YEAR(H$6))),0) | I31: =IFERROR(SUMPRODUCT((LEFT('OG T12'!$B$7:$B$226,LEN($B31))=$B31)*'OG T12'!$D$7:$P$226*(MONTH('OG T12'!$D$5:$P$5)=MONTH(I$6))*(YEAR('OG T12'!$D$5:$P$5)=YEAR(I$6))),0) | J31: =IFERROR(SUMPRODUCT((LEFT('OG T12'!$B$7:$B$226,LEN($B31))=$B31)*'OG T12'!$D$7:$P$226*(MONTH('OG T12'!$D$5:$P$5)=MONTH(J$6))*(YEAR('OG T12'!$D$5:$P$5)=YEAR(J$6))),0) | K31: =IFERROR(SUMPRODUCT((LEFT('OG T12'!$B$7:$B$226,LEN($B31))=$B31)*'OG T12'!$D$7:$P$226*(MONTH('OG T12'!$D$5:$P$5)=MONTH(K$6))*(YEAR('OG T12'!$D$5:$P$5)=YEAR(K$6))),0) | ... O31: =IFERROR(SUMPRODUCT((LEFT('OG T12'!$B$7:$B$226,LEN($B31))=$B31)*'OG T12'!$D$7:$P$226*(MONTH('OG T12'!$D$5:$P$5)=MONTH(O$6))*(YEAR('OG T12'!$D$5:$P$5)=YEAR(O$6))),0) | P31: =IF(SUMPRODUCT((LEFT('OG T12'!$B$7:$B$226,LEN($B31))=$B31)*ISNUMBER('OG T12'!$R$7:$R$226)*('OG T12'!$R$7:$R$226<>0))>0,SUMPRODUCT(--(LEFT('OG T12'!$B$7:$B$226,LEN($B31))=$B31),'OG T12'!$R$7:$R$226),IF(COUNT(D31:O31)>0,SUM(D31:O31),0)) | Q31: =IF(COUNT(G31:O31)>0,SUM(G31:O31)/9*12,0) | R31: =IF(COUNT(J31:O31)>0,SUM(J31:O31)/6*12,0) | S31: =IF(COUNT(M31:O31)>0,SUM(M31:O31)/3*12,0) | U31: =IF($U$6="T9",IF(COUNT(D31:O31)>0,Q31,P31),IF($U$6="T6",IF(COUNT(D31:O31)>0,R31,P31),IF($U$6="T3",IF(COUNT(D31:O31)>0,S31,P31),P31)))+T31 | V31: =IFERROR($U31/'Summary & Assumptions'!$C$11,0) | Y31: =IF($W31="",$U31,IF($X31="Total $",$W31,IF($X31="/ unit",$W31*'Summary & Assumptions'!$C$11,IF($X31="% of EGR",$W31*'P&L'!$U$28,IF($X31="/ SF",$W31*'Summary & Assumptions'!$C$16,IF($X31="% of historicals",$W31*$U31,IF($X31="$ / occ. unit",$W31*'Summary & Assumptions'!$C$15,$W31))))))) | Z31: =CHOOSE($AA$4,N(AB31),N(AD31),N(AF31),N(AH31),N(AJ31)) | AB31: =IF(SUMIFS($W$51:$W$65,$X$51:$X$65,$B31)>0,SUMIFS($W$51:$W$65,$X$51:$X$65,$B31),Y31) | AC31: =IFERROR(AB31/'Summary & Assumptions'!$C$11,0) | AD31: 0 | AE31: =IFERROR(AD31/'Summary & Assumptions'!$C$11,0) | AG31: =IFERROR(AF31/'Summary & Assumptions'!$C$11,0) | AI31: =IFERROR(AH31/'Summary & Assumptions'!$C$11,0) | AK31: =IFERROR(AJ31/'Summary & Assumptions'!$C$11,0)
B32: Insurance | D32: =IFERROR(SUMPRODUCT((LEFT('OG T12'!$B$7:$B$226,LEN($B32))=$B32)*'OG T12'!$D$7:$P$226*(MONTH('OG T12'!$D$5:$P$5)=MONTH(D$6))*(YEAR('OG T12'!$D$5:$P$5)=YEAR(D$6))),0) | E32: =IFERROR(SUMPRODUCT((LEFT('OG T12'!$B$7:$B$226,LEN($B32))=$B32)*'OG T12'!$D$7:$P$226*(MONTH('OG T12'!$D$5:$P$5)=MONTH(E$6))*(YEAR('OG T12'!$D$5:$P$5)=YEAR(E$6))),0) | F32: =IFERROR(SUMPRODUCT((LEFT('OG T12'!$B$7:$B$226,LEN($B32))=$B32)*'OG T12'!$D$7:$P$226*(MONTH('OG T12'!$D$5:$P$5)=MONTH(F$6))*(YEAR('OG T12'!$D$5:$P$5)=YEAR(F$6))),0) | G32: =IFERROR(SUMPRODUCT((LEFT('OG T12'!$B$7:$B$226,LEN($B32))=$B32)*'OG T12'!$D$7:$P$226*(MONTH('OG T12'!$D$5:$P$5)=MONTH(G$6))*(YEAR('OG T12'!$D$5:$P$5)=YEAR(G$6))),0) | H32: =IFERROR(SUMPRODUCT((LEFT('OG T12'!$B$7:$B$226,LEN($B32))=$B32)*'OG T12'!$D$7:$P$226*(MONTH('OG T12'!$D$5:$P$5)=MONTH(H$6))*(YEAR('OG T12'!$D$5:$P$5)=YEAR(H$6))),0) | I32: =IFERROR(SUMPRODUCT((LEFT('OG T12'!$B$7:$B$226,LEN($B32))=$B32)*'OG T12'!$D$7:$P$226*(MONTH('OG T12'!$D$5:$P$5)=MONTH(I$6))*(YEAR('OG T12'!$D$5:$P$5)=YEAR(I$6))),0) | J32: =IFERROR(SUMPRODUCT((LEFT('OG T12'!$B$7:$B$226,LEN($B32))=$B32)*'OG T12'!$D$7:$P$226*(MONTH('OG T12'!$D$5:$P$5)=MONTH(J$6))*(YEAR('OG T12'!$D$5:$P$5)=YEAR(J$6))),0) | K32: =IFERROR(SUMPRODUCT((LEFT('OG T12'!$B$7:$B$226,LEN($B32))=$B32)*'OG T12'!$D$7:$P$226*(MONTH('OG T12'!$D$5:$P$5)=MONTH(K$6))*(YEAR('OG T12'!$D$5:$P$5)=YEAR(K$6))),0) | ... O32: =IFERROR(SUMPRODUCT((LEFT('OG T12'!$B$7:$B$226,LEN($B32))=$B32)*'OG T12'!$D$7:$P$226*(MONTH('OG T12'!$D$5:$P$5)=MONTH(O$6))*(YEAR('OG T12'!$D$5:$P$5)=YEAR(O$6))),0) | P32: =IF(SUMPRODUCT((LEFT('OG T12'!$B$7:$B$226,LEN($B32))=$B32)*ISNUMBER('OG T12'!$R$7:$R$226)*('OG T12'!$R$7:$R$226<>0))>0,SUMPRODUCT(--(LEFT('OG T12'!$B$7:$B$226,LEN($B32))=$B32),'OG T12'!$R$7:$R$226),IF(COUNT(D32:O32)>0,SUM(D32:O32),0)) | Q32: =IF(COUNT(G32:O32)>0,SUM(G32:O32)/9*12,0) | R32: =IF(COUNT(J32:O32)>0,SUM(J32:O32)/6*12,0) | S32: =IF(COUNT(M32:O32)>0,SUM(M32:O32)/3*12,0) | U32: =IF($U$6="T9",IF(COUNT(D32:O32)>0,Q32,P32),IF($U$6="T6",IF(COUNT(D32:O32)>0,R32,P32),IF($U$6="T3",IF(COUNT(D32:O32)>0,S32,P32),P32)))+T32 | V32: =IFERROR($U32/'Summary & Assumptions'!$C$11,0) | Y32: =IF($W32="",$U32,IF($X32="Total $",$W32,IF($X32="/ unit",$W32*'Summary & Assumptions'!$C$11,IF($X32="% of EGR",$W32*'P&L'!$U$28,IF($X32="/ SF",$W32*'Summary & Assumptions'!$C$16,IF($X32="% of historicals",$W32*$U32,IF($X32="$ / occ. unit",$W32*'Summary & Assumptions'!$C$15,$W32))))))) | Z32: =CHOOSE($AA$4,N(AB32),N(AD32),N(AF32),N(AH32),N(AJ32)) | AB32: =IF(SUMIFS($W$51:$W$65,$X$51:$X$65,$B32)>0,SUMIFS($W$51:$W$65,$X$51:$X$65,$B32),Y32) | AC32: =IFERROR(AB32/'Summary & Assumptions'!$C$11,0) | AD32: 0 | AE32: =IFERROR(AD32/'Summary & Assumptions'!$C$11,0) | AG32: =IFERROR(AF32/'Summary & Assumptions'!$C$11,0) | AI32: =IFERROR(AH32/'Summary & Assumptions'!$C$11,0) | AK32: =IFERROR(AJ32/'Summary & Assumptions'!$C$11,0)
B33: Salaries | D33: =IFERROR(SUMPRODUCT((LEFT('OG T12'!$B$7:$B$226,LEN($B33))=$B33)*'OG T12'!$D$7:$P$226*(MONTH('OG T12'!$D$5:$P$5)=MONTH(D$6))*(YEAR('OG T12'!$D$5:$P$5)=YEAR(D$6))),0) | E33: =IFERROR(SUMPRODUCT((LEFT('OG T12'!$B$7:$B$226,LEN($B33))=$B33)*'OG T12'!$D$7:$P$226*(MONTH('OG T12'!$D$5:$P$5)=MONTH(E$6))*(YEAR('OG T12'!$D$5:$P$5)=YEAR(E$6))),0) | F33: =IFERROR(SUMPRODUCT((LEFT('OG T12'!$B$7:$B$226,LEN($B33))=$B33)*'OG T12'!$D$7:$P$226*(MONTH('OG T12'!$D$5:$P$5)=MONTH(F$6))*(YEAR('OG T12'!$D$5:$P$5)=YEAR(F$6))),0) | G33: =IFERROR(SUMPRODUCT((LEFT('OG T12'!$B$7:$B$226,LEN($B33))=$B33)*'OG T12'!$D$7:$P$226*(MONTH('OG T12'!$D$5:$P$5)=MONTH(G$6))*(YEAR('OG T12'!$D$5:$P$5)=YEAR(G$6))),0) | H33: =IFERROR(SUMPRODUCT((LEFT('OG T12'!$B$7:$B$226,LEN($B33))=$B33)*'OG T12'!$D$7:$P$226*(MONTH('OG T12'!$D$5:$P$5)=MONTH(H$6))*(YEAR('OG T12'!$D$5:$P$5)=YEAR(H$6))),0) | I33: =IFERROR(SUMPRODUCT((LEFT('OG T12'!$B$7:$B$226,LEN($B33))=$B33)*'OG T12'!$D$7:$P$226*(MONTH('OG T12'!$D$5:$P$5)=MONTH(I$6))*(YEAR('OG T12'!$D$5:$P$5)=YEAR(I$6))),0) | J33: =IFERROR(SUMPRODUCT((LEFT('OG T12'!$B$7:$B$226,LEN($B33))=$B33)*'OG T12'!$D$7:$P$226*(MONTH('OG T12'!$D$5:$P$5)=MONTH(J$6))*(YEAR('OG T12'!$D$5:$P$5)=YEAR(J$6))),0) | K33: =IFERROR(SUMPRODUCT((LEFT('OG T12'!$B$7:$B$226,LEN($B33))=$B33)*'OG T12'!$D$7:$P$226*(MONTH('OG T12'!$D$5:$P$5)=MONTH(K$6))*(YEAR('OG T12'!$D$5:$P$5)=YEAR(K$6))),0) | ... O33: =IFERROR(SUMPRODUCT((LEFT('OG T12'!$B$7:$B$226,LEN($B33))=$B33)*'OG T12'!$D$7:$P$226*(MONTH('OG T12'!$D$5:$P$5)=MONTH(O$6))*(YEAR('OG T12'!$D$5:$P$5)=YEAR(O$6))),0) | P33: =IF(SUMPRODUCT((LEFT('OG T12'!$B$7:$B$226,LEN($B33))=$B33)*ISNUMBER('OG T12'!$R$7:$R$226)*('OG T12'!$R$7:$R$226<>0))>0,SUMPRODUCT(--(LEFT('OG T12'!$B$7:$B$226,LEN($B33))=$B33),'OG T12'!$R$7:$R$226),IF(COUNT(D33:O33)>0,SUM(D33:O33),0)) | Q33: =IF(COUNT(G33:O33)>0,SUM(G33:O33)/9*12,0) | R33: =IF(COUNT(J33:O33)>0,SUM(J33:O33)/6*12,0) | S33: =IF(COUNT(M33:O33)>0,SUM(M33:O33)/3*12,0) | U33: =IF($U$6="T9",IF(COUNT(D33:O33)>0,Q33,P33),IF($U$6="T6",IF(COUNT(D33:O33)>0,R33,P33),IF($U$6="T3",IF(COUNT(D33:O33)>0,S33,P33),P33)))+T33 | V33: =IFERROR($U33/'Summary & Assumptions'!$C$11,0) | Y33: =IF($W33="",$U33,IF($X33="Total $",$W33,IF($X33="/ unit",$W33*'Summary & Assumptions'!$C$11,IF($X33="% of EGR",$W33*'P&L'!$U$28,IF($X33="/ SF",$W33*'Summary & Assumptions'!$C$16,IF($X33="% of historicals",$W33*$U33,IF($X33="$ / occ. unit",$W33*'Summary & Assumptions'!$C$15,$W33))))))) | Z33: =CHOOSE($AA$4,N(AB33),N(AD33),N(AF33),N(AH33),N(AJ33)) | AB33: =IF(SUMIFS($W$51:$W$65,$X$51:$X$65,$B33)>0,SUMIFS($W$51:$W$65,$X$51:$X$65,$B33),Y33) | AC33: =IFERROR(AB33/'Summary & Assumptions'!$C$11,0) | AD33: 0 | AE33: =IFERROR(AD33/'Summary & Assumptions'!$C$11,0) | AG33: =IFERROR(AF33/'Summary & Assumptions'!$C$11,0) | AI33: =IFERROR(AH33/'Summary & Assumptions'!$C$11,0) | AK33: =IFERROR(AJ33/'Summary & Assumptions'!$C$11,0)
B34: Repairs and Maintenance | D34: =IFERROR(SUMPRODUCT((LEFT('OG T12'!$B$7:$B$226,LEN($B34))=$B34)*'OG T12'!$D$7:$P$226*(MONTH('OG T12'!$D$5:$P$5)=MONTH(D$6))*(YEAR('OG T12'!$D$5:$P$5)=YEAR(D$6))),0) | E34: =IFERROR(SUMPRODUCT((LEFT('OG T12'!$B$7:$B$226,LEN($B34))=$B34)*'OG T12'!$D$7:$P$226*(MONTH('OG T12'!$D$5:$P$5)=MONTH(E$6))*(YEAR('OG T12'!$D$5:$P$5)=YEAR(E$6))),0) | F34: =IFERROR(SUMPRODUCT((LEFT('OG T12'!$B$7:$B$226,LEN($B34))=$B34)*'OG T12'!$D$7:$P$226*(MONTH('OG T12'!$D$5:$P$5)=MONTH(F$6))*(YEAR('OG T12'!$D$5:$P$5)=YEAR(F$6))),0) | G34: =IFERROR(SUMPRODUCT((LEFT('OG T12'!$B$7:$B$226,LEN($B34))=$B34)*'OG T12'!$D$7:$P$226*(MONTH('OG T12'!$D$5:$P$5)=MONTH(G$6))*(YEAR('OG T12'!$D$5:$P$5)=YEAR(G$6))),0) | H34: =IFERROR(SUMPRODUCT((LEFT('OG T12'!$B$7:$B$226,LEN($B34))=$B34)*'OG T12'!$D$7:$P$226*(MONTH('OG T12'!$D$5:$P$5)=MONTH(H$6))*(YEAR('OG T12'!$D$5:$P$5)=YEAR(H$6))),0) | I34: =IFERROR(SUMPRODUCT((LEFT('OG T12'!$B$7:$B$226,LEN($B34))=$B34)*'OG T12'!$D$7:$P$226*(MONTH('OG T12'!$D$5:$P$5)=MONTH(I$6))*(YEAR('OG T12'!$D$5:$P$5)=YEAR(I$6))),0) | J34: =IFERROR(SUMPRODUCT((LEFT('OG T12'!$B$7:$B$226,LEN($B34))=$B34)*'OG T12'!$D$7:$P$226*(MONTH('OG T12'!$D$5:$P$5)=MONTH(J$6))*(YEAR('OG T12'!$D$5:$P$5)=YEAR(J$6))),0) | K34: =IFERROR(SUMPRODUCT((LEFT('OG T12'!$B$7:$B$226,LEN($B34))=$B34)*'OG T12'!$D$7:$P$226*(MONTH('OG T12'!$D$5:$P$5)=MONTH(K$6))*(YEAR('OG T12'!$D$5:$P$5)=YEAR(K$6))),0) | ... O34: =IFERROR(SUMPRODUCT((LEFT('OG T12'!$B$7:$B$226,LEN($B34))=$B34)*'OG T12'!$D$7:$P$226*(MONTH('OG T12'!$D$5:$P$5)=MONTH(O$6))*(YEAR('OG T12'!$D$5:$P$5)=YEAR(O$6))),0) | P34: =IF(SUMPRODUCT((LEFT('OG T12'!$B$7:$B$226,LEN($B34))=$B34)*ISNUMBER('OG T12'!$R$7:$R$226)*('OG T12'!$R$7:$R$226<>0))>0,SUMPRODUCT(--(LEFT('OG T12'!$B$7:$B$226,LEN($B34))=$B34),'OG T12'!$R$7:$R$226),IF(COUNT(D34:O34)>0,SUM(D34:O34),0)) | Q34: =IF(COUNT(G34:O34)>0,SUM(G34:O34)/9*12,0) | R34: =IF(COUNT(J34:O34)>0,SUM(J34:O34)/6*12,0) | S34: =IF(COUNT(M34:O34)>0,SUM(M34:O34)/3*12,0) | U34: =IF($U$6="T9",IF(COUNT(D34:O34)>0,Q34,P34),IF($U$6="T6",IF(COUNT(D34:O34)>0,R34,P34),IF($U$6="T3",IF(COUNT(D34:O34)>0,S34,P34),P34)))+T34 | V34: =IFERROR($U34/'Summary & Assumptions'!$C$11,0) | Y34: =IF($W34="",$U34,IF($X34="Total $",$W34,IF($X34="/ unit",$W34*'Summary & Assumptions'!$C$11,IF($X34="% of EGR",$W34*'P&L'!$U$28,IF($X34="/ SF",$W34*'Summary & Assumptions'!$C$16,IF($X34="% of historicals",$W34*$U34,IF($X34="$ / occ. unit",$W34*'Summary & Assumptions'!$C$15,$W34))))))) | Z34: =CHOOSE($AA$4,N(AB34),N(AD34),N(AF34),N(AH34),N(AJ34)) | AB34: =IF(SUMIFS($W$51:$W$65,$X$51:$X$65,$B34)>0,SUMIFS($W$51:$W$65,$X$51:$X$65,$B34),Y34+SUM(Y35:Y37)-SUM(U35:U37)) | AC34: =IFERROR(AB34/'Summary & Assumptions'!$C$11,0) | AD34: 0 | AE34: =IFERROR(AD34/'Summary & Assumptions'!$C$11,0) | AG34: =IFERROR(AF34/'Summary & Assumptions'!$C$11,0) | AI34: =IFERROR(AH34/'Summary & Assumptions'!$C$11,0) | AK34: =IFERROR(AJ34/'Summary & Assumptions'!$C$11,0)
B35: Repairs and Maintenance - General | D35: =IFERROR(SUMPRODUCT((LEFT('OG T12'!$B$7:$B$226,LEN($B35))=$B35)*'OG T12'!$D$7:$P$226*(MONTH('OG T12'!$D$5:$P$5)=MONTH(D$6))*(YEAR('OG T12'!$D$5:$P$5)=YEAR(D$6))),0) | E35: =IFERROR(SUMPRODUCT((LEFT('OG T12'!$B$7:$B$226,LEN($B35))=$B35)*'OG T12'!$D$7:$P$226*(MONTH('OG T12'!$D$5:$P$5)=MONTH(E$6))*(YEAR('OG T12'!$D$5:$P$5)=YEAR(E$6))),0) | F35: =IFERROR(SUMPRODUCT((LEFT('OG T12'!$B$7:$B$226,LEN($B35))=$B35)*'OG T12'!$D$7:$P$226*(MONTH('OG T12'!$D$5:$P$5)=MONTH(F$6))*(YEAR('OG T12'!$D$5:$P$5)=YEAR(F$6))),0) | G35: =IFERROR(SUMPRODUCT((LEFT('OG T12'!$B$7:$B$226,LEN($B35))=$B35)*'OG T12'!$D$7:$P$226*(MONTH('OG T12'!$D$5:$P$5)=MONTH(G$6))*(YEAR('OG T12'!$D$5:$P$5)=YEAR(G$6))),0) | H35: =IFERROR(SUMPRODUCT((LEFT('OG T12'!$B$7:$B$226,LEN($B35))=$B35)*'OG T12'!$D$7:$P$226*(MONTH('OG T12'!$D$5:$P$5)=MONTH(H$6))*(YEAR('OG T12'!$D$5:$P$5)=YEAR(H$6))),0) | I35: =IFERROR(SUMPRODUCT((LEFT('OG T12'!$B$7:$B$226,LEN($B35))=$B35)*'OG T12'!$D$7:$P$226*(MONTH('OG T12'!$D$5:$P$5)=MONTH(I$6))*(YEAR('OG T12'!$D$5:$P$5)=YEAR(I$6))),0) | J35: =IFERROR(SUMPRODUCT((LEFT('OG T12'!$B$7:$B$226,LEN($B35))=$B35)*'OG T12'!$D$7:$P$226*(MONTH('OG T12'!$D$5:$P$5)=MONTH(J$6))*(YEAR('OG T12'!$D$5:$P$5)=YEAR(J$6))),0) | K35: =IFERROR(SUMPRODUCT((LEFT('OG T12'!$B$7:$B$226,LEN($B35))=$B35)*'OG T12'!$D$7:$P$226*(MONTH('OG T12'!$D$5:$P$5)=MONTH(K$6))*(YEAR('OG T12'!$D$5:$P$5)=YEAR(K$6))),0) | ... O35: =IFERROR(SUMPRODUCT((LEFT('OG T12'!$B$7:$B$226,LEN($B35))=$B35)*'OG T12'!$D$7:$P$226*(MONTH('OG T12'!$D$5:$P$5)=MONTH(O$6))*(YEAR('OG T12'!$D$5:$P$5)=YEAR(O$6))),0) | P35: =IF(SUMPRODUCT((LEFT('OG T12'!$B$7:$B$226,LEN($B35))=$B35)*ISNUMBER('OG T12'!$R$7:$R$226)*('OG T12'!$R$7:$R$226<>0))>0,SUMPRODUCT(--(LEFT('OG T12'!$B$7:$B$226,LEN($B35))=$B35),'OG T12'!$R$7:$R$226),IF(COUNT(D35:O35)>0,SUM(D35:O35),0)) | Q35: =IF(COUNT(G35:O35)>0,SUM(G35:O35)/9*12,0) | R35: =IF(COUNT(J35:O35)>0,SUM(J35:O35)/6*12,0) | S35: =IF(COUNT(M35:O35)>0,SUM(M35:O35)/3*12,0) | U35: =IF($U$6="T9",IF(COUNT(D35:O35)>0,Q35,P35),IF($U$6="T6",IF(COUNT(D35:O35)>0,R35,P35),IF($U$6="T3",IF(COUNT(D35:O35)>0,S35,P35),P35)))+T35 | V35: =IFERROR($U35/'Summary & Assumptions'!$C$11,0) | Y35: =IF($W35="",$U35,$W35) | Z35: =CHOOSE($AA$4,N(AB35),N(AD35),N(AF35),N(AH35),N(AJ35)) | AB35: =Y35 | AC35: =IFERROR(AB35/'Summary & Assumptions'!$C$11,0) | AD35: 0 | AE35: =IFERROR(AD35/'Summary & Assumptions'!$C$11,0) | AG35: =IFERROR(AF35/'Summary & Assumptions'!$C$11,0) | AI35: =IFERROR(AH35/'Summary & Assumptions'!$C$11,0) | AK35: =IFERROR(AJ35/'Summary & Assumptions'!$C$11,0)
B36: Repairs and Maintenance - Contract Services | D36: =IFERROR(SUMPRODUCT((LEFT('OG T12'!$B$7:$B$226,LEN($B36))=$B36)*'OG T12'!$D$7:$P$226*(MONTH('OG T12'!$D$5:$P$5)=MONTH(D$6))*(YEAR('OG T12'!$D$5:$P$5)=YEAR(D$6))),0) | E36: =IFERROR(SUMPRODUCT((LEFT('OG T12'!$B$7:$B$226,LEN($B36))=$B36)*'OG T12'!$D$7:$P$226*(MONTH('OG T12'!$D$5:$P$5)=MONTH(E$6))*(YEAR('OG T12'!$D$5:$P$5)=YEAR(E$6))),0) | F36: =IFERROR(SUMPRODUCT((LEFT('OG T12'!$B$7:$B$226,LEN($B36))=$B36)*'OG T12'!$D$7:$P$226*(MONTH('OG T12'!$D$5:$P$5)=MONTH(F$6))*(YEAR('OG T12'!$D$5:$P$5)=YEAR(F$6))),0) | G36: =IFERROR(SUMPRODUCT((LEFT('OG T12'!$B$7:$B$226,LEN($B36))=$B36)*'OG T12'!$D$7:$P$226*(MONTH('OG T12'!$D$5:$P$5)=MONTH(G$6))*(YEAR('OG T12'!$D$5:$P$5)=YEAR(G$6))),0) | H36: =IFERROR(SUMPRODUCT((LEFT('OG T12'!$B$7:$B$226,LEN($B36))=$B36)*'OG T12'!$D$7:$P$226*(MONTH('OG T12'!$D$5:$P$5)=MONTH(H$6))*(YEAR('OG T12'!$D$5:$P$5)=YEAR(H$6))),0) | I36: =IFERROR(SUMPRODUCT((LEFT('OG T12'!$B$7:$B$226,LEN($B36))=$B36)*'OG T12'!$D$7:$P$226*(MONTH('OG T12'!$D$5:$P$5)=MONTH(I$6))*(YEAR('OG T12'!$D$5:$P$5)=YEAR(I$6))),0) | J36: =IFERROR(SUMPRODUCT((LEFT('OG T12'!$B$7:$B$226,LEN($B36))=$B36)*'OG T12'!$D$7:$P$226*(MONTH('OG T12'!$D$5:$P$5)=MONTH(J$6))*(YEAR('OG T12'!$D$5:$P$5)=YEAR(J$6))),0) | K36: =IFERROR(SUMPRODUCT((LEFT('OG T12'!$B$7:$B$226,LEN($B36))=$B36)*'OG T12'!$D$7:$P$226*(MONTH('OG T12'!$D$5:$P$5)=MONTH(K$6))*(YEAR('OG T12'!$D$5:$P$5)=YEAR(K$6))),0) | ... O36: =IFERROR(SUMPRODUCT((LEFT('OG T12'!$B$7:$B$226,LEN($B36))=$B36)*'OG T12'!$D$7:$P$226*(MONTH('OG T12'!$D$5:$P$5)=MONTH(O$6))*(YEAR('OG T12'!$D$5:$P$5)=YEAR(O$6))),0) | P36: =IF(SUMPRODUCT((LEFT('OG T12'!$B$7:$B$226,LEN($B36))=$B36)*ISNUMBER('OG T12'!$R$7:$R$226)*('OG T12'!$R$7:$R$226<>0))>0,SUMPRODUCT(--(LEFT('OG T12'!$B$7:$B$226,LEN($B36))=$B36),'OG T12'!$R$7:$R$226),IF(COUNT(D36:O36)>0,SUM(D36:O36),0)) | Q36: =IF(COUNT(G36:O36)>0,SUM(G36:O36)/9*12,0) | R36: =IF(COUNT(J36:O36)>0,SUM(J36:O36)/6*12,0) | S36: =IF(COUNT(M36:O36)>0,SUM(M36:O36)/3*12,0) | U36: =IF($U$6="T9",IF(COUNT(D36:O36)>0,Q36,P36),IF($U$6="T6",IF(COUNT(D36:O36)>0,R36,P36),IF($U$6="T3",IF(COUNT(D36:O36)>0,S36,P36),P36)))+T36 | V36: =IFERROR($U36/'Summary & Assumptions'!$C$11,0) | Y36: =IF($W36="",$U36,$W36) | Z36: =CHOOSE($AA$4,N(AB36),N(AD36),N(AF36),N(AH36),N(AJ36)) | AB36: =Y36 | AC36: =IFERROR(AB36/'Summary & Assumptions'!$C$11,0) | AD36: 0 | AE36: =IFERROR(AD36/'Summary & Assumptions'!$C$11,0) | AG36: =IFERROR(AF36/'Summary & Assumptions'!$C$11,0) | AI36: =IFERROR(AH36/'Summary & Assumptions'!$C$11,0) | AK36: =IFERROR(AJ36/'Summary & Assumptions'!$C$11,0)
B37: Repairs and Maintenance - Turnover | D37: =IFERROR(SUMPRODUCT((LEFT('OG T12'!$B$7:$B$226,LEN($B37))=$B37)*'OG T12'!$D$7:$P$226*(MONTH('OG T12'!$D$5:$P$5)=MONTH(D$6))*(YEAR('OG T12'!$D$5:$P$5)=YEAR(D$6))),0) | E37: =IFERROR(SUMPRODUCT((LEFT('OG T12'!$B$7:$B$226,LEN($B37))=$B37)*'OG T12'!$D$7:$P$226*(MONTH('OG T12'!$D$5:$P$5)=MONTH(E$6))*(YEAR('OG T12'!$D$5:$P$5)=YEAR(E$6))),0) | F37: =IFERROR(SUMPRODUCT((LEFT('OG T12'!$B$7:$B$226,LEN($B37))=$B37)*'OG T12'!$D$7:$P$226*(MONTH('OG T12'!$D$5:$P$5)=MONTH(F$6))*(YEAR('OG T12'!$D$5:$P$5)=YEAR(F$6))),0) | G37: =IFERROR(SUMPRODUCT((LEFT('OG T12'!$B$7:$B$226,LEN($B37))=$B37)*'OG T12'!$D$7:$P$226*(MONTH('OG T12'!$D$5:$P$5)=MONTH(G$6))*(YEAR('OG T12'!$D$5:$P$5)=YEAR(G$6))),0) | H37: =IFERROR(SUMPRODUCT((LEFT('OG T12'!$B$7:$B$226,LEN($B37))=$B37)*'OG T12'!$D$7:$P$226*(MONTH('OG T12'!$D$5:$P$5)=MONTH(H$6))*(YEAR('OG T12'!$D$5:$P$5)=YEAR(H$6))),0) | I37: =IFERROR(SUMPRODUCT((LEFT('OG T12'!$B$7:$B$226,LEN($B37))=$B37)*'OG T12'!$D$7:$P$226*(MONTH('OG T12'!$D$5:$P$5)=MONTH(I$6))*(YEAR('OG T12'!$D$5:$P$5)=YEAR(I$6))),0) | J37: =IFERROR(SUMPRODUCT((LEFT('OG T12'!$B$7:$B$226,LEN($B37))=$B37)*'OG T12'!$D$7:$P$226*(MONTH('OG T12'!$D$5:$P$5)=MONTH(J$6))*(YEAR('OG T12'!$D$5:$P$5)=YEAR(J$6))),0) | K37: =IFERROR(SUMPRODUCT((LEFT('OG T12'!$B$7:$B$226,LEN($B37))=$B37)*'OG T12'!$D$7:$P$226*(MONTH('OG T12'!$D$5:$P$5)=MONTH(K$6))*(YEAR('OG T12'!$D$5:$P$5)=YEAR(K$6))),0) | ... O37: =IFERROR(SUMPRODUCT((LEFT('OG T12'!$B$7:$B$226,LEN($B37))=$B37)*'OG T12'!$D$7:$P$226*(MONTH('OG T12'!$D$5:$P$5)=MONTH(O$6))*(YEAR('OG T12'!$D$5:$P$5)=YEAR(O$6))),0) | P37: =IF(SUMPRODUCT((LEFT('OG T12'!$B$7:$B$226,LEN($B37))=$B37)*ISNUMBER('OG T12'!$R$7:$R$226)*('OG T12'!$R$7:$R$226<>0))>0,SUMPRODUCT(--(LEFT('OG T12'!$B$7:$B$226,LEN($B37))=$B37),'OG T12'!$R$7:$R$226),IF(COUNT(D37:O37)>0,SUM(D37:O37),0)) | Q37: =IF(COUNT(G37:O37)>0,SUM(G37:O37)/9*12,0) | R37: =IF(COUNT(J37:O37)>0,SUM(J37:O37)/6*12,0) | S37: =IF(COUNT(M37:O37)>0,SUM(M37:O37)/3*12,0) | U37: =IF($U$6="T9",IF(COUNT(D37:O37)>0,Q37,P37),IF($U$6="T6",IF(COUNT(D37:O37)>0,R37,P37),IF($U$6="T3",IF(COUNT(D37:O37)>0,S37,P37),P37)))+T37 | V37: =IFERROR($U37/'Summary & Assumptions'!$C$11,0) | Y37: =IF($W37="",$U37,$W37) | Z37: =CHOOSE($AA$4,N(AB37),N(AD37),N(AF37),N(AH37),N(AJ37)) | AB37: =Y37 | AC37: =IFERROR(AB37/'Summary & Assumptions'!$C$11,0) | AD37: 0 | AE37: =IFERROR(AD37/'Summary & Assumptions'!$C$11,0) | AG37: =IFERROR(AF37/'Summary & Assumptions'!$C$11,0) | AI37: =IFERROR(AH37/'Summary & Assumptions'!$C$11,0) | AK37: =IFERROR(AJ37/'Summary & Assumptions'!$C$11,0)
B38: Utilities | D38: =IFERROR(SUMPRODUCT((LEFT('OG T12'!$B$7:$B$226,LEN($B38))=$B38)*'OG T12'!$D$7:$P$226*(MONTH('OG T12'!$D$5:$P$5)=MONTH(D$6))*(YEAR('OG T12'!$D$5:$P$5)=YEAR(D$6))),0) | E38: =IFERROR(SUMPRODUCT((LEFT('OG T12'!$B$7:$B$226,LEN($B38))=$B38)*'OG T12'!$D$7:$P$226*(MONTH('OG T12'!$D$5:$P$5)=MONTH(E$6))*(YEAR('OG T12'!$D$5:$P$5)=YEAR(E$6))),0) | F38: =IFERROR(SUMPRODUCT((LEFT('OG T12'!$B$7:$B$226,LEN($B38))=$B38)*'OG T12'!$D$7:$P$226*(MONTH('OG T12'!$D$5:$P$5)=MONTH(F$6))*(YEAR('OG T12'!$D$5:$P$5)=YEAR(F$6))),0) | G38: =IFERROR(SUMPRODUCT((LEFT('OG T12'!$B$7:$B$226,LEN($B38))=$B38)*'OG T12'!$D$7:$P$226*(MONTH('OG T12'!$D$5:$P$5)=MONTH(G$6))*(YEAR('OG T12'!$D$5:$P$5)=YEAR(G$6))),0) | H38: =IFERROR(SUMPRODUCT((LEFT('OG T12'!$B$7:$B$226,LEN($B38))=$B38)*'OG T12'!$D$7:$P$226*(MONTH('OG T12'!$D$5:$P$5)=MONTH(H$6))*(YEAR('OG T12'!$D$5:$P$5)=YEAR(H$6))),0) | I38: =IFERROR(SUMPRODUCT((LEFT('OG T12'!$B$7:$B$226,LEN($B38))=$B38)*'OG T12'!$D$7:$P$226*(MONTH('OG T12'!$D$5:$P$5)=MONTH(I$6))*(YEAR('OG T12'!$D$5:$P$5)=YEAR(I$6))),0) | J38: =IFERROR(SUMPRODUCT((LEFT('OG T12'!$B$7:$B$226,LEN($B38))=$B38)*'OG T12'!$D$7:$P$226*(MONTH('OG T12'!$D$5:$P$5)=MONTH(J$6))*(YEAR('OG T12'!$D$5:$P$5)=YEAR(J$6))),0) | K38: =IFERROR(SUMPRODUCT((LEFT('OG T12'!$B$7:$B$226,LEN($B38))=$B38)*'OG T12'!$D$7:$P$226*(MONTH('OG T12'!$D$5:$P$5)=MONTH(K$6))*(YEAR('OG T12'!$D$5:$P$5)=YEAR(K$6))),0) | ... O38: =IFERROR(SUMPRODUCT((LEFT('OG T12'!$B$7:$B$226,LEN($B38))=$B38)*'OG T12'!$D$7:$P$226*(MONTH('OG T12'!$D$5:$P$5)=MONTH(O$6))*(YEAR('OG T12'!$D$5:$P$5)=YEAR(O$6))),0) | P38: =IF(SUMPRODUCT((LEFT('OG T12'!$B$7:$B$226,LEN($B38))=$B38)*ISNUMBER('OG T12'!$R$7:$R$226)*('OG T12'!$R$7:$R$226<>0))>0,SUMPRODUCT(--(LEFT('OG T12'!$B$7:$B$226,LEN($B38))=$B38),'OG T12'!$R$7:$R$226),IF(COUNT(D38:O38)>0,SUM(D38:O38),0)) | Q38: =IF(COUNT(G38:O38)>0,SUM(G38:O38)/9*12,0) | R38: =IF(COUNT(J38:O38)>0,SUM(J38:O38)/6*12,0) | S38: =IF(COUNT(M38:O38)>0,SUM(M38:O38)/3*12,0) | U38: =IF($U$6="T9",IF(COUNT(D38:O38)>0,Q38,P38),IF($U$6="T6",IF(COUNT(D38:O38)>0,R38,P38),IF($U$6="T3",IF(COUNT(D38:O38)>0,S38,P38),P38)))+T38 | V38: =IFERROR($U38/'Summary & Assumptions'!$C$11,0) | Y38: =IF($W38="",$U38,IF($X38="Total $",$W38,IF($X38="/ unit",$W38*'Summary & Assumptions'!$C$11,IF($X38="% of EGR",$W38*'P&L'!$U$28,IF($X38="/ SF",$W38*'Summary & Assumptions'!$C$16,IF($X38="% of historicals",$W38*$U38,IF($X38="$ / occ. unit",$W38*'Summary & Assumptions'!$C$15,$W38))))))) | Z38: =CHOOSE($AA$4,N(AB38),N(AD38),N(AF38),N(AH38),N(AJ38)) | AB38: =IF(SUMIFS($W$51:$W$65,$X$51:$X$65,$B38)>0,SUMIFS($W$51:$W$65,$X$51:$X$65,$B38),Y38+SUM(Y39:Y43)-SUM(U39:U43)) | AC38: =IFERROR(AB38/'Summary & Assumptions'!$C$11,0) | AD38: 0 | AE38: =IFERROR(AD38/'Summary & Assumptions'!$C$11,0) | AG38: =IFERROR(AF38/'Summary & Assumptions'!$C$11,0) | AI38: =IFERROR(AH38/'Summary & Assumptions'!$C$11,0) | AK38: =IFERROR(AJ38/'Summary & Assumptions'!$C$11,0)
B39: Utilities - General | D39: =IFERROR(SUMPRODUCT((LEFT('OG T12'!$B$7:$B$226,LEN($B39))=$B39)*'OG T12'!$D$7:$P$226*(MONTH('OG T12'!$D$5:$P$5)=MONTH(D$6))*(YEAR('OG T12'!$D$5:$P$5)=YEAR(D$6))),0) | E39: =IFERROR(SUMPRODUCT((LEFT('OG T12'!$B$7:$B$226,LEN($B39))=$B39)*'OG T12'!$D$7:$P$226*(MONTH('OG T12'!$D$5:$P$5)=MONTH(E$6))*(YEAR('OG T12'!$D$5:$P$5)=YEAR(E$6))),0) | F39: =IFERROR(SUMPRODUCT((LEFT('OG T12'!$B$7:$B$226,LEN($B39))=$B39)*'OG T12'!$D$7:$P$226*(MONTH('OG T12'!$D$5:$P$5)=MONTH(F$6))*(YEAR('OG T12'!$D$5:$P$5)=YEAR(F$6))),0) | G39: =IFERROR(SUMPRODUCT((LEFT('OG T12'!$B$7:$B$226,LEN($B39))=$B39)*'OG T12'!$D$7:$P$226*(MONTH('OG T12'!$D$5:$P$5)=MONTH(G$6))*(YEAR('OG T12'!$D$5:$P$5)=YEAR(G$6))),0) | H39: =IFERROR(SUMPRODUCT((LEFT('OG T12'!$B$7:$B$226,LEN($B39))=$B39)*'OG T12'!$D$7:$P$226*(MONTH('OG T12'!$D$5:$P$5)=MONTH(H$6))*(YEAR('OG T12'!$D$5:$P$5)=YEAR(H$6))),0) | I39: =IFERROR(SUMPRODUCT((LEFT('OG T12'!$B$7:$B$226,LEN($B39))=$B39)*'OG T12'!$D$7:$P$226*(MONTH('OG T12'!$D$5:$P$5)=MONTH(I$6))*(YEAR('OG T12'!$D$5:$P$5)=YEAR(I$6))),0) | J39: =IFERROR(SUMPRODUCT((LEFT('OG T12'!$B$7:$B$226,LEN($B39))=$B39)*'OG T12'!$D$7:$P$226*(MONTH('OG T12'!$D$5:$P$5)=MONTH(J$6))*(YEAR('OG T12'!$D$5:$P$5)=YEAR(J$6))),0) | K39: =IFERROR(SUMPRODUCT((LEFT('OG T12'!$B$7:$B$226,LEN($B39))=$B39)*'OG T12'!$D$7:$P$226*(MONTH('OG T12'!$D$5:$P$5)=MONTH(K$6))*(YEAR('OG T12'!$D$5:$P$5)=YEAR(K$6))),0) | ... O39: =IFERROR(SUMPRODUCT((LEFT('OG T12'!$B$7:$B$226,LEN($B39))=$B39)*'OG T12'!$D$7:$P$226*(MONTH('OG T12'!$D$5:$P$5)=MONTH(O$6))*(YEAR('OG T12'!$D$5:$P$5)=YEAR(O$6))),0) | P39: =IF(SUMPRODUCT((LEFT('OG T12'!$B$7:$B$226,LEN($B39))=$B39)*ISNUMBER('OG T12'!$R$7:$R$226)*('OG T12'!$R$7:$R$226<>0))>0,SUMPRODUCT(--(LEFT('OG T12'!$B$7:$B$226,LEN($B39))=$B39),'OG T12'!$R$7:$R$226),IF(COUNT(D39:O39)>0,SUM(D39:O39),0)) | Q39: =IF(COUNT(G39:O39)>0,SUM(G39:O39)/9*12,0) | R39: =IF(COUNT(J39:O39)>0,SUM(J39:O39)/6*12,0) | S39: =IF(COUNT(M39:O39)>0,SUM(M39:O39)/3*12,0) | U39: =IF($U$6="T9",IF(COUNT(D39:O39)>0,Q39,P39),IF($U$6="T6",IF(COUNT(D39:O39)>0,R39,P39),IF($U$6="T3",IF(COUNT(D39:O39)>0,S39,P39),P39)))+T39 | V39: =IFERROR($U39/'Summary & Assumptions'!$C$11,0) | Y39: =IF($W39="",$U39,$W39) | Z39: =CHOOSE($AA$4,N(AB39),N(AD39),N(AF39),N(AH39),N(AJ39)) | AB39: =Y39 | AC39: =IFERROR(AB39/'Summary & Assumptions'!$C$11,0) | AD39: 0 | AE39: =IFERROR(AD39/'Summary & Assumptions'!$C$11,0) | AG39: =IFERROR(AF39/'Summary & Assumptions'!$C$11,0) | AI39: =IFERROR(AH39/'Summary & Assumptions'!$C$11,0) | AK39: =IFERROR(AJ39/'Summary & Assumptions'!$C$11,0)
B40: Utilities - Electric | D40: =IFERROR(SUMPRODUCT((LEFT('OG T12'!$B$7:$B$226,LEN($B40))=$B40)*'OG T12'!$D$7:$P$226*(MONTH('OG T12'!$D$5:$P$5)=MONTH(D$6))*(YEAR('OG T12'!$D$5:$P$5)=YEAR(D$6))),0) | E40: =IFERROR(SUMPRODUCT((LEFT('OG T12'!$B$7:$B$226,LEN($B40))=$B40)*'OG T12'!$D$7:$P$226*(MONTH('OG T12'!$D$5:$P$5)=MONTH(E$6))*(YEAR('OG T12'!$D$5:$P$5)=YEAR(E$6))),0) | F40: =IFERROR(SUMPRODUCT((LEFT('OG T12'!$B$7:$B$226,LEN($B40))=$B40)*'OG T12'!$D$7:$P$226*(MONTH('OG T12'!$D$5:$P$5)=MONTH(F$6))*(YEAR('OG T12'!$D$5:$P$5)=YEAR(F$6))),0) | G40: =IFERROR(SUMPRODUCT((LEFT('OG T12'!$B$7:$B$226,LEN($B40))=$B40)*'OG T12'!$D$7:$P$226*(MONTH('OG T12'!$D$5:$P$5)=MONTH(G$6))*(YEAR('OG T12'!$D$5:$P$5)=YEAR(G$6))),0) | H40: =IFERROR(SUMPRODUCT((LEFT('OG T12'!$B$7:$B$226,LEN($B40))=$B40)*'OG T12'!$D$7:$P$226*(MONTH('OG T12'!$D$5:$P$5)=MONTH(H$6))*(YEAR('OG T12'!$D$5:$P$5)=YEAR(H$6))),0) | I40: =IFERROR(SUMPRODUCT((LEFT('OG T12'!$B$7:$B$226,LEN($B40))=$B40)*'OG T12'!$D$7:$P$226*(MONTH('OG T12'!$D$5:$P$5)=MONTH(I$6))*(YEAR('OG T12'!$D$5:$P$5)=YEAR(I$6))),0) | J40: =IFERROR(SUMPRODUCT((LEFT('OG T12'!$B$7:$B$226,LEN($B40))=$B40)*'OG T12'!$D$7:$P$226*(MONTH('OG T12'!$D$5:$P$5)=MONTH(J$6))*(YEAR('OG T12'!$D$5:$P$5)=YEAR(J$6))),0) | K40: =IFERROR(SUMPRODUCT((LEFT('OG T12'!$B$7:$B$226,LEN($B40))=$B40)*'OG T12'!$D$7:$P$226*(MONTH('OG T12'!$D$5:$P$5)=MONTH(K$6))*(YEAR('OG T12'!$D$5:$P$5)=YEAR(K$6))),0) | ... O40: =IFERROR(SUMPRODUCT((LEFT('OG T12'!$B$7:$B$226,LEN($B40))=$B40)*'OG T12'!$D$7:$P$226*(MONTH('OG T12'!$D$5:$P$5)=MONTH(O$6))*(YEAR('OG T12'!$D$5:$P$5)=YEAR(O$6))),0) | P40: =IF(SUMPRODUCT((LEFT('OG T12'!$B$7:$B$226,LEN($B40))=$B40)*ISNUMBER('OG T12'!$R$7:$R$226)*('OG T12'!$R$7:$R$226<>0))>0,SUMPRODUCT(--(LEFT('OG T12'!$B$7:$B$226,LEN($B40))=$B40),'OG T12'!$R$7:$R$226),IF(COUNT(D40:O40)>0,SUM(D40:O40),0)) | Q40: =IF(COUNT(G40:O40)>0,SUM(G40:O40)/9*12,0) | R40: =IF(COUNT(J40:O40)>0,SUM(J40:O40)/6*12,0) | S40: =IF(COUNT(M40:O40)>0,SUM(M40:O40)/3*12,0) | U40: =IF($U$6="T9",IF(COUNT(D40:O40)>0,Q40,P40),IF($U$6="T6",IF(COUNT(D40:O40)>0,R40,P40),IF($U$6="T3",IF(COUNT(D40:O40)>0,S40,P40),P40)))+T40 | V40: =IFERROR($U40/'Summary & Assumptions'!$C$11,0) | Y40: =IF($W40="",$U40,$W40) | Z40: =CHOOSE($AA$4,N(AB40),N(AD40),N(AF40),N(AH40),N(AJ40)) | AB40: =Y40 | AC40: =IFERROR(AB40/'Summary & Assumptions'!$C$11,0) | AD40: 0 | AE40: =IFERROR(AD40/'Summary & Assumptions'!$C$11,0) | AG40: =IFERROR(AF40/'Summary & Assumptions'!$C$11,0) | AI40: =IFERROR(AH40/'Summary & Assumptions'!$C$11,0) | AK40: =IFERROR(AJ40/'Summary & Assumptions'!$C$11,0)
B41: Utilities - Water/Sewer | D41: =IFERROR(SUMPRODUCT((LEFT('OG T12'!$B$7:$B$226,LEN($B41))=$B41)*'OG T12'!$D$7:$P$226*(MONTH('OG T12'!$D$5:$P$5)=MONTH(D$6))*(YEAR('OG T12'!$D$5:$P$5)=YEAR(D$6))),0) | E41: =IFERROR(SUMPRODUCT((LEFT('OG T12'!$B$7:$B$226,LEN($B41))=$B41)*'OG T12'!$D$7:$P$226*(MONTH('OG T12'!$D$5:$P$5)=MONTH(E$6))*(YEAR('OG T12'!$D$5:$P$5)=YEAR(E$6))),0) | F41: =IFERROR(SUMPRODUCT((LEFT('OG T12'!$B$7:$B$226,LEN($B41))=$B41)*'OG T12'!$D$7:$P$226*(MONTH('OG T12'!$D$5:$P$5)=MONTH(F$6))*(YEAR('OG T12'!$D$5:$P$5)=YEAR(F$6))),0) | G41: =IFERROR(SUMPRODUCT((LEFT('OG T12'!$B$7:$B$226,LEN($B41))=$B41)*'OG T12'!$D$7:$P$226*(MONTH('OG T12'!$D$5:$P$5)=MONTH(G$6))*(YEAR('OG T12'!$D$5:$P$5)=YEAR(G$6))),0) | H41: =IFERROR(SUMPRODUCT((LEFT('OG T12'!$B$7:$B$226,LEN($B41))=$B41)*'OG T12'!$D$7:$P$226*(MONTH('OG T12'!$D$5:$P$5)=MONTH(H$6))*(YEAR('OG T12'!$D$5:$P$5)=YEAR(H$6))),0) | I41: =IFERROR(SUMPRODUCT((LEFT('OG T12'!$B$7:$B$226,LEN($B41))=$B41)*'OG T12'!$D$7:$P$226*(MONTH('OG T12'!$D$5:$P$5)=MONTH(I$6))*(YEAR('OG T12'!$D$5:$P$5)=YEAR(I$6))),0) | J41: =IFERROR(SUMPRODUCT((LEFT('OG T12'!$B$7:$B$226,LEN($B41))=$B41)*'OG T12'!$D$7:$P$226*(MONTH('OG T12'!$D$5:$P$5)=MONTH(J$6))*(YEAR('OG T12'!$D$5:$P$5)=YEAR(J$6))),0) | K41: =IFERROR(SUMPRODUCT((LEFT('OG T12'!$B$7:$B$226,LEN($B41))=$B41)*'OG T12'!$D$7:$P$226*(MONTH('OG T12'!$D$5:$P$5)=MONTH(K$6))*(YEAR('OG T12'!$D$5:$P$5)=YEAR(K$6))),0) | ... O41: =IFERROR(SUMPRODUCT((LEFT('OG T12'!$B$7:$B$226,LEN($B41))=$B41)*'OG T12'!$D$7:$P$226*(MONTH('OG T12'!$D$5:$P$5)=MONTH(O$6))*(YEAR('OG T12'!$D$5:$P$5)=YEAR(O$6))),0) | P41: =IF(SUMPRODUCT((LEFT('OG T12'!$B$7:$B$226,LEN($B41))=$B41)*ISNUMBER('OG T12'!$R$7:$R$226)*('OG T12'!$R$7:$R$226<>0))>0,SUMPRODUCT(--(LEFT('OG T12'!$B$7:$B$226,LEN($B41))=$B41),'OG T12'!$R$7:$R$226),IF(COUNT(D41:O41)>0,SUM(D41:O41),0)) | Q41: =IF(COUNT(G41:O41)>0,SUM(G41:O41)/9*12,0) | R41: =IF(COUNT(J41:O41)>0,SUM(J41:O41)/6*12,0) | S41: =IF(COUNT(M41:O41)>0,SUM(M41:O41)/3*12,0) | U41: =IF($U$6="T9",IF(COUNT(D41:O41)>0,Q41,P41),IF($U$6="T6",IF(COUNT(D41:O41)>0,R41,P41),IF($U$6="T3",IF(COUNT(D41:O41)>0,S41,P41),P41)))+T41 | V41: =IFERROR($U41/'Summary & Assumptions'!$C$11,0) | Y41: =IF($W41="",$U41,$W41) | Z41: =CHOOSE($AA$4,N(AB41),N(AD41),N(AF41),N(AH41),N(AJ41)) | AB41: =Y41 | AC41: =IFERROR(AB41/'Summary & Assumptions'!$C$11,0) | AD41: 0 | AE41: =IFERROR(AD41/'Summary & Assumptions'!$C$11,0) | AG41: =IFERROR(AF41/'Summary & Assumptions'!$C$11,0) | AI41: =IFERROR(AH41/'Summary & Assumptions'!$C$11,0) | AK41: =IFERROR(AJ41/'Summary & Assumptions'!$C$11,0)
B42: Utilities - Gas | D42: =IFERROR(SUMPRODUCT((LEFT('OG T12'!$B$7:$B$226,LEN($B42))=$B42)*'OG T12'!$D$7:$P$226*(MONTH('OG T12'!$D$5:$P$5)=MONTH(D$6))*(YEAR('OG T12'!$D$5:$P$5)=YEAR(D$6))),0) | E42: =IFERROR(SUMPRODUCT((LEFT('OG T12'!$B$7:$B$226,LEN($B42))=$B42)*'OG T12'!$D$7:$P$226*(MONTH('OG T12'!$D$5:$P$5)=MONTH(E$6))*(YEAR('OG T12'!$D$5:$P$5)=YEAR(E$6))),0) | F42: =IFERROR(SUMPRODUCT((LEFT('OG T12'!$B$7:$B$226,LEN($B42))=$B42)*'OG T12'!$D$7:$P$226*(MONTH('OG T12'!$D$5:$P$5)=MONTH(F$6))*(YEAR('OG T12'!$D$5:$P$5)=YEAR(F$6))),0) | G42: =IFERROR(SUMPRODUCT((LEFT('OG T12'!$B$7:$B$226,LEN($B42))=$B42)*'OG T12'!$D$7:$P$226*(MONTH('OG T12'!$D$5:$P$5)=MONTH(G$6))*(YEAR('OG T12'!$D$5:$P$5)=YEAR(G$6))),0) | H42: =IFERROR(SUMPRODUCT((LEFT('OG T12'!$B$7:$B$226,LEN($B42))=$B42)*'OG T12'!$D$7:$P$226*(MONTH('OG T12'!$D$5:$P$5)=MONTH(H$6))*(YEAR('OG T12'!$D$5:$P$5)=YEAR(H$6))),0) | I42: =IFERROR(SUMPRODUCT((LEFT('OG T12'!$B$7:$B$226,LEN($B42))=$B42)*'OG T12'!$D$7:$P$226*(MONTH('OG T12'!$D$5:$P$5)=MONTH(I$6))*(YEAR('OG T12'!$D$5:$P$5)=YEAR(I$6))),0) | J42: =IFERROR(SUMPRODUCT((LEFT('OG T12'!$B$7:$B$226,LEN($B42))=$B42)*'OG T12'!$D$7:$P$226*(MONTH('OG T12'!$D$5:$P$5)=MONTH(J$6))*(YEAR('OG T12'!$D$5:$P$5)=YEAR(J$6))),0) | K42: =IFERROR(SUMPRODUCT((LEFT('OG T12'!$B$7:$B$226,LEN($B42))=$B42)*'OG T12'!$D$7:$P$226*(MONTH('OG T12'!$D$5:$P$5)=MONTH(K$6))*(YEAR('OG T12'!$D$5:$P$5)=YEAR(K$6))),0) | ... O42: =IFERROR(SUMPRODUCT((LEFT('OG T12'!$B$7:$B$226,LEN($B42))=$B42)*'OG T12'!$D$7:$P$226*(MONTH('OG T12'!$D$5:$P$5)=MONTH(O$6))*(YEAR('OG T12'!$D$5:$P$5)=YEAR(O$6))),0) | P42: =IF(SUMPRODUCT((LEFT('OG T12'!$B$7:$B$226,LEN($B42))=$B42)*ISNUMBER('OG T12'!$R$7:$R$226)*('OG T12'!$R$7:$R$226<>0))>0,SUMPRODUCT(--(LEFT('OG T12'!$B$7:$B$226,LEN($B42))=$B42),'OG T12'!$R$7:$R$226),IF(COUNT(D42:O42)>0,SUM(D42:O42),0)) | Q42: =IF(COUNT(G42:O42)>0,SUM(G42:O42)/9*12,0) | R42: =IF(COUNT(J42:O42)>0,SUM(J42:O42)/6*12,0) | S42: =IF(COUNT(M42:O42)>0,SUM(M42:O42)/3*12,0) | U42: =IF($U$6="T9",IF(COUNT(D42:O42)>0,Q42,P42),IF($U$6="T6",IF(COUNT(D42:O42)>0,R42,P42),IF($U$6="T3",IF(COUNT(D42:O42)>0,S42,P42),P42)))+T42 | V42: =IFERROR($U42/'Summary & Assumptions'!$C$11,0) | Y42: =IF($W42="",$U42,$W42) | Z42: =CHOOSE($AA$4,N(AB42),N(AD42),N(AF42),N(AH42),N(AJ42)) | AB42: =Y42 | AC42: =IFERROR(AB42/'Summary & Assumptions'!$C$11,0) | AD42: 0 | AE42: =IFERROR(AD42/'Summary & Assumptions'!$C$11,0) | AG42: =IFERROR(AF42/'Summary & Assumptions'!$C$11,0) | AI42: =IFERROR(AH42/'Summary & Assumptions'!$C$11,0) | AK42: =IFERROR(AJ42/'Summary & Assumptions'!$C$11,0)
B43: Utilities - Trash | D43: =IFERROR(SUMPRODUCT((LEFT('OG T12'!$B$7:$B$226,LEN($B43))=$B43)*'OG T12'!$D$7:$P$226*(MONTH('OG T12'!$D$5:$P$5)=MONTH(D$6))*(YEAR('OG T12'!$D$5:$P$5)=YEAR(D$6))),0) | E43: =IFERROR(SUMPRODUCT((LEFT('OG T12'!$B$7:$B$226,LEN($B43))=$B43)*'OG T12'!$D$7:$P$226*(MONTH('OG T12'!$D$5:$P$5)=MONTH(E$6))*(YEAR('OG T12'!$D$5:$P$5)=YEAR(E$6))),0) | F43: =IFERROR(SUMPRODUCT((LEFT('OG T12'!$B$7:$B$226,LEN($B43))=$B43)*'OG T12'!$D$7:$P$226*(MONTH('OG T12'!$D$5:$P$5)=MONTH(F$6))*(YEAR('OG T12'!$D$5:$P$5)=YEAR(F$6))),0) | G43: =IFERROR(SUMPRODUCT((LEFT('OG T12'!$B$7:$B$226,LEN($B43))=$B43)*'OG T12'!$D$7:$P$226*(MONTH('OG T12'!$D$5:$P$5)=MONTH(G$6))*(YEAR('OG T12'!$D$5:$P$5)=YEAR(G$6))),0) | H43: =IFERROR(SUMPRODUCT((LEFT('OG T12'!$B$7:$B$226,LEN($B43))=$B43)*'OG T12'!$D$7:$P$226*(MONTH('OG T12'!$D$5:$P$5)=MONTH(H$6))*(YEAR('OG T12'!$D$5:$P$5)=YEAR(H$6))),0) | I43: =IFERROR(SUMPRODUCT((LEFT('OG T12'!$B$7:$B$226,LEN($B43))=$B43)*'OG T12'!$D$7:$P$226*(MONTH('OG T12'!$D$5:$P$5)=MONTH(I$6))*(YEAR('OG T12'!$D$5:$P$5)=YEAR(I$6))),0) | J43: =IFERROR(SUMPRODUCT((LEFT('OG T12'!$B$7:$B$226,LEN($B43))=$B43)*'OG T12'!$D$7:$P$226*(MONTH('OG T12'!$D$5:$P$5)=MONTH(J$6))*(YEAR('OG T12'!$D$5:$P$5)=YEAR(J$6))),0) | K43: =IFERROR(SUMPRODUCT((LEFT('OG T12'!$B$7:$B$226,LEN($B43))=$B43)*'OG T12'!$D$7:$P$226*(MONTH('OG T12'!$D$5:$P$5)=MONTH(K$6))*(YEAR('OG T12'!$D$5:$P$5)=YEAR(K$6))),0) | ... O43: =IFERROR(SUMPRODUCT((LEFT('OG T12'!$B$7:$B$226,LEN($B43))=$B43)*'OG T12'!$D$7:$P$226*(MONTH('OG T12'!$D$5:$P$5)=MONTH(O$6))*(YEAR('OG T12'!$D$5:$P$5)=YEAR(O$6))),0) | P43: =IF(SUMPRODUCT((LEFT('OG T12'!$B$7:$B$226,LEN($B43))=$B43)*ISNUMBER('OG T12'!$R$7:$R$226)*('OG T12'!$R$7:$R$226<>0))>0,SUMPRODUCT(--(LEFT('OG T12'!$B$7:$B$226,LEN($B43))=$B43),'OG T12'!$R$7:$R$226),IF(COUNT(D43:O43)>0,SUM(D43:O43),0)) | Q43: =IF(COUNT(G43:O43)>0,SUM(G43:O43)/9*12,0) | R43: =IF(COUNT(J43:O43)>0,SUM(J43:O43)/6*12,0) | S43: =IF(COUNT(M43:O43)>0,SUM(M43:O43)/3*12,0) | U43: =IF($U$6="T9",IF(COUNT(D43:O43)>0,Q43,P43),IF($U$6="T6",IF(COUNT(D43:O43)>0,R43,P43),IF($U$6="T3",IF(COUNT(D43:O43)>0,S43,P43),P43)))+T43 | V43: =IFERROR($U43/'Summary & Assumptions'!$C$11,0) | Y43: =IF($W43="",$U43,$W43) | Z43: =CHOOSE($AA$4,N(AB43),N(AD43),N(AF43),N(AH43),N(AJ43)) | AB43: =Y43 | AC43: =IFERROR(AB43/'Summary & Assumptions'!$C$11,0) | AD43: 0 | AE43: =IFERROR(AD43/'Summary & Assumptions'!$C$11,0) | AG43: =IFERROR(AF43/'Summary & Assumptions'!$C$11,0) | AI43: =IFERROR(AH43/'Summary & Assumptions'!$C$11,0) | AK43: =IFERROR(AJ43/'Summary & Assumptions'!$C$11,0)
B44: Marketing/Advertising | D44: =IFERROR(SUMPRODUCT((LEFT('OG T12'!$B$7:$B$226,LEN($B44))=$B44)*'OG T12'!$D$7:$P$226*(MONTH('OG T12'!$D$5:$P$5)=MONTH(D$6))*(YEAR('OG T12'!$D$5:$P$5)=YEAR(D$6))),0) | E44: =IFERROR(SUMPRODUCT((LEFT('OG T12'!$B$7:$B$226,LEN($B44))=$B44)*'OG T12'!$D$7:$P$226*(MONTH('OG T12'!$D$5:$P$5)=MONTH(E$6))*(YEAR('OG T12'!$D$5:$P$5)=YEAR(E$6))),0) | F44: =IFERROR(SUMPRODUCT((LEFT('OG T12'!$B$7:$B$226,LEN($B44))=$B44)*'OG T12'!$D$7:$P$226*(MONTH('OG T12'!$D$5:$P$5)=MONTH(F$6))*(YEAR('OG T12'!$D$5:$P$5)=YEAR(F$6))),0) | G44: =IFERROR(SUMPRODUCT((LEFT('OG T12'!$B$7:$B$226,LEN($B44))=$B44)*'OG T12'!$D$7:$P$226*(MONTH('OG T12'!$D$5:$P$5)=MONTH(G$6))*(YEAR('OG T12'!$D$5:$P$5)=YEAR(G$6))),0) | H44: =IFERROR(SUMPRODUCT((LEFT('OG T12'!$B$7:$B$226,LEN($B44))=$B44)*'OG T12'!$D$7:$P$226*(MONTH('OG T12'!$D$5:$P$5)=MONTH(H$6))*(YEAR('OG T12'!$D$5:$P$5)=YEAR(H$6))),0) | I44: =IFERROR(SUMPRODUCT((LEFT('OG T12'!$B$7:$B$226,LEN($B44))=$B44)*'OG T12'!$D$7:$P$226*(MONTH('OG T12'!$D$5:$P$5)=MONTH(I$6))*(YEAR('OG T12'!$D$5:$P$5)=YEAR(I$6))),0) | J44: =IFERROR(SUMPRODUCT((LEFT('OG T12'!$B$7:$B$226,LEN($B44))=$B44)*'OG T12'!$D$7:$P$226*(MONTH('OG T12'!$D$5:$P$5)=MONTH(J$6))*(YEAR('OG T12'!$D$5:$P$5)=YEAR(J$6))),0) | K44: =IFERROR(SUMPRODUCT((LEFT('OG T12'!$B$7:$B$226,LEN($B44))=$B44)*'OG T12'!$D$7:$P$226*(MONTH('OG T12'!$D$5:$P$5)=MONTH(K$6))*(YEAR('OG T12'!$D$5:$P$5)=YEAR(K$6))),0) | ... O44: =IFERROR(SUMPRODUCT((LEFT('OG T12'!$B$7:$B$226,LEN($B44))=$B44)*'OG T12'!$D$7:$P$226*(MONTH('OG T12'!$D$5:$P$5)=MONTH(O$6))*(YEAR('OG T12'!$D$5:$P$5)=YEAR(O$6))),0) | P44: =IF(SUMPRODUCT((LEFT('OG T12'!$B$7:$B$226,LEN($B44))=$B44)*ISNUMBER('OG T12'!$R$7:$R$226)*('OG T12'!$R$7:$R$226<>0))>0,SUMPRODUCT(--(LEFT('OG T12'!$B$7:$B$226,LEN($B44))=$B44),'OG T12'!$R$7:$R$226),IF(COUNT(D44:O44)>0,SUM(D44:O44),0)) | Q44: =IF(COUNT(G44:O44)>0,SUM(G44:O44)/9*12,0) | R44: =IF(COUNT(J44:O44)>0,SUM(J44:O44)/6*12,0) | S44: =IF(COUNT(M44:O44)>0,SUM(M44:O44)/3*12,0) | U44: =IF($U$6="T9",IF(COUNT(D44:O44)>0,Q44,P44),IF($U$6="T6",IF(COUNT(D44:O44)>0,R44,P44),IF($U$6="T3",IF(COUNT(D44:O44)>0,S44,P44),P44)))+T44 | V44: =IFERROR($U44/'Summary & Assumptions'!$C$11,0) | Y44: =IF($W44="",$U44,IF($X44="Total $",$W44,IF($X44="/ unit",$W44*'Summary & Assumptions'!$C$11,IF($X44="% of EGR",$W44*'P&L'!$U$28,IF($X44="/ SF",$W44*'Summary & Assumptions'!$C$16,IF($X44="% of historicals",$W44*$U44,IF($X44="$ / occ. unit",$W44*'Summary & Assumptions'!$C$15,$W44))))))) | Z44: =CHOOSE($AA$4,N(AB44),N(AD44),N(AF44),N(AH44),N(AJ44)) | AB44: =IF(SUMIFS($W$51:$W$65,$X$51:$X$65,$B44)>0,SUMIFS($W$51:$W$65,$X$51:$X$65,$B44),Y44) | AC44: =IFERROR(AB44/'Summary & Assumptions'!$C$11,0) | AD44: 0 | AE44: =IFERROR(AD44/'Summary & Assumptions'!$C$11,0) | AG44: =IFERROR(AF44/'Summary & Assumptions'!$C$11,0) | AI44: =IFERROR(AH44/'Summary & Assumptions'!$C$11,0) | AK44: =IFERROR(AJ44/'Summary & Assumptions'!$C$11,0)
B45: Administrative | D45: =IFERROR(SUMPRODUCT((LEFT('OG T12'!$B$7:$B$226,LEN($B45))=$B45)*'OG T12'!$D$7:$P$226*(MONTH('OG T12'!$D$5:$P$5)=MONTH(D$6))*(YEAR('OG T12'!$D$5:$P$5)=YEAR(D$6))),0) | E45: =IFERROR(SUMPRODUCT((LEFT('OG T12'!$B$7:$B$226,LEN($B45))=$B45)*'OG T12'!$D$7:$P$226*(MONTH('OG T12'!$D$5:$P$5)=MONTH(E$6))*(YEAR('OG T12'!$D$5:$P$5)=YEAR(E$6))),0) | F45: =IFERROR(SUMPRODUCT((LEFT('OG T12'!$B$7:$B$226,LEN($B45))=$B45)*'OG T12'!$D$7:$P$226*(MONTH('OG T12'!$D$5:$P$5)=MONTH(F$6))*(YEAR('OG T12'!$D$5:$P$5)=YEAR(F$6))),0) | G45: =IFERROR(SUMPRODUCT((LEFT('OG T12'!$B$7:$B$226,LEN($B45))=$B45)*'OG T12'!$D$7:$P$226*(MONTH('OG T12'!$D$5:$P$5)=MONTH(G$6))*(YEAR('OG T12'!$D$5:$P$5)=YEAR(G$6))),0) | H45: =IFERROR(SUMPRODUCT((LEFT('OG T12'!$B$7:$B$226,LEN($B45))=$B45)*'OG T12'!$D$7:$P$226*(MONTH('OG T12'!$D$5:$P$5)=MONTH(H$6))*(YEAR('OG T12'!$D$5:$P$5)=YEAR(H$6))),0) | I45: =IFERROR(SUMPRODUCT((LEFT('OG T12'!$B$7:$B$226,LEN($B45))=$B45)*'OG T12'!$D$7:$P$226*(MONTH('OG T12'!$D$5:$P$5)=MONTH(I$6))*(YEAR('OG T12'!$D$5:$P$5)=YEAR(I$6))),0) | J45: =IFERROR(SUMPRODUCT((LEFT('OG T12'!$B$7:$B$226,LEN($B45))=$B45)*'OG T12'!$D$7:$P$226*(MONTH('OG T12'!$D$5:$P$5)=MONTH(J$6))*(YEAR('OG T12'!$D$5:$P$5)=YEAR(J$6))),0) | K45: =IFERROR(SUMPRODUCT((LEFT('OG T12'!$B$7:$B$226,LEN($B45))=$B45)*'OG T12'!$D$7:$P$226*(MONTH('OG T12'!$D$5:$P$5)=MONTH(K$6))*(YEAR('OG T12'!$D$5:$P$5)=YEAR(K$6))),0) | ... O45: =IFERROR(SUMPRODUCT((LEFT('OG T12'!$B$7:$B$226,LEN($B45))=$B45)*'OG T12'!$D$7:$P$226*(MONTH('OG T12'!$D$5:$P$5)=MONTH(O$6))*(YEAR('OG T12'!$D$5:$P$5)=YEAR(O$6))),0) | P45: =IF(SUMPRODUCT((LEFT('OG T12'!$B$7:$B$226,LEN($B45))=$B45)*ISNUMBER('OG T12'!$R$7:$R$226)*('OG T12'!$R$7:$R$226<>0))>0,SUMPRODUCT(--(LEFT('OG T12'!$B$7:$B$226,LEN($B45))=$B45),'OG T12'!$R$7:$R$226),IF(COUNT(D45:O45)>0,SUM(D45:O45),0)) | Q45: =IF(COUNT(G45:O45)>0,SUM(G45:O45)/9*12,0) | R45: =IF(COUNT(J45:O45)>0,SUM(J45:O45)/6*12,0) | S45: =IF(COUNT(M45:O45)>0,SUM(M45:O45)/3*12,0) | U45: =IF($U$6="T9",IF(COUNT(D45:O45)>0,Q45,P45),IF($U$6="T6",IF(COUNT(D45:O45)>0,R45,P45),IF($U$6="T3",IF(COUNT(D45:O45)>0,S45,P45),P45)))+T45 | V45: =IFERROR($U45/'Summary & Assumptions'!$C$11,0) | Y45: =IF($W45="",$U45,IF($X45="Total $",$W45,IF($X45="/ unit",$W45*'Summary & Assumptions'!$C$11,IF($X45="% of EGR",$W45*'P&L'!$U$28,IF($X45="/ SF",$W45*'Summary & Assumptions'!$C$16,IF($X45="% of historicals",$W45*$U45,IF($X45="$ / occ. unit",$W45*'Summary & Assumptions'!$C$15,$W45))))))) | Z45: =CHOOSE($AA$4,N(AB45),N(AD45),N(AF45),N(AH45),N(AJ45)) | AB45: =IF(SUMIFS($W$51:$W$65,$X$51:$X$65,$B45)>0,SUMIFS($W$51:$W$65,$X$51:$X$65,$B45),Y45) | AC45: =IFERROR(AB45/'Summary & Assumptions'!$C$11,0) | AD45: 0 | AE45: =IFERROR(AD45/'Summary & Assumptions'!$C$11,0) | AG45: =IFERROR(AF45/'Summary & Assumptions'!$C$11,0) | AI45: =IFERROR(AH45/'Summary & Assumptions'!$C$11,0) | AK45: =IFERROR(AJ45/'Summary & Assumptions'!$C$11,0)
B46: Property Management | D46: =IFERROR(SUMPRODUCT((LEFT('OG T12'!$B$7:$B$226,LEN($B46))=$B46)*'OG T12'!$D$7:$P$226*(MONTH('OG T12'!$D$5:$P$5)=MONTH(D$6))*(YEAR('OG T12'!$D$5:$P$5)=YEAR(D$6))),0) | E46: =IFERROR(SUMPRODUCT((LEFT('OG T12'!$B$7:$B$226,LEN($B46))=$B46)*'OG T12'!$D$7:$P$226*(MONTH('OG T12'!$D$5:$P$5)=MONTH(E$6))*(YEAR('OG T12'!$D$5:$P$5)=YEAR(E$6))),0) | F46: =IFERROR(SUMPRODUCT((LEFT('OG T12'!$B$7:$B$226,LEN($B46))=$B46)*'OG T12'!$D$7:$P$226*(MONTH('OG T12'!$D$5:$P$5)=MONTH(F$6))*(YEAR('OG T12'!$D$5:$P$5)=YEAR(F$6))),0) | G46: =IFERROR(SUMPRODUCT((LEFT('OG T12'!$B$7:$B$226,LEN($B46))=$B46)*'OG T12'!$D$7:$P$226*(MONTH('OG T12'!$D$5:$P$5)=MONTH(G$6))*(YEAR('OG T12'!$D$5:$P$5)=YEAR(G$6))),0) | H46: =IFERROR(SUMPRODUCT((LEFT('OG T12'!$B$7:$B$226,LEN($B46))=$B46)*'OG T12'!$D$7:$P$226*(MONTH('OG T12'!$D$5:$P$5)=MONTH(H$6))*(YEAR('OG T12'!$D$5:$P$5)=YEAR(H$6))),0) | I46: =IFERROR(SUMPRODUCT((LEFT('OG T12'!$B$7:$B$226,LEN($B46))=$B46)*'OG T12'!$D$7:$P$226*(MONTH('OG T12'!$D$5:$P$5)=MONTH(I$6))*(YEAR('OG T12'!$D$5:$P$5)=YEAR(I$6))),0) | J46: =IFERROR(SUMPRODUCT((LEFT('OG T12'!$B$7:$B$226,LEN($B46))=$B46)*'OG T12'!$D$7:$P$226*(MONTH('OG T12'!$D$5:$P$5)=MONTH(J$6))*(YEAR('OG T12'!$D$5:$P$5)=YEAR(J$6))),0) | K46: =IFERROR(SUMPRODUCT((LEFT('OG T12'!$B$7:$B$226,LEN($B46))=$B46)*'OG T12'!$D$7:$P$226*(MONTH('OG T12'!$D$5:$P$5)=MONTH(K$6))*(YEAR('OG T12'!$D$5:$P$5)=YEAR(K$6))),0) | ... O46: =IFERROR(SUMPRODUCT((LEFT('OG T12'!$B$7:$B$226,LEN($B46))=$B46)*'OG T12'!$D$7:$P$226*(MONTH('OG T12'!$D$5:$P$5)=MONTH(O$6))*(YEAR('OG T12'!$D$5:$P$5)=YEAR(O$6))),0) | P46: =IF(SUMPRODUCT((LEFT('OG T12'!$B$7:$B$226,LEN($B46))=$B46)*ISNUMBER('OG T12'!$R$7:$R$226)*('OG T12'!$R$7:$R$226<>0))>0,SUMPRODUCT(--(LEFT('OG T12'!$B$7:$B$226,LEN($B46))=$B46),'OG T12'!$R$7:$R$226),IF(COUNT(D46:O46)>0,SUM(D46:O46),0)) | Q46: =IF(COUNT(G46:O46)>0,SUM(G46:O46)/9*12,0) | R46: =IF(COUNT(J46:O46)>0,SUM(J46:O46)/6*12,0) | S46: =IF(COUNT(M46:O46)>0,SUM(M46:O46)/3*12,0) | U46: =IF($U$6="T9",IF(COUNT(D46:O46)>0,Q46,P46),IF($U$6="T6",IF(COUNT(D46:O46)>0,R46,P46),IF($U$6="T3",IF(COUNT(D46:O46)>0,S46,P46),P46)))+T46 | V46: =IFERROR($U46/'Summary & Assumptions'!$C$11,0) | Y46: =IF($W46="",$U46,IF($X46="Total $",$W46,IF($X46="/ unit",$W46*'Summary & Assumptions'!$C$11,IF($X46="% of EGR",$W46*'P&L'!$U$28,IF($X46="/ SF",$W46*'Summary & Assumptions'!$C$16,IF($X46="% of historicals",$W46*$U46,IF($X46="$ / occ. unit",$W46*'Summary & Assumptions'!$C$15,$W46))))))) | Z46: =CHOOSE($AA$4,N(AB46),N(AD46),N(AF46),N(AH46),N(AJ46)) | AB46: =IF(SUMIFS($W$51:$W$65,$X$51:$X$65,$B46)>0,SUMIFS($W$51:$W$65,$X$51:$X$65,$B46),Y46) | AC46: =IFERROR(AB46/'Summary & Assumptions'!$C$11,0) | AD46: 0 | AE46: =IFERROR(AD46/'Summary & Assumptions'!$C$11,0) | AG46: =IFERROR(AF46/'Summary & Assumptions'!$C$11,0) | AI46: =IFERROR(AH46/'Summary & Assumptions'!$C$11,0) | AK46: =IFERROR(AJ46/'Summary & Assumptions'!$C$11,0)
B47: Other / Unmapped | D47: =IFERROR(SUMPRODUCT((LEFT('OG T12'!$B$7:$B$226,LEN($B47))=$B47)*'OG T12'!$D$7:$P$226*(MONTH('OG T12'!$D$5:$P$5)=MONTH(D$6))*(YEAR('OG T12'!$D$5:$P$5)=YEAR(D$6))),0) | E47: =IFERROR(SUMPRODUCT((LEFT('OG T12'!$B$7:$B$226,LEN($B47))=$B47)*'OG T12'!$D$7:$P$226*(MONTH('OG T12'!$D$5:$P$5)=MONTH(E$6))*(YEAR('OG T12'!$D$5:$P$5)=YEAR(E$6))),0) | F47: =IFERROR(SUMPRODUCT((LEFT('OG T12'!$B$7:$B$226,LEN($B47))=$B47)*'OG T12'!$D$7:$P$226*(MONTH('OG T12'!$D$5:$P$5)=MONTH(F$6))*(YEAR('OG T12'!$D$5:$P$5)=YEAR(F$6))),0) | G47: =IFERROR(SUMPRODUCT((LEFT('OG T12'!$B$7:$B$226,LEN($B47))=$B47)*'OG T12'!$D$7:$P$226*(MONTH('OG T12'!$D$5:$P$5)=MONTH(G$6))*(YEAR('OG T12'!$D$5:$P$5)=YEAR(G$6))),0) | H47: =IFERROR(SUMPRODUCT((LEFT('OG T12'!$B$7:$B$226,LEN($B47))=$B47)*'OG T12'!$D$7:$P$226*(MONTH('OG T12'!$D$5:$P$5)=MONTH(H$6))*(YEAR('OG T12'!$D$5:$P$5)=YEAR(H$6))),0) | I47: =IFERROR(SUMPRODUCT((LEFT('OG T12'!$B$7:$B$226,LEN($B47))=$B47)*'OG T12'!$D$7:$P$226*(MONTH('OG T12'!$D$5:$P$5)=MONTH(I$6))*(YEAR('OG T12'!$D$5:$P$5)=YEAR(I$6))),0) | J47: =IFERROR(SUMPRODUCT((LEFT('OG T12'!$B$7:$B$226,LEN($B47))=$B47)*'OG T12'!$D$7:$P$226*(MONTH('OG T12'!$D$5:$P$5)=MONTH(J$6))*(YEAR('OG T12'!$D$5:$P$5)=YEAR(J$6))),0) | K47: =IFERROR(SUMPRODUCT((LEFT('OG T12'!$B$7:$B$226,LEN($B47))=$B47)*'OG T12'!$D$7:$P$226*(MONTH('OG T12'!$D$5:$P$5)=MONTH(K$6))*(YEAR('OG T12'!$D$5:$P$5)=YEAR(K$6))),0) | ... O47: =IFERROR(SUMPRODUCT((LEFT('OG T12'!$B$7:$B$226,LEN($B47))=$B47)*'OG T12'!$D$7:$P$226*(MONTH('OG T12'!$D$5:$P$5)=MONTH(O$6))*(YEAR('OG T12'!$D$5:$P$5)=YEAR(O$6))),0) | P47: =IF(SUMPRODUCT((LEFT('OG T12'!$B$7:$B$226,LEN($B47))=$B47)*ISNUMBER('OG T12'!$R$7:$R$226)*('OG T12'!$R$7:$R$226<>0))>0,SUMPRODUCT(--(LEFT('OG T12'!$B$7:$B$226,LEN($B47))=$B47),'OG T12'!$R$7:$R$226),IF(COUNT(D47:O47)>0,SUM(D47:O47),0)) | Q47: =IF(COUNT(G47:O47)>0,SUM(G47:O47)/9*12,0) | R47: =IF(COUNT(J47:O47)>0,SUM(J47:O47)/6*12,0) | S47: =IF(COUNT(M47:O47)>0,SUM(M47:O47)/3*12,0) | U47: =IF($U$6="T9",IF(COUNT(D47:O47)>0,Q47,P47),IF($U$6="T6",IF(COUNT(D47:O47)>0,R47,P47),IF($U$6="T3",IF(COUNT(D47:O47)>0,S47,P47),P47)))+T47 | V47: =IFERROR($U47/'Summary & Assumptions'!$C$11,0) | Y47: =IF($W47="",$U47,IF($X47="Total $",$W47,IF($X47="/ unit",$W47*'Summary & Assumptions'!$C$11,IF($X47="% of EGR",$W47*'P&L'!$U$28,IF($X47="/ SF",$W47*'Summary & Assumptions'!$C$16,IF($X47="% of historicals",$W47*$U47,IF($X47="$ / occ. unit",$W47*'Summary & Assumptions'!$C$15,$W47))))))) | Z47: =CHOOSE($AA$4,N(AB47),N(AD47),N(AF47),N(AH47),N(AJ47)) | AB47: =IF(SUMIFS($W$51:$W$65,$X$51:$X$65,$B47)>0,SUMIFS($W$51:$W$65,$X$51:$X$65,$B47),Y47) | AC47: =IFERROR(AB47/'Summary & Assumptions'!$C$11,0) | AD47: 0 | AE47: =IFERROR(AD47/'Summary & Assumptions'!$C$11,0) | AG47: =IFERROR(AF47/'Summary & Assumptions'!$C$11,0) | AI47: =IFERROR(AH47/'Summary & Assumptions'!$C$11,0) | AK47: =IFERROR(AJ47/'Summary & Assumptions'!$C$11,0)
B49: Expense Detail (optional — overrides mapped lines)
B50: Description | W50: Annual $ | X50: Maps To
B67: Total Expenses | U67: =U31+U32+U33+U34+U38+U44+U45+U46+U47 | V67: =IFERROR($U67/'Summary & Assumptions'!$C$11,0) | Z67: =CHOOSE($AA$4,N(AB67),N(AD67),N(AF67),N(AH67),N(AJ67)) | AB67: =AB31+AB32+AB33+AB34+AB38+AB44+AB45+AB46+AB47 | AC67: =IFERROR(AB67/'Summary & Assumptions'!$C$11,0) | AD67: ='Preferences'!$C$38*AD28 | AE67: =IFERROR(AD67/'Summary & Assumptions'!$C$11,0) | AF67: =AF31+AF32+AF33+AF34+AF38+AF44+AF45+AF46+AF47 | AG67: =IFERROR(AF67/'Summary & Assumptions'!$C$11,0) | AH67: =AH31+AH32+AH33+AH34+AH38+AH44+AH45+AH46+AH47 | AI67: =IFERROR(AH67/'Summary & Assumptions'!$C$11,0) | AJ67: =AJ31+AJ32+AJ33+AJ34+AJ38+AJ44+AJ45+AJ46+AJ47 | AK67: =IFERROR(AJ67/'Summary & Assumptions'!$C$11,0)
B69: Net Operating Income | U69: =U28-U67 | V69: =IFERROR($U69/'Summary & Assumptions'!$C$11,0) | Z69: =CHOOSE($AA$4,N(AB69),N(AD69),N(AF69),N(AH69),N(AJ69)) | AB69: =AB28-AB67 | AC69: =IFERROR(AB69/'Summary & Assumptions'!$C$11,0) | AD69: =AD28-AD67 | AE69: =IFERROR(AD69/'Summary & Assumptions'!$C$11,0) | AF69: =AF28-AF67 | AG69: =IFERROR(AF69/'Summary & Assumptions'!$C$11,0) | AH69: =AH28-AH67 | AI69: =IFERROR(AH69/'Summary & Assumptions'!$C$11,0) | AJ69: =AJ28-AJ67 | AK69: =IFERROR(AJ69/'Summary & Assumptions'!$C$11,0)

Sheet UnitMix
D1: =IF('Summary & Assumptions'!$C$6="",IFERROR(LEFT('Summary & Assumptions'!$C$7,FIND(",",'Summary & Assumptions'!$C$7)-1),'Summary & Assumptions'!$C$7),'Summary & Assumptions'!$C$6)&", "&'Summary & Assumptions'!$C$8&", "&'Summary & Assumptions'!$C$9&" - "&'Summary & Assumptions'!$C$11&" Units - Built in "&'Summary & Assumptions'!$C$12
B2: Unit Mix | D2: View Dashboard on Slung
B3: Floor plans feed rent, embedded loss-to-lease and renovation. Growth curves live on the CashFlow tab, above the annual view. | J3: Tied to Rent Roll | L3: No
B4: Unit Mix
B5: Floor Plan | C5: Beds | D5: Baths | E5: Avg SF | F5: Units | G5: Vacant | H5: In-Place Rent /mo | I5: Mkt Rent /mo | J5: LTL /mo | K5: Rent $/SF | L5: GPR Annual (in-place)
G6: =IF(AND('UnitMix'!$L$3="Yes",$B6<>""),COUNTIFS('Rent Roll'!$C$6:$C$405,$B6,'Rent Roll'!$G$6:$G$405,"Vacant"),0) | J6: =IF(AND(F6>0,H6>0,I6>0),I6-H6,"") | K6: =IF(E6>0,H6/E6,"") | L6: =IF(F6>0,H6*F6*12,0)
G7: =IF(AND('UnitMix'!$L$3="Yes",$B7<>""),COUNTIFS('Rent Roll'!$C$6:$C$405,$B7,'Rent Roll'!$G$6:$G$405,"Vacant"),0) | J7: =IF(AND(F7>0,H7>0,I7>0),I7-H7,"") | K7: =IF(E7>0,H7/E7,"") | L7: =IF(F7>0,H7*F7*12,0)
G8: =IF(AND('UnitMix'!$L$3="Yes",$B8<>""),COUNTIFS('Rent Roll'!$C$6:$C$405,$B8,'Rent Roll'!$G$6:$G$405,"Vacant"),0) | J8: =IF(AND(F8>0,H8>0,I8>0),I8-H8,"") | K8: =IF(E8>0,H8/E8,"") | L8: =IF(F8>0,H8*F8*12,0)
G9: =IF(AND('UnitMix'!$L$3="Yes",$B9<>""),COUNTIFS('Rent Roll'!$C$6:$C$405,$B9,'Rent Roll'!$G$6:$G$405,"Vacant"),0) | J9: =IF(AND(F9>0,H9>0,I9>0),I9-H9,"") | K9: =IF(E9>0,H9/E9,"") | L9: =IF(F9>0,H9*F9*12,0)
G10: =IF(AND('UnitMix'!$L$3="Yes",$B10<>""),COUNTIFS('Rent Roll'!$C$6:$C$405,$B10,'Rent Roll'!$G$6:$G$405,"Vacant"),0) | J10: =IF(AND(F10>0,H10>0,I10>0),I10-H10,"") | K10: =IF(E10>0,H10/E10,"") | L10: =IF(F10>0,H10*F10*12,0)
G11: =IF(AND('UnitMix'!$L$3="Yes",$B11<>""),COUNTIFS('Rent Roll'!$C$6:$C$405,$B11,'Rent Roll'!$G$6:$G$405,"Vacant"),0) | J11: =IF(AND(F11>0,H11>0,I11>0),I11-H11,"") | K11: =IF(E11>0,H11/E11,"") | L11: =IF(F11>0,H11*F11*12,0)
G12: =IF(AND('UnitMix'!$L$3="Yes",$B12<>""),COUNTIFS('Rent Roll'!$C$6:$C$405,$B12,'Rent Roll'!$G$6:$G$405,"Vacant"),0) | J12: =IF(AND(F12>0,H12>0,I12>0),I12-H12,"") | K12: =IF(E12>0,H12/E12,"") | L12: =IF(F12>0,H12*F12*12,0)
G13: =IF(AND('UnitMix'!$L$3="Yes",$B13<>""),COUNTIFS('Rent Roll'!$C$6:$C$405,$B13,'Rent Roll'!$G$6:$G$405,"Vacant"),0) | J13: =IF(AND(F13>0,H13>0,I13>0),I13-H13,"") | K13: =IF(E13>0,H13/E13,"") | L13: =IF(F13>0,H13*F13*12,0)
G14: =IF(AND('UnitMix'!$L$3="Yes",$B14<>""),COUNTIFS('Rent Roll'!$C$6:$C$405,$B14,'Rent Roll'!$G$6:$G$405,"Vacant"),0) | J14: =IF(AND(F14>0,H14>0,I14>0),I14-H14,"") | K14: =IF(E14>0,H14/E14,"") | L14: =IF(F14>0,H14*F14*12,0)
G15: =IF(AND('UnitMix'!$L$3="Yes",$B15<>""),COUNTIFS('Rent Roll'!$C$6:$C$405,$B15,'Rent Roll'!$G$6:$G$405,"Vacant"),0) | J15: =IF(AND(F15>0,H15>0,I15>0),I15-H15,"") | K15: =IF(E15>0,H15/E15,"") | L15: =IF(F15>0,H15*F15*12,0)
G16: =IF(AND('UnitMix'!$L$3="Yes",$B16<>""),COUNTIFS('Rent Roll'!$C$6:$C$405,$B16,'Rent Roll'!$G$6:$G$405,"Vacant"),0) | J16: =IF(AND(F16>0,H16>0,I16>0),I16-H16,"") | K16: =IF(E16>0,H16/E16,"") | L16: =IF(F16>0,H16*F16*12,0)
G17: =IF(AND('UnitMix'!$L$3="Yes",$B17<>""),COUNTIFS('Rent Roll'!$C$6:$C$405,$B17,'Rent Roll'!$G$6:$G$405,"Vacant"),0) | J17: =IF(AND(F17>0,H17>0,I17>0),I17-H17,"") | K17: =IF(E17>0,H17/E17,"") | L17: =IF(F17>0,H17*F17*12,0)
... G30: =IF(AND('UnitMix'!$L$3="Yes",$B30<>""),COUNTIFS('Rent Roll'!$C$6:$C$405,$B30,'Rent Roll'!$G$6:$G$405,"Vacant"),0) | J30: =IF(AND(F30>0,H30>0,I30>0),I30-H30,"") | K30: =IF(E30>0,H30/E30,"") | L30: =IF(F30>0,H30*F30*12,0)
B31: Total / Wtd Avg | E31: =IFERROR(SUMPRODUCT(E6:E30,F6:F30)/F31,0) | F31: =SUM(F6:F30) | G31: =SUM(G6:G30) | H31: =IFERROR(SUMPRODUCT(H6:H30,F6:F30)/F31,0) | I31: =IFERROR(SUMPRODUCT(I6:I30,F6:F30)/F31,0) | J31: =SUMPRODUCT((F6:F30>0)*(H6:H30>0)*(I6:I30>0)*(F6:F30>G6:G30*(G6:G30>0))*(I6:I30-H6:H30),F6:F30-G6:G30*(G6:G30>0)) | L31: =SUM(L6:L30)
B33: Tie-out vs Assumptions units: | D33: =IF('Summary & Assumptions'!$C$11=F31,"OK","MISMATCH: "&'Summary & Assumptions'!$C$11-F31)

Sheet Renovation
D1: =IF('Summary & Assumptions'!$C$6="",IFERROR(LEFT('Summary & Assumptions'!$C$7,FIND(",",'Summary & Assumptions'!$C$7)-1),'Summary & Assumptions'!$C$7),'Summary & Assumptions'!$C$6)&", "&'Summary & Assumptions'!$C$8&", "&'Summary & Assumptions'!$C$9&" - "&'Summary & Assumptions'!$C$11&" Units - Built in "&'Summary & Assumptions'!$C$12
B2: Renovation Program | D2: View Dashboard on Slung
B3: Velocity, downtime and premiums flow into the monthly engine. Debt funding set per loan on Assumptions (Reno Draw Facility).
B4: Unit Renovation Scopes
B5: Scope / Floor Plan | C5: Units | D5: Reno Units | E5: Cost / Unit | F5: Total Cost | G5: Start Year | H5: End Year | I5: Units / Year | J5: Downtime (days) | K5: Cost of Downtime | L5: Premium $/mo (over classic) | M5: Downtime $ / Year | N5: Annual Premium (stab.) | O5: Simple ROI | Q5: Notes | S5: Start Yr (blank=9999) | T5: End Yr (blank=0)
C6: =IF($B6="",0,IFERROR(VLOOKUP($B6,UnitMix!$B$6:$F$30,5,FALSE),SUMIFS(UnitMix!$F$6:$F$30,UnitMix!$C$6:$C$30,IFERROR(VALUE(LEFT($B6,1)),-1)))) | D6: =C6 | F6: =IF(D6>0,D6*E6,0) | I6: =IFERROR($D6/MAX(1,$H6-$G6+1),0) | K6: =IFERROR($D6*($J6/30)*VLOOKUP($B6,UnitMix!$B$6:$J$30,7,FALSE),0) | M6: =IFERROR($K6/MAX(1,$H6-$G6+1),0) | N6: =D6*L6*12 | O6: =IFERROR(N6/F6,"") | P6: =IF(COUNTIF(UnitMix!$C$6:$C$30,0)>0,"0 Bed","") | R6: =IFERROR(L6/'UnitMix'!$I$31,"") | S6: =IF($D6>0,$G6,9999) | T6: =IF($D6>0,$H6,0)
C7: =IF($B7="",0,IFERROR(VLOOKUP($B7,UnitMix!$B$6:$F$30,5,FALSE),SUMIFS(UnitMix!$F$6:$F$30,UnitMix!$C$6:$C$30,IFERROR(VALUE(LEFT($B7,1)),-1)))) | D7: =C7 | F7: =IF(D7>0,D7*E7,0) | I7: =IFERROR($D7/MAX(1,$H7-$G7+1),0) | K7: =IFERROR($D7*($J7/30)*VLOOKUP($B7,UnitMix!$B$6:$J$30,7,FALSE),0) | M7: =IFERROR($K7/MAX(1,$H7-$G7+1),0) | N7: =D7*L7*12 | O7: =IFERROR(N7/F7,"") | P7: =IF(COUNTIF(UnitMix!$C$6:$C$30,1)>0,"1 Bed","") | R7: =IFERROR(L7/'UnitMix'!$I$31,"") | S7: =IF($D7>0,$G7,9999) | T7: =IF($D7>0,$H7,0)
C8: =IF($B8="",0,IFERROR(VLOOKUP($B8,UnitMix!$B$6:$F$30,5,FALSE),SUMIFS(UnitMix!$F$6:$F$30,UnitMix!$C$6:$C$30,IFERROR(VALUE(LEFT($B8,1)),-1)))) | D8: =C8 | F8: =IF(D8>0,D8*E8,0) | I8: =IFERROR($D8/MAX(1,$H8-$G8+1),0) | K8: =IFERROR($D8*($J8/30)*VLOOKUP($B8,UnitMix!$B$6:$J$30,7,FALSE),0) | M8: =IFERROR($K8/MAX(1,$H8-$G8+1),0) | N8: =D8*L8*12 | O8: =IFERROR(N8/F8,"") | P8: =IF(COUNTIF(UnitMix!$C$6:$C$30,2)>0,"2 Bed","") | R8: =IFERROR(L8/'UnitMix'!$I$31,"") | S8: =IF($D8>0,$G8,9999) | T8: =IF($D8>0,$H8,0)
C9: =IF($B9="",0,IFERROR(VLOOKUP($B9,UnitMix!$B$6:$F$30,5,FALSE),SUMIFS(UnitMix!$F$6:$F$30,UnitMix!$C$6:$C$30,IFERROR(VALUE(LEFT($B9,1)),-1)))) | D9: =C9 | F9: =IF(D9>0,D9*E9,0) | I9: =IFERROR($D9/MAX(1,$H9-$G9+1),0) | K9: =IFERROR($D9*($J9/30)*VLOOKUP($B9,UnitMix!$B$6:$J$30,7,FALSE),0) | M9: =IFERROR($K9/MAX(1,$H9-$G9+1),0) | N9: =D9*L9*12 | O9: =IFERROR(N9/F9,"") | P9: =IF(COUNTIF(UnitMix!$C$6:$C$30,3)>0,"3 Bed","") | R9: =IFERROR(L9/'UnitMix'!$I$31,"") | S9: =IF($D9>0,$G9,9999) | T9: =IF($D9>0,$H9,0)
C10: =IF($B10="",0,IFERROR(VLOOKUP($B10,UnitMix!$B$6:$F$30,5,FALSE),SUMIFS(UnitMix!$F$6:$F$30,UnitMix!$C$6:$C$30,IFERROR(VALUE(LEFT($B10,1)),-1)))) | D10: =C10 | F10: =IF(D10>0,D10*E10,0) | I10: =IFERROR($D10/MAX(1,$H10-$G10+1),0) | K10: =IFERROR($D10*($J10/30)*VLOOKUP($B10,UnitMix!$B$6:$J$30,7,FALSE),0) | M10: =IFERROR($K10/MAX(1,$H10-$G10+1),0) | N10: =D10*L10*12 | O10: =IFERROR(N10/F10,"") | P10: =IF(COUNTIF(UnitMix!$C$6:$C$30,4)>0,"4 Bed","") | R10: =IFERROR(L10/'UnitMix'!$I$31,"") | S10: =IF($D10>0,$G10,9999) | T10: =IF($D10>0,$H10,0)
C11: =IF($B11="",0,IFERROR(VLOOKUP($B11,UnitMix!$B$6:$F$30,5,FALSE),SUMIFS(UnitMix!$F$6:$F$30,UnitMix!$C$6:$C$30,IFERROR(VALUE(LEFT($B11,1)),-1)))) | D11: =C11 | F11: =IF(D11>0,D11*E11,0) | I11: =IFERROR($D11/MAX(1,$H11-$G11+1),0) | K11: =IFERROR($D11*($J11/30)*VLOOKUP($B11,UnitMix!$B$6:$J$30,7,FALSE),0) | M11: =IFERROR($K11/MAX(1,$H11-$G11+1),0) | N11: =D11*L11*12 | O11: =IFERROR(N11/F11,"") | P11: =IF(UnitMix!$B$6="","",UnitMix!$B$6) | R11: =IFERROR(L11/'UnitMix'!$I$31,"") | S11: =IF($D11>0,$G11,9999) | T11: =IF($D11>0,$H11,0)
C12: =IF($B12="",0,IFERROR(VLOOKUP($B12,UnitMix!$B$6:$F$30,5,FALSE),SUMIFS(UnitMix!$F$6:$F$30,UnitMix!$C$6:$C$30,IFERROR(VALUE(LEFT($B12,1)),-1)))) | D12: =C12 | F12: =IF(D12>0,D12*E12,0) | I12: =IFERROR($D12/MAX(1,$H12-$G12+1),0) | K12: =IFERROR($D12*($J12/30)*VLOOKUP($B12,UnitMix!$B$6:$J$30,7,FALSE),0) | M12: =IFERROR($K12/MAX(1,$H12-$G12+1),0) | N12: =D12*L12*12 | O12: =IFERROR(N12/F12,"") | P12: =IF(UnitMix!$B$7="","",UnitMix!$B$7) | R12: =IFERROR(L12/'UnitMix'!$I$31,"") | S12: =IF($D12>0,$G12,9999) | T12: =IF($D12>0,$H12,0)
C13: =IF($B13="",0,IFERROR(VLOOKUP($B13,UnitMix!$B$6:$F$30,5,FALSE),SUMIFS(UnitMix!$F$6:$F$30,UnitMix!$C$6:$C$30,IFERROR(VALUE(LEFT($B13,1)),-1)))) | D13: =C13 | F13: =IF(D13>0,D13*E13,0) | I13: =IFERROR($D13/MAX(1,$H13-$G13+1),0) | K13: =IFERROR($D13*($J13/30)*VLOOKUP($B13,UnitMix!$B$6:$J$30,7,FALSE),0) | M13: =IFERROR($K13/MAX(1,$H13-$G13+1),0) | N13: =D13*L13*12 | O13: =IFERROR(N13/F13,"") | P13: =IF(UnitMix!$B$8="","",UnitMix!$B$8) | R13: =IFERROR(L13/'UnitMix'!$I$31,"") | S13: =IF($D13>0,$G13,9999) | T13: =IF($D13>0,$H13,0)
C14: =IF($B14="",0,IFERROR(VLOOKUP($B14,UnitMix!$B$6:$F$30,5,FALSE),SUMIFS(UnitMix!$F$6:$F$30,UnitMix!$C$6:$C$30,IFERROR(VALUE(LEFT($B14,1)),-1)))) | D14: =C14 | F14: =IF(D14>0,D14*E14,0) | I14: =IFERROR($D14/MAX(1,$H14-$G14+1),0) | K14: =IFERROR($D14*($J14/30)*VLOOKUP($B14,UnitMix!$B$6:$J$30,7,FALSE),0) | M14: =IFERROR($K14/MAX(1,$H14-$G14+1),0) | N14: =D14*L14*12 | O14: =IFERROR(N14/F14,"") | P14: =IF(UnitMix!$B$9="","",UnitMix!$B$9) | R14: =IFERROR(L14/'UnitMix'!$I$31,"") | S14: =IF($D14>0,$G14,9999) | T14: =IF($D14>0,$H14,0)
C15: =IF($B15="",0,IFERROR(VLOOKUP($B15,UnitMix!$B$6:$F$30,5,FALSE),SUMIFS(UnitMix!$F$6:$F$30,UnitMix!$C$6:$C$30,IFERROR(VALUE(LEFT($B15,1)),-1)))) | D15: =C15 | F15: =IF(D15>0,D15*E15,0) | I15: =IFERROR($D15/MAX(1,$H15-$G15+1),0) | K15: =IFERROR($D15*($J15/30)*VLOOKUP($B15,UnitMix!$B$6:$J$30,7,FALSE),0) | M15: =IFERROR($K15/MAX(1,$H15-$G15+1),0) | N15: =D15*L15*12 | O15: =IFERROR(N15/F15,"") | P15: =IF(UnitMix!$B$10="","",UnitMix!$B$10) | R15: =IFERROR(L15/'UnitMix'!$I$31,"") | S15: =IF($D15>0,$G15,9999) | T15: =IF($D15>0,$H15,0)
B16: Total Renovation Program | C16: =SUM(C6:C15) | D16: =SUM(D6:D15)-SUMIF(E6:E15,0,D6:D15)-SUMIF(E6:E15,"",D6:D15) | F16: =SUM(F6:F15) | K16: =SUM(K6:K15) | N16: =SUM(N6:N15) | O16: =IFERROR(N16/F16,"") | P16: =IF(UnitMix!$B$11="","",UnitMix!$B$11)
P17: =IF(UnitMix!$B$12="","",UnitMix!$B$12)
B18: Property-Wide Capital Projects | P18: =IF(UnitMix!$B$13="","",UnitMix!$B$13)
B19: Description | C19: Total Cost | D19: Start Month | E19: End Month | F19: $ / Month | G19: Rent-Growth Bump? | H19: Premium /unit/mo | P19: =IF(UnitMix!$B$14="","",UnitMix!$B$14)
F20: =IF(AND(C20>0,E20>=D20),C20/(E20-D20+1),0) | P20: =IF(UnitMix!$B$15="","",UnitMix!$B$15) | S20: =IF($C20>0,MAX(1,INT(($D20+11)/12)),9999) | T20: =IF($C20>0,MAX(1,INT(($E20+11)/12)),0)
F21: =IF(AND(C21>0,E21>=D21),C21/(E21-D21+1),0) | P21: =IF(UnitMix!$B$16="","",UnitMix!$B$16) | S21: =IF($C21>0,MAX(1,INT(($D21+11)/12)),9999) | T21: =IF($C21>0,MAX(1,INT(($E21+11)/12)),0)
F22: =IF(AND(C22>0,E22>=D22),C22/(E22-D22+1),0) | P22: =IF(UnitMix!$B$17="","",UnitMix!$B$17) | S22: =IF($C22>0,MAX(1,INT(($D22+11)/12)),9999) | T22: =IF($C22>0,MAX(1,INT(($E22+11)/12)),0)
F23: =IF(AND(C23>0,E23>=D23),C23/(E23-D23+1),0) | P23: =IF(UnitMix!$B$18="","",UnitMix!$B$18) | S23: =IF($C23>0,MAX(1,INT(($D23+11)/12)),9999) | T23: =IF($C23>0,MAX(1,INT(($E23+11)/12)),0)
F24: =IF(AND(C24>0,E24>=D24),C24/(E24-D24+1),0) | P24: =IF(UnitMix!$B$19="","",UnitMix!$B$19) | S24: =IF($C24>0,MAX(1,INT(($D24+11)/12)),9999) | T24: =IF($C24>0,MAX(1,INT(($E24+11)/12)),0)
F25: =IF(AND(C25>0,E25>=D25),C25/(E25-D25+1),0) | P25: =IF(UnitMix!$B$20="","",UnitMix!$B$20) | S25: =IF($C25>0,MAX(1,INT(($D25+11)/12)),9999) | T25: =IF($C25>0,MAX(1,INT(($E25+11)/12)),0)
F26: =IF(AND(C26>0,E26>=D26),C26/(E26-D26+1),0) | P26: =IF(UnitMix!$B$21="","",UnitMix!$B$21) | S26: =IF($C26>0,MAX(1,INT(($D26+11)/12)),9999) | T26: =IF($C26>0,MAX(1,INT(($E26+11)/12)),0)
F27: =IF(AND(C27>0,E27>=D27),C27/(E27-D27+1),0) | P27: =IF(UnitMix!$B$22="","",UnitMix!$B$22) | S27: =IF($C27>0,MAX(1,INT(($D27+11)/12)),9999) | T27: =IF($C27>0,MAX(1,INT(($E27+11)/12)),0)
B28: Total Property-Wide | C28: =SUM(C20:C27) | P28: =IF(UnitMix!$B$23="","",UnitMix!$B$23)
P29: =IF(UnitMix!$B$24="","",UnitMix!$B$24)
B30: Funding | P30: =IF(UnitMix!$B$25="","",UnitMix!$B$25)
B31: Total Capital Budget | D31: ='Renovation'!$F$16+'Renovation'!$C$28 | P31: =IF(UnitMix!$B$26="","",UnitMix!$B$26)
B32: Funded by Debt (Reno Line of Credit $) | D32: 0 | P32: =IF(UnitMix!$B$27="","",UnitMix!$B$27)
B33: Reno LOC Interest Rate | D33: 0.075 | P33: =IF(UnitMix!$B$28="","",UnitMix!$B$28)
B34: Total Funded by Debt (LOC + loan facilities) | D34: =MIN('Renovation'!$D$31,MIN('Renovation'!$D$32,'Renovation'!$D$31)+'Investor Waterfall'!$C$24+'Investor Waterfall'!$D$24+'Investor Waterfall'!$F$24+'Investor Waterfall'!$G$24+'Investor Waterfall'!$H$24) | P34: =IF(UnitMix!$B$29="","",UnitMix!$B$29)
B35: Funded by Equity | D35: ='Renovation'!$D$31-'Renovation'!$D$34 | P35: =IF(UnitMix!$B$30="","",UnitMix!$B$30)
B36: Renovation Simple ROI (stabilized premium / cost) | D36: =IFERROR($N$16/$F$16,0)
B37: Renovation Status at Acquisition
B38: Units Planned This Program | D38: ='Renovation'!$D$16
B39: Units Remaining Unrenovated | D39: =MAX(0,'UnitMix'!$F$31-'Renovation'!$D$16)
B44: Program Summary (annual — feeds CashFlow)
B45: Program Start Year | D45: =MAX(1,MIN(MIN($S$6:$S$15),MIN($S$20:$S$27)))
B46: Program End Year | D46: =MAX(1,MAX(MAX($T$6:$T$15),MAX($T$20:$T$27)))
B47: Years in Program | D47: =MAX(1,$D$46-$D$45+1)
B48: Capex per Year | D48: =('Renovation'!$F$16+'Renovation'!$C$28)/$D$47
B49: Downtime Cost per Year | D49: =$K$16/$D$47
B50: Stabilized Annual Premium | D50: =$N$16

Sheet Debt
D1: =IF('Summary & Assumptions'!$C$6="",IFERROR(LEFT('Summary & Assumptions'!$C$7,FIND(",",'Summary & Assumptions'!$C$7)-1),'Summary & Assumptions'!$C$7),'Summary & Assumptions'!$C$6)&", "&'Summary & Assumptions'!$C$8&", "&'Summary & Assumptions'!$C$9&" - "&'Summary & Assumptions'!$C$11&" Units - Built in "&'Summary & Assumptions'!$C$12
B2: Debt | D2: View Dashboard on Slung
B3: Annual schedule. Amounts come from the Sizing Method on Summary.
B4: Loan Terms (resolved)
B5: Loan | C5: Include | D5: Amount | E5: Rate Type | F5: Rate (Yr 1) | G5: Debt Service /yr | H5: IO (yrs) | I5: Amort (yrs) | J5: Start Yr | K5: Payoff Yr
B6: Senior | C6: ='Summary & Assumptions'!$C$31 | D6: ='Summary & Assumptions'!$C$34 | E6: ='Summary & Assumptions'!$C$39 | F6: ='Summary & Assumptions'!$C$40 | G6: =F40 | H6: ='Summary & Assumptions'!$C$47 | I6: ='Summary & Assumptions'!$C$48 | J6: ='Summary & Assumptions'!$C$37 | K6: ='Summary & Assumptions'!$C$23 | V6: =IFERROR(IF('Summary & Assumptions'!$C$47>=1,'Summary & Assumptions'!$C$40,-PMT('Summary & Assumptions'!$C$40/12,'Summary & Assumptions'!$C$48*12,1)*12),0)
B7: Mezz | C7: ='Summary & Assumptions'!$D$31 | D7: ='Summary & Assumptions'!$D$34 | E7: ='Summary & Assumptions'!$D$39 | F7: ='Summary & Assumptions'!$D$40 | G7: =F41 | H7: ='Summary & Assumptions'!$D$47 | I7: ='Summary & Assumptions'!$D$48 | J7: ='Summary & Assumptions'!$D$37 | K7: ='Summary & Assumptions'!$C$23 | V7: =IFERROR(IF('Summary & Assumptions'!$D$47>=1,'Summary & Assumptions'!$D$40,-PMT('Summary & Assumptions'!$D$40/12,'Summary & Assumptions'!$D$48*12,1)*12),0)
B8: Refi | C8: ='Summary & Assumptions'!$E$31 | D8: ='Summary & Assumptions'!$E$34 | E8: ='Summary & Assumptions'!$E$39 | F8: ='Summary & Assumptions'!$E$40 | G8: =F42 | H8: ='Summary & Assumptions'!$E$47 | I8: ='Summary & Assumptions'!$E$48 | J8: ='Summary & Assumptions'!$E$37 | K8: ='Summary & Assumptions'!$C$23 | V8: =IFERROR(IF('Summary & Assumptions'!$E$47>=1,'Summary & Assumptions'!$E$40,-PMT('Summary & Assumptions'!$E$40/12,'Summary & Assumptions'!$E$48*12,1)*12),0)
B9: Assumed Loan | C9: ='Summary & Assumptions'!$F$31 | D9: ='Summary & Assumptions'!$F$34 | E9: ='Summary & Assumptions'!$F$39 | F9: ='Summary & Assumptions'!$F$40 | G9: =F43 | H9: ='Summary & Assumptions'!$F$47 | I9: ='Summary & Assumptions'!$F$48 | J9: ='Summary & Assumptions'!$F$37 | K9: ='Summary & Assumptions'!$C$23 | V9: =IFERROR(IF('Summary & Assumptions'!$F$47>=1,'Summary & Assumptions'!$F$40,-PMT('Summary & Assumptions'!$F$40/12,'Summary & Assumptions'!$F$48*12,1)*12),0)
B10: Custom 1 | C10: ='Summary & Assumptions'!$G$31 | D10: ='Summary & Assumptions'!$G$34 | E10: ='Summary & Assumptions'!$G$39 | F10: ='Summary & Assumptions'!$G$40 | G10: =F44 | H10: ='Summary & Assumptions'!$G$47 | I10: ='Summary & Assumptions'!$G$48 | J10: ='Summary & Assumptions'!$G$37 | K10: ='Summary & Assumptions'!$C$23 | V10: =IFERROR(IF('Summary & Assumptions'!$G$47>=1,'Summary & Assumptions'!$G$40,-PMT('Summary & Assumptions'!$G$40/12,'Summary & Assumptions'!$G$48*12,1)*12),0)
B11: Custom 2 | C11: ='Summary & Assumptions'!$H$31 | D11: ='Summary & Assumptions'!$H$34 | E11: ='Summary & Assumptions'!$H$39 | F11: ='Summary & Assumptions'!$H$40 | G11: =F45 | H11: ='Summary & Assumptions'!$H$47 | I11: ='Summary & Assumptions'!$H$48 | J11: ='Summary & Assumptions'!$H$37 | K11: ='Summary & Assumptions'!$C$23 | V11: =IFERROR(IF('Summary & Assumptions'!$H$47>=1,'Summary & Assumptions'!$H$40,-PMT('Summary & Assumptions'!$H$40/12,'Summary & Assumptions'!$H$48*12,1)*12),0)
B12: Reno Line of Credit | C12: =IF('Renovation'!$D$32>0,"Yes","No") | D12: 0 | E12: 0 | F12: 0 | G12: 0 | H12: 0 | I12: 0 | J12: 0 | K12: 0 | V12: 0
B13: Annual Debt Schedule (all loans)
F14: =IF(1>'Summary & Assumptions'!$C$23,"","Year 1") | G14: =IF(2>'Summary & Assumptions'!$C$23,"","Year 2") | H14: =IF(3>'Summary & Assumptions'!$C$23,"","Year 3") | I14: =IF(4>'Summary & Assumptions'!$C$23,"","Year 4") | J14: =IF(5>'Summary & Assumptions'!$C$23,"","Year 5") | K14: =IF(6>'Summary & Assumptions'!$C$23,"","Year 6") | L14: =IF(7>'Summary & Assumptions'!$C$23,"","Year 7") | M14: =IF(8>'Summary & Assumptions'!$C$23,"","Year 8") | N14: =IF(9>'Summary & Assumptions'!$C$23,"","Year 9") | O14: =IF(10>'Summary & Assumptions'!$C$23,"","Year 10") | P14: =IF(11>'Summary & Assumptions'!$C$23,"","Year 11") | Q14: =IF(12>'Summary & Assumptions'!$C$23,"","Year 12") | R14: =IF(13>'Summary & Assumptions'!$C$23,"","Year 13") | S14: =IF(14>'Summary & Assumptions'!$C$23,"","Year 14") | T14: =IF(15>'Summary & Assumptions'!$C$23,"","Year 15")
B15: Draws | F15: =SUM(F16:F22) | G15: =SUM(G16:G22) | H15: =SUM(H16:H22) | I15: =SUM(I16:I22) | J15: =SUM(J16:J22) | K15: =SUM(K16:K22) | L15: =SUM(L16:L22) | M15: =SUM(M16:M22) | ... T15: =SUM(T16:T22)
B16: Senior | F16: =IF(AND(1=1,'Summary & Assumptions'!$C$31="Yes"),'Summary & Assumptions'!$C$34,0) | G16: =IF(AND(2=1,'Summary & Assumptions'!$C$31="Yes"),'Summary & Assumptions'!$C$34,0) | H16: =IF(AND(3=1,'Summary & Assumptions'!$C$31="Yes"),'Summary & Assumptions'!$C$34,0) | I16: =IF(AND(4=1,'Summary & Assumptions'!$C$31="Yes"),'Summary & Assumptions'!$C$34,0) | J16: =IF(AND(5=1,'Summary & Assumptions'!$C$31="Yes"),'Summary & Assumptions'!$C$34,0) | K16: =IF(AND(6=1,'Summary & Assumptions'!$C$31="Yes"),'Summary & Assumptions'!$C$34,0) | L16: =IF(AND(7=1,'Summary & Assumptions'!$C$31="Yes"),'Summary & Assumptions'!$C$34,0) | M16: =IF(AND(8=1,'Summary & Assumptions'!$C$31="Yes"),'Summary & Assumptions'!$C$34,0) | N16: =IF(AND(9=1,'Summary & Assumptions'!$C$31="Yes"),'Summary & Assumptions'!$C$34,0) | O16: =IF(AND(10=1,'Summary & Assumptions'!$C$31="Yes"),'Summary & Assumptions'!$C$34,0) | P16: =IF(AND(11=1,'Summary & Assumptions'!$C$31="Yes"),'Summary & Assumptions'!$C$34,0) | Q16: =IF(AND(12=1,'Summary & Assumptions'!$C$31="Yes"),'Summary & Assumptions'!$C$34,0) | R16: =IF(AND(13=1,'Summary & Assumptions'!$C$31="Yes"),'Summary & Assumptions'!$C$34,0) | S16: =IF(AND(14=1,'Summary & Assumptions'!$C$31="Yes"),'Summary & Assumptions'!$C$34,0) | T16: =IF(AND(15=1,'Summary & Assumptions'!$C$31="Yes"),'Summary & Assumptions'!$C$34,0)
B17: Mezz | F17: =IF(AND(1=1,'Summary & Assumptions'!$D$31="Yes"),'Summary & Assumptions'!$D$34,0) | G17: =IF(AND(2=1,'Summary & Assumptions'!$D$31="Yes"),'Summary & Assumptions'!$D$34,0) | H17: =IF(AND(3=1,'Summary & Assumptions'!$D$31="Yes"),'Summary & Assumptions'!$D$34,0) | I17: =IF(AND(4=1,'Summary & Assumptions'!$D$31="Yes"),'Summary & Assumptions'!$D$34,0) | J17: =IF(AND(5=1,'Summary & Assumptions'!$D$31="Yes"),'Summary & Assumptions'!$D$34,0) | K17: =IF(AND(6=1,'Summary & Assumptions'!$D$31="Yes"),'Summary & Assumptions'!$D$34,0) | L17: =IF(AND(7=1,'Summary & Assumptions'!$D$31="Yes"),'Summary & Assumptions'!$D$34,0) | M17: =IF(AND(8=1,'Summary & Assumptions'!$D$31="Yes"),'Summary & Assumptions'!$D$34,0) | N17: =IF(AND(9=1,'Summary & Assumptions'!$D$31="Yes"),'Summary & Assumptions'!$D$34,0) | O17: =IF(AND(10=1,'Summary & Assumptions'!$D$31="Yes"),'Summary & Assumptions'!$D$34,0) | P17: =IF(AND(11=1,'Summary & Assumptions'!$D$31="Yes"),'Summary & Assumptions'!$D$34,0) | Q17: =IF(AND(12=1,'Summary & Assumptions'!$D$31="Yes"),'Summary & Assumptions'!$D$34,0) | R17: =IF(AND(13=1,'Summary & Assumptions'!$D$31="Yes"),'Summary & Assumptions'!$D$34,0) | S17: =IF(AND(14=1,'Summary & Assumptions'!$D$31="Yes"),'Summary & Assumptions'!$D$34,0) | T17: =IF(AND(15=1,'Summary & Assumptions'!$D$31="Yes"),'Summary & Assumptions'!$D$34,0)
B18: Refi | F18: =IF(AND(1=1,'Summary & Assumptions'!$E$31="Yes"),'Summary & Assumptions'!$E$34,0) | G18: =IF(AND(2=1,'Summary & Assumptions'!$E$31="Yes"),'Summary & Assumptions'!$E$34,0) | H18: =IF(AND(3=1,'Summary & Assumptions'!$E$31="Yes"),'Summary & Assumptions'!$E$34,0) | I18: =IF(AND(4=1,'Summary & Assumptions'!$E$31="Yes"),'Summary & Assumptions'!$E$34,0) | J18: =IF(AND(5=1,'Summary & Assumptions'!$E$31="Yes"),'Summary & Assumptions'!$E$34,0) | K18: =IF(AND(6=1,'Summary & Assumptions'!$E$31="Yes"),'Summary & Assumptions'!$E$34,0) | L18: =IF(AND(7=1,'Summary & Assumptions'!$E$31="Yes"),'Summary & Assumptions'!$E$34,0) | M18: =IF(AND(8=1,'Summary & Assumptions'!$E$31="Yes"),'Summary & Assumptions'!$E$34,0) | N18: =IF(AND(9=1,'Summary & Assumptions'!$E$31="Yes"),'Summary & Assumptions'!$E$34,0) | O18: =IF(AND(10=1,'Summary & Assumptions'!$E$31="Yes"),'Summary & Assumptions'!$E$34,0) | P18: =IF(AND(11=1,'Summary & Assumptions'!$E$31="Yes"),'Summary & Assumptions'!$E$34,0) | Q18: =IF(AND(12=1,'Summary & Assumptions'!$E$31="Yes"),'Summary & Assumptions'!$E$34,0) | R18: =IF(AND(13=1,'Summary & Assumptions'!$E$31="Yes"),'Summary & Assumptions'!$E$34,0) | S18: =IF(AND(14=1,'Summary & Assumptions'!$E$31="Yes"),'Summary & Assumptions'!$E$34,0) | T18: =IF(AND(15=1,'Summary & Assumptions'!$E$31="Yes"),'Summary & Assumptions'!$E$34,0)
B19: Assumed Loan | F19: =IF(AND(1=1,'Summary & Assumptions'!$F$31="Yes"),'Summary & Assumptions'!$F$34,0) | G19: =IF(AND(2=1,'Summary & Assumptions'!$F$31="Yes"),'Summary & Assumptions'!$F$34,0) | H19: =IF(AND(3=1,'Summary & Assumptions'!$F$31="Yes"),'Summary & Assumptions'!$F$34,0) | I19: =IF(AND(4=1,'Summary & Assumptions'!$F$31="Yes"),'Summary & Assumptions'!$F$34,0) | J19: =IF(AND(5=1,'Summary & Assumptions'!$F$31="Yes"),'Summary & Assumptions'!$F$34,0) | K19: =IF(AND(6=1,'Summary & Assumptions'!$F$31="Yes"),'Summary & Assumptions'!$F$34,0) | L19: =IF(AND(7=1,'Summary & Assumptions'!$F$31="Yes"),'Summary & Assumptions'!$F$34,0) | M19: =IF(AND(8=1,'Summary & Assumptions'!$F$31="Yes"),'Summary & Assumptions'!$F$34,0) | N19: =IF(AND(9=1,'Summary & Assumptions'!$F$31="Yes"),'Summary & Assumptions'!$F$34,0) | O19: =IF(AND(10=1,'Summary & Assumptions'!$F$31="Yes"),'Summary & Assumptions'!$F$34,0) | P19: =IF(AND(11=1,'Summary & Assumptions'!$F$31="Yes"),'Summary & Assumptions'!$F$34,0) | Q19: =IF(AND(12=1,'Summary & Assumptions'!$F$31="Yes"),'Summary & Assumptions'!$F$34,0) | R19: =IF(AND(13=1,'Summary & Assumptions'!$F$31="Yes"),'Summary & Assumptions'!$F$34,0) | S19: =IF(AND(14=1,'Summary & Assumptions'!$F$31="Yes"),'Summary & Assumptions'!$F$34,0) | T19: =IF(AND(15=1,'Summary & Assumptions'!$F$31="Yes"),'Summary & Assumptions'!$F$34,0)
B20: Custom 1 | F20: =IF(AND(1=1,'Summary & Assumptions'!$G$31="Yes"),'Summary & Assumptions'!$G$34,0) | G20: =IF(AND(2=1,'Summary & Assumptions'!$G$31="Yes"),'Summary & Assumptions'!$G$34,0) | H20: =IF(AND(3=1,'Summary & Assumptions'!$G$31="Yes"),'Summary & Assumptions'!$G$34,0) | I20: =IF(AND(4=1,'Summary & Assumptions'!$G$31="Yes"),'Summary & Assumptions'!$G$34,0) | J20: =IF(AND(5=1,'Summary & Assumptions'!$G$31="Yes"),'Summary & Assumptions'!$G$34,0) | K20: =IF(AND(6=1,'Summary & Assumptions'!$G$31="Yes"),'Summary & Assumptions'!$G$34,0) | L20: =IF(AND(7=1,'Summary & Assumptions'!$G$31="Yes"),'Summary & Assumptions'!$G$34,0) | M20: =IF(AND(8=1,'Summary & Assumptions'!$G$31="Yes"),'Summary & Assumptions'!$G$34,0) | N20: =IF(AND(9=1,'Summary & Assumptions'!$G$31="Yes"),'Summary & Assumptions'!$G$34,0) | O20: =IF(AND(10=1,'Summary & Assumptions'!$G$31="Yes"),'Summary & Assumptions'!$G$34,0) | P20: =IF(AND(11=1,'Summary & Assumptions'!$G$31="Yes"),'Summary & Assumptions'!$G$34,0) | Q20: =IF(AND(12=1,'Summary & Assumptions'!$G$31="Yes"),'Summary & Assumptions'!$G$34,0) | R20: =IF(AND(13=1,'Summary & Assumptions'!$G$31="Yes"),'Summary & Assumptions'!$G$34,0) | S20: =IF(AND(14=1,'Summary & Assumptions'!$G$31="Yes"),'Summary & Assumptions'!$G$34,0) | T20: =IF(AND(15=1,'Summary & Assumptions'!$G$31="Yes"),'Summary & Assumptions'!$G$34,0)
B21: Custom 2 | F21: =IF(AND(1=1,'Summary & Assumptions'!$H$31="Yes"),'Summary & Assumptions'!$H$34,0) | G21: =IF(AND(2=1,'Summary & Assumptions'!$H$31="Yes"),'Summary & Assumptions'!$H$34,0) | H21: =IF(AND(3=1,'Summary & Assumptions'!$H$31="Yes"),'Summary & Assumptions'!$H$34,0) | I21: =IF(AND(4=1,'Summary & Assumptions'!$H$31="Yes"),'Summary & Assumptions'!$H$34,0) | J21: =IF(AND(5=1,'Summary & Assumptions'!$H$31="Yes"),'Summary & Assumptions'!$H$34,0) | K21: =IF(AND(6=1,'Summary & Assumptions'!$H$31="Yes"),'Summary & Assumptions'!$H$34,0) | L21: =IF(AND(7=1,'Summary & Assumptions'!$H$31="Yes"),'Summary & Assumptions'!$H$34,0) | M21: =IF(AND(8=1,'Summary & Assumptions'!$H$31="Yes"),'Summary & Assumptions'!$H$34,0) | N21: =IF(AND(9=1,'Summary & Assumptions'!$H$31="Yes"),'Summary & Assumptions'!$H$34,0) | O21: =IF(AND(10=1,'Summary & Assumptions'!$H$31="Yes"),'Summary & Assumptions'!$H$34,0) | P21: =IF(AND(11=1,'Summary & Assumptions'!$H$31="Yes"),'Summary & Assumptions'!$H$34,0) | Q21: =IF(AND(12=1,'Summary & Assumptions'!$H$31="Yes"),'Summary & Assumptions'!$H$34,0) | R21: =IF(AND(13=1,'Summary & Assumptions'!$H$31="Yes"),'Summary & Assumptions'!$H$34,0) | S21: =IF(AND(14=1,'Summary & Assumptions'!$H$31="Yes"),'Summary & Assumptions'!$H$34,0) | T21: =IF(AND(15=1,'Summary & Assumptions'!$H$31="Yes"),'Summary & Assumptions'!$H$34,0)
B22: Reno Line of Credit | F22: 0 | G22: 0 | H22: 0 | I22: 0 | J22: 0 | K22: 0 | L22: 0 | M22: 0 | N22: 0 | O22: 0 | P22: 0 | Q22: 0 | R22: 0 | S22: 0 | T22: 0
B23: Interest | F23: =SUM(F24:F30) | G23: =SUM(G24:G30) | H23: =SUM(H24:H30) | I23: =SUM(I24:I30) | J23: =SUM(J24:J30) | K23: =SUM(K24:K30) | L23: =SUM(L24:L30) | M23: =SUM(M24:M30) | ... T23: =SUM(T24:T30)
B24: Senior | F24: =IFERROR(IF(AND('Summary & Assumptions'!$C$31="Yes",1<='Summary & Assumptions'!$C$23,'Summary & Assumptions'!$C$34>0),IF(1<='Summary & Assumptions'!$C$47,'Summary & Assumptions'!$C$34*'Summary & Assumptions'!$C$40,IF('Summary & Assumptions'!$C$40=0,0,-CUMIPMT('Summary & Assumptions'!$C$40/12,'Summary & Assumptions'!$C$48*12,'Summary & Assumptions'!$C$34,MAX(1,(1-'Summary & Assumptions'!$C$47-1)*12+1),MIN((1-'Summary & Assumptions'!$C$47)*12,'Summary & Assumptions'!$C$48*12),0))),0),0) | G24: =IFERROR(IF(AND('Summary & Assumptions'!$C$31="Yes",2<='Summary & Assumptions'!$C$23,'Summary & Assumptions'!$C$34>0),IF(2<='Summary & Assumptions'!$C$47,'Summary & Assumptions'!$C$34*'Summary & Assumptions'!$C$40,IF('Summary & Assumptions'!$C$40=0,0,-CUMIPMT('Summary & Assumptions'!$C$40/12,'Summary & Assumptions'!$C$48*12,'Summary & Assumptions'!$C$34,MAX(1,(2-'Summary & Assumptions'!$C$47-1)*12+1),MIN((2-'Summary & Assumptions'!$C$47)*12,'Summary & Assumptions'!$C$48*12),0))),0),0) | H24: =IFERROR(IF(AND('Summary & Assumptions'!$C$31="Yes",3<='Summary & Assumptions'!$C$23,'Summary & Assumptions'!$C$34>0),IF(3<='Summary & Assumptions'!$C$47,'Summary & Assumptions'!$C$34*'Summary & Assumptions'!$C$40,IF('Summary & Assumptions'!$C$40=0,0,-CUMIPMT('Summary & Assumptions'!$C$40/12,'Summary & Assumptions'!$C$48*12,'Summary & Assumptions'!$C$34,MAX(1,(3-'Summary & Assumptions'!$C$47-1)*12+1),MIN((3-'Summary & Assumptions'!$C$47)*12,'Summary & Assumptions'!$C$48*12),0))),0),0) | I24: =IFERROR(IF(AND('Summary & Assumptions'!$C$31="Yes",4<='Summary & Assumptions'!$C$23,'Summary & Assumptions'!$C$34>0),IF(4<='Summary & Assumptions'!$C$47,'Summary & Assumptions'!$C$34*'Summary & Assumptions'!$C$40,IF('Summary & Assumptions'!$C$40=0,0,-CUMIPMT('Summary & Assumptions'!$C$40/12,'Summary & Assumptions'!$C$48*12,'Summary & Assumptions'!$C$34,MAX(1,(4-'Summary & Assumptions'!$C$47-1)*12+1),MIN((4-'Summary & Assumptions'!$C$47)*12,'Summary & Assumptions'!$C$48*12),0))),0),0) | J24: =IFERROR(IF(AND('Summary & Assumptions'!$C$31="Yes",5<='Summary & Assumptions'!$C$23,'Summary & Assumptions'!$C$34>0),IF(5<='Summary & Assumptions'!$C$47,'Summary & Assumptions'!$C$34*'Summary & Assumptions'!$C$40,IF('Summary & Assumptions'!$C$40=0,0,-CUMIPMT('Summary & Assumptions'!$C$40/12,'Summary & Assumptions'!$C$48*12,'Summary & Assumptions'!$C$34,MAX(1,(5-'Summary & Assumptions'!$C$47-1)*12+1),MIN((5-'Summary & Assumptions'!$C$47)*12,'Summary & Assumptions'!$C$48*12),0))),0),0) | K24: =IFERROR(IF(AND('Summary & Assumptions'!$C$31="Yes",6<='Summary & Assumptions'!$C$23,'Summary & Assumptions'!$C$34>0),IF(6<='Summary & Assumptions'!$C$47,'Summary & Assumptions'!$C$34*'Summary & Assumptions'!$C$40,IF('Summary & Assumptions'!$C$40=0,0,-CUMIPMT('Summary & Assumptions'!$C$40/12,'Summary & Assumptions'!$C$48*12,'Summary & Assumptions'!$C$34,MAX(1,(6-'Summary & Assumptions'!$C$47-1)*12+1),MIN((6-'Summary & Assumptions'!$C$47)*12,'Summary & Assumptions'!$C$48*12),0))),0),0) | L24: =IFERROR(IF(AND('Summary & Assumptions'!$C$31="Yes",7<='Summary & Assumptions'!$C$23,'Summary & Assumptions'!$C$34>0),IF(7<='Summary & Assumptions'!$C$47,'Summary & Assumptions'!$C$34*'Summary & Assumptions'!$C$40,IF('Summary & Assumptions'!$C$40=0,0,-CUMIPMT('Summary & Assumptions'!$C$40/12,'Summary & Assumptions'!$C$48*12,'Summary & Assumptions'!$C$34,MAX(1,(7-'Summary & Assumptions'!$C$47-1)*12+1),MIN((7-'Summary & Assumptions'!$C$47)*12,'Summary & Assumptions'!$C$48*12),0))),0),0) | M24: =IFERROR(IF(AND('Summary & Assumptions'!$C$31="Yes",8<='Summary & Assumptions'!$C$23,'Summary & Assumptions'!$C$34>0),IF(8<='Summary & Assumptions'!$C$47,'Summary & Assumptions'!$C$34*'Summary & Assumptions'!$C$40,IF('Summary & Assumptions'!$C$40=0,0,-CUMIPMT('Summary & Assumptions'!$C$40/12,'Summary & Assumptions'!$C$48*12,'Summary & Assumptions'!$C$34,MAX(1,(8-'Summary & Assumptions'!$C$47-1)*12+1),MIN((8-'Summary & Assumptions'!$C$47)*12,'Summary & Assumptions'!$C$48*12),0))),0),0) | N24: =IFERROR(IF(AND('Summary & Assumptions'!$C$31="Yes",9<='Summary & Assumptions'!$C$23,'Summary & Assumptions'!$C$34>0),IF(9<='Summary & Assumptions'!$C$47,'Summary & Assumptions'!$C$34*'Summary & Assumptions'!$C$40,IF('Summary & Assumptions'!$C$40=0,0,-CUMIPMT('Summary & Assumptions'!$C$40/12,'Summary & Assumptions'!$C$48*12,'Summary & Assumptions'!$C$34,MAX(1,(9-'Summary & Assumptions'!$C$47-1)*12+1),MIN((9-'Summary & Assumptions'!$C$47)*12,'Summary & Assumptions'!$C$48*12),0))),0),0) | O24: =IFERROR(IF(AND('Summary & Assumptions'!$C$31="Yes",10<='Summary & Assumptions'!$C$23,'Summary & Assumptions'!$C$34>0),IF(10<='Summary & Assumptions'!$C$47,'Summary & Assumptions'!$C$34*'Summary & Assumptions'!$C$40,IF('Summary & Assumptions'!$C$40=0,0,-CUMIPMT('Summary & Assumptions'!$C$40/12,'Summary & Assumptions'!$C$48*12,'Summary & Assumptions'!$C$34,MAX(1,(10-'Summary & Assumptions'!$C$47-1)*12+1),MIN((10-'Summary & Assumptions'!$C$47)*12,'Summary & Assumptions'!$C$48*12),0))),0),0) | P24: =IFERROR(IF(AND('Summary & Assumptions'!$C$31="Yes",11<='Summary & Assumptions'!$C$23,'Summary & Assumptions'!$C$34>0),IF(11<='Summary & Assumptions'!$C$47,'Summary & Assumptions'!$C$34*'Summary & Assumptions'!$C$40,IF('Summary & Assumptions'!$C$40=0,0,-CUMIPMT('Summary & Assumptions'!$C$40/12,'Summary & Assumptions'!$C$48*12,'Summary & Assumptions'!$C$34,MAX(1,(11-'Summary & Assumptions'!$C$47-1)*12+1),MIN((11-'Summary & Assumptions'!$C$47)*12,'Summary & Assumptions'!$C$48*12),0))),0),0) | Q24: =IFERROR(IF(AND('Summary & Assumptions'!$C$31="Yes",12<='Summary & Assumptions'!$C$23,'Summary & Assumptions'!$C$34>0),IF(12<='Summary & Assumptions'!$C$47,'Summary & Assumptions'!$C$34*'Summary & Assumptions'!$C$40,IF('Summary & Assumptions'!$C$40=0,0,-CUMIPMT('Summary & Assumptions'!$C$40/12,'Summary & Assumptions'!$C$48*12,'Summary & Assumptions'!$C$34,MAX(1,(12-'Summary & Assumptions'!$C$47-1)*12+1),MIN((12-'Summary & Assumptions'!$C$47)*12,'Summary & Assumptions'!$C$48*12),0))),0),0) | R24: =IFERROR(IF(AND('Summary & Assumptions'!$C$31="Yes",13<='Summary & Assumptions'!$C$23,'Summary & Assumptions'!$C$34>0),IF(13<='Summary & Assumptions'!$C$47,'Summary & Assumptions'!$C$34*'Summary & Assumptions'!$C$40,IF('Summary & Assumptions'!$C$40=0,0,-CUMIPMT('Summary & Assumptions'!$C$40/12,'Summary & Assumptions'!$C$48*12,'Summary & Assumptions'!$C$34,MAX(1,(13-'Summary & Assumptions'!$C$47-1)*12+1),MIN((13-'Summary & Assumptions'!$C$47)*12,'Summary & Assumptions'!$C$48*12),0))),0),0) | S24: =IFERROR(IF(AND('Summary & Assumptions'!$C$31="Yes",14<='Summary & Assumptions'!$C$23,'Summary & Assumptions'!$C$34>0),IF(14<='Summary & Assumptions'!$C$47,'Summary & Assumptions'!$C$34*'Summary & Assumptions'!$C$40,IF('Summary & Assumptions'!$C$40=0,0,-CUMIPMT('Summary & Assumptions'!$C$40/12,'Summary & Assumptions'!$C$48*12,'Summary & Assumptions'!$C$34,MAX(1,(14-'Summary & Assumptions'!$C$47-1)*12+1),MIN((14-'Summary & Assumptions'!$C$47)*12,'Summary & Assumptions'!$C$48*12),0))),0),0) | T24: =IFERROR(IF(AND('Summary & Assumptions'!$C$31="Yes",15<='Summary & Assumptions'!$C$23,'Summary & Assumptions'!$C$34>0),IF(15<='Summary & Assumptions'!$C$47,'Summary & Assumptions'!$C$34*'Summary & Assumptions'!$C$40,IF('Summary & Assumptions'!$C$40=0,0,-CUMIPMT('Summary & Assumptions'!$C$40/12,'Summary & Assumptions'!$C$48*12,'Summary & Assumptions'!$C$34,MAX(1,(15-'Summary & Assumptions'!$C$47-1)*12+1),MIN((15-'Summary & Assumptions'!$C$47)*12,'Summary & Assumptions'!$C$48*12),0))),0),0)
